Workbook
Name Clasi_Impacto: [1]Tablas!$A$5:$A$7
Name Impacto: [1]Tablas!$A$1:$A$2
Name Nuevo: [2]!Pro[Procesos]
Name Probabilidad: Proba[Descriptor]
Name Procesos: Pro[Procesos]
Name Riesgos: Tipo_Riesgo[Tipo de Riesgos]
Name Tip.Ctrl: [1]Tablas!$A$27:$A$29
Name Tipo: Tipo_Riesgo[Tipo de Riesgos]

Sheet Riesgos
A4: Número | B4: PROCESO | C4: RIESGO | D4: CAUSAS | E4: EFECTOS | F4: Tipo de Riesgo | G4: Estado | H4: Área | I4: Columna1
A5: 1 | B5: TODOS LOS PROCESOS | C5: Posibilidad de que un funcionario vaya mas allá de las funciones designadas con el fin de obtener un beneficio privado. | D5: Debido a que las funciones definidas para cada uno de los funcionarios no abarquen la totalidad de funciones del Área Debido a que no se cuente con la totalidad de procedimientos definidos Debido a que no se conocen las funciones de cada uno de los cargos | E5: Generación de Sanciones (penales, disciplinarias, morales) Pérdida de imagen reputacional | F5: Corrupción | G5: Vigente
A6: 2 | B6: TODOS LOS PROCESOS | C6: Eliminado - Reemplazado por Riesgo 56 | D6: Debido a la falta de definición de estándares metodológicos de identificación de procesos Como consecuencia del apoyo de la alta dirección Debido a la no disponibilidad de recursos para definición de estándares | E6: Los cuales llevarían a tener inexistencia o debilidad de canales de entrega y acceso a la información por parte de la ciudadanía o de los mismos servidores públicos de la entidad. | F6: Corrupción | G6: Eliminado
A7: 3 | B7: TODOS LOS PROCESOS | C7: Puede ocurrir intercambio extraoficial de favores, en el cual un individuo se beneficie a si mismo o a un tercero. Amiguismo y clientelismo. | D7: Debido al "contacto permanente" con depositarios, liquidadores y Mandatarios, contratistas, proveedores y arrendatarios Debido a una cultura interna de amiguismo Debido a las relaciones personales derivadas de las relaciones interinstitucionales | E7: Lo cual generaría una pérdida de imagen reputacional Lo cual generaría Sanciones a la entidad y sus funcionarios (penales, disciplinarias, morales) | F7: Corrupción | G7: Vigente
A8: 4 | B8: TODOS LOS PROCESOS | C8: Puede presentarse situaciones de orden moral y económico que le impidan a un funcionario actuar en forma objetiva e independiente, porque le sea particularmente conveniente. | D8: Debido a la falta de mecanismos de control en la identificación de posibles conflictos de interés y definición de políticas Debido a una cultura interna de amiguismo Debido a la inexistencia de política de atención psicosocial a los funcionarios de la entidad | E8: Lo cual generaría una pérdida de imagen reputacional Lo cual generaría Sanciones a la entidad y sus funcionarios (penales, disciplinarias, morales) | F8: Corrupción | G8: Vigente
A9: 5 | B9: TODOS LOS PROCESOS | C9: Puede ocurrir falta de apoyo en los procesos de control social realizados por los ciudadanos. | D9: Debido a la falta de conocimiento de la normatividad de control social Como consecuencia del desconocimiento de las funciones de la entidad | E9: Lo cual generaría una pérdida de imagen reputacional Lo cual generaría Sanciones a la entidad y sus funcionarios Lo cual ocasionaría demandas de la ciudadanía | F9: Operativo | G9: Vigente
A10: 6 | B10: TODOS LOS PROCESOS | C10: Posibilidad de recibir o solicitar cualquier dádiva o beneficio a nombre propio o de terceros con el fin de celebrar un contrato. | D10: Como consecuencias de la ineficacia de los controles definidos Debido a que no se cuente con lineamientos claros, en términos de conflictos de interés Falta de difusión de los lineamientos o políticas sobre conflictos de interés Inaplicación del Manual de Ética y Buen Gobierno | E10: Lo cual generaría una pérdida de imagen reputacional Lo cual generaría Sanciones a la entidad y sus funcionarios (penales, disciplinarias, morales) Lo cual ocasionaría demandas de la ciudadanía | F10: Corrupción | G10: Vigente
A11: 7 | B11: TODOS LOS PROCESOS | C11: Posibilidad de que un funcionario reciba u ofrezca un soborno, con el fin de dar o recibir un trato especial con una compañía o persona natural. | D11: Como consecuencias de la ineficacia de los controles definidos Debido a que no se cuente con lineamientos claros, en términos de conflictos de interés Falta de difusión de los lineamientos o políticas sobre conflictos de interés Inaplicación del Manual de Ética y Buen Gobierno | E11: Lo cual generaría una pérdida de imagen reputacional Lo cual generaría Sanciones a la entidad y sus funcionarios (penales, disciplinarias, morales) Lo cual ocasionaría demandas de la ciudadanía | F11: Corrupción | G11: Vigente
A12: 8 | B12: TODOS LOS PROCESOS | C12: Puede incitar la participación de varias personas o compañías para cometer un delito buscando el beneficio propio. Concierto para delinquir. | D12: Como consecuencias de la ineficacia de los controles definidos Debido a que no se cuente con lineamientos claros, en términos de conflictos de interés Falta de difusión de los lineamientos o políticas sobre conflictos de interés | E12: Lo cual generaría una pérdida de imagen reputacional Lo cual generaría Sanciones a la entidad y sus funcionarios Lo cual ocasionaría demandas de la ciudadanía | F12: Corrupción | G12: Vigente
A13: 9 | B13: TODOS LOS PROCESOS | C13: Puede ocurrir que un funcionario abuse de su cargo o funciones para inducir a otra persona a dar o prometer dinero o cualquier otro beneficio indebido. | D13: Debido a la falta de controles dentro del proceso de contratación Por la falta de valores éticos y morales en los funcionarios Inaplicación del Manual de Ética y Buen Gobierno | E13: Lo cual generaría una pérdida de imagen reputacional Lo cual generaría Sanciones a la entidad y sus funcionarios Lo cual ocasionaría demandas de la ciudadanía | F13: Corrupción | G13: Vigente
A14: 10 | B14: TODOS LOS PROCESOS | C14: Puede ocurrir que teniendo conocimiento de una conducta delictiva, no se informe a las autoridades por temor a repercusiones sociales o financieras. Omisión de denuncia | D14: Debido al desconocimiento de la normatividad que exige la denuncia de las conductas delictivas Por temor a repercusiones en su estabilidad laboral | E14: Lo cual generaría una pérdida de imagen reputacional Lo cual generaría Sanciones a la entidad y sus funcionarios Lo cual ocasionaría demandas de la ciudadanía | F14: Corrupción | G14: Vigente
A15: 11 | B15: TODOS LOS PROCESOS | C15: Posibilidad de que uno o varios funcionarios utilicen de forma indebida la información privilegiada de los sistemas de información para obtener beneficio privado. | D15: Debido a la falta de políticas de accesibilidad de la información Debido a la falta de identificación de activos de información Debido a la diversidad de los sistemas de información Falta de capacitación y socialización de las políticas de la entidad tanto al ingreso de nuevos funcionarios como de manera periódica Fácil acceso a la información y a la difusión de copias de la misma | E15: Lo cual generaría pérdidas económicas Lo cual generaría una pérdida de imagen reputacional Lo cual generaría Sanciones a la entidad y sus funcionarios Lo cual ocasionaría demandas de los funcionarios | F15: Corrupción | G15: Vigente
A16: 12 | B16: TODOS LOS PROCESOS | C16: Puede generarse menoscabo, disminución, detrimento, pérdida, uso indebido, o deterioro de los bienes o recursos públicos, o intereses patrimoniales del Estado. | D16: Debido a la falta de información real en la toma de decisiones Debido al diseño de procesos ineficientes Debido a ineficientes canales de comunicación Debido a la falta de un sistema de información unificado y confiable Debido al déficit de personal y falta de competencias en la selección del personal | E16: Lo cual generaría pérdidas económicas Lo cual generaría una pérdida de imagen reputacional Lo cual generaría Sanciones a la entidad y sus funcionarios Lo cual ocasionaría demandas de los funcionarios | F16: Estratégico | G16: Vigente
... A76: 73 | B76: GESTIÓN DE LA INFRAESTRUCTURA TECNOLOGICA | C76: Puede ocurrir una operación inadecuada de los sistemas de información. | D76: Falta de conocimiento en la operación de los aplicativos para los diferentes procesos, por parte de los usuarios funcionales | E76: Obstaculización del flujo normal de los procesos, pérdida de tiempo y pérdida de imagen reputacional | F76: Seguridad de la Información | G76: Vigente
A77: 74 | B77: GESTIÓN DOCUMENTAL | C77: Puede ocurrir el filtro o utilización indebida de información privilegiada de la información que reposa físicamente | F77: Seguridad de la Información | G77: Eliminado
A78: 75 | B78: RECEPCIÓN Y REGISTRO | C78: No contar con la información real del inventario de los activos en administración | D78: Debido al tiempo requerido para el registro de activos en el inventario y el volumen de expedientes Debido a que no se registra el descargue del activo por proceso disposición final Errores en el cargue de información de la visita al sistema de información | E78: No se puede asignar a un mecanismo de administración Detrimento patrimonial Pérdida de imagen reputacional Inadecuada administración de los activos | F78: Seguridad de la Información | G78: Vigente
A79: 76 | B79: RECEPCIÓN Y REGISTRO | C79: Puede ocurrir que no se efectué la entrega física del activo una vez posesionado el depositario provisional | D79: No hay un canal efectivo de comunicación Por la falta de la capacidad operativa de las regionales Difícil acceso a los bienes por su ubicación geográfica | E79: Un activo sin administración Detrimento patrimonial Sanciones (disciplinaria y fiscal) para la entidad Perjuicios económicos para el depositario | F79: Operativo | G79: Vigente
A80: 77 | B80: TODOS LOS PROCESOS | C80: Puede ocurrir que se utilice erradamente las funcionalidades de los Sistemas de Información (aplicativo Zeus) | F80: Operativo | G80: Eliminado
A81: 78 | B81: RECEPCIÓN Y REGISTRO | C81: Pueden presentar errores en la información en el registro de los activos | D81: Debido a la metodología utilizada para el secuestro de activos por parte de la Fiscalía General de la Nación. Debido a que por ser un proceso manual | E81: Bienes Ingresado que no deberían ser administrados por esta sociedad o con información errónea. Procesos judiciales en contra del administrador del FRISCO. | F81: Seguridad de la Información | G81: Eliminado
A82: 79 | B82: TODOS LOS PROCESOS | C82: Puede ocurrir la entrega extemporánea de informes a los entes de control | F82: Operativo | G82: Eliminado
A83: 80 | B83: ADQUISICIONES | C83: Puede ocurrir no alcanzar el objetivo del contrato | F83: Operativo | G83: Eliminado
A84: 81 | B84: RECEPCIÓN Y REGISTRO | C84: Contar con Depositarios Provisionales y/o Liquidadores incorporados en el Registro con características erróneas | D84: Evaluación incorrecta o errónea de las diferentes características de clasificación, calificación, experiencia Existencia de diferentes criterios de evaluación (evaluadores) frente a los requisitos exigidos en la Convocatoria Desconocimiento de los requisitos exigidos en la Convocatoria por parte de los evaluadores Inconsistencias y falta de claridad en los requisitos establecidos en la Convocatoria | E84: Depositarios Provisionales y/o Liquidadores que no pueden desarrollar de manera idónea la función para la que fueron seleccionados, así como su gestión y/o administración de los activos | F84: Operativo | G84: Vigente
A85: 82 | B85: RECEPCIÓN Y REGISTRO | C85: Puede ocurrir que no se asignen Depositarios Provisionales y/o Liquidadores de acuerdo a las necesidades. | D85: Solicitudes no recibidas, dado que el área misional envió el correo a un destinatario diferente al del responsable de la asignación Solicitudes enviadas sin la oportunidad requerida Solicitudes enviadas sin el formato establecido o sin la aprobación de la gerencia misional responsable Olvido en la realización de la asignación Resolución de designación errónea o no generada | E85: Activos (Inmuebles y/o Sociedades) sin Depositarios Provisionales y/o Liquidadores para ser administrados que pueden ser invadidos u ocupados de manera ilegal y que no presenten ninguna gestión. Activos (Inmuebles y/o Sociedades) que no requieren ser asignados | F85: Operativo | G85: Vigente
A86: 83 | B86: RECEPCIÓN Y REGISTRO | C86: Puede ocurrir que no se acepte la renuncia y/o remoción como Depositarios Provisionales y/o Liquidadores | D86: Depositarios Provisionales y Liquidadores que no reciben el apoyo de las áreas misionales en las diferentes situaciones que se les presentan con los activos Depositarios Provisionales y Liquidadores que no entregan la póliza de disposiciones legales por los costos frente a la rentabilidad Dificultades en la expedición de la póliza de disposiciones legales por parte de las aseguradoras por factores financieros del depositario Depositarios Provisionales y Liquidadores que llevan mucho tiempo inscritos en el Registro y no se les ha asignado activos o los activos que les han sido asignados no son rentables Depositarios Provisionales y Liquidadores que no cumplen con su función como administradores de los activos | E86: Activos (Inmuebles y/o Sociedades) sin Depositarios Provisionales y/o Liquidadores para ser administrados que pueden ser invadidos u ocupados de manera ilegal y que no presenten ninguna gestión. Reprocesos administrativos por la remoción y reasignación de activos | F86: Operativo | G86: Vigente | I86: GIT de Gestión de Depositarios Provisionales y Liquidadores
A87: 84 | B87: RECEPCIÓN Y REGISTRO | C87: Puede ocurrir que la designación sea errónea o no generada | D87: Resolución de designación automática de activos a Depositarios Provisionales y Liquidadores se genera de manera errónea por información incompleta o incorrecta en la creación de los activos Resolución de designación automática de activos a Depositarios Provisionales y Liquidadores se genera con mayor o menor cantidad de activos a los realmente asignados Resolución de designación automática de activos a Depositarios Provisionales y Liquidadores se genera con información incorrecta de la sesión o fecha del Comité que aprobó la asignación Desconocimiento del proceso de asignación en el sistema por funcionarios que asuman la función de asignación | E87: Depositarios Provisionales y/o Liquidadores que administren Activos (Inmuebles y/o Sociedades) que no correspondan a los requeridos, o sin información de los activos que les han sido asignados | F87: Operativo | G87: Vigente | I87: GIT de Gestión de Depositarios Provisionales y Liquidadores
A88: 85 | B88: RECEPCIÓN Y REGISTRO | C88: Puede ocurrí que no se presente la garantía (póliza de disposiciones legales) por parte de los Depositarios Provisionales y/o Liquidadores | D88: Desconocimiento de las obligaciones establecidas en la normatividad vigente por parte de los Depositarios Desconocimiento de los condicionados para las pólizas de disposiciones legales por parte de asesores de seguros Errores en los términos de expedición de las pólizas de disposiciones legales por parte de las aseguradoras de acuerdo con la normatividad vigente | E88: Remoción de activos y retiro del registro del depositario Posible deterioro de los activos asignados al depositario por falta de gestión oportuna Activos entregados en diligencia a los depositarios sin contar con la póliza de disposiciones legales que garantice la gestión oportuna del Depositario Provisional o Liquidador asignado | F88: Operativo | G88: Vigente | I88: GIT de Gestión de Depositarios Provisionales y Liquidadores
A89: 86 | B89: Aprobación incorrecta o falta de aprobación de la garantía (póliza de cumplimiento) presentada por parte de los Depositarios Provisionales y/o Liquidadores | C89: Puede ocurrir que se administren activos por parte de los Depositarios Provisionales y/o Liquidadores sin tener la cobertura total para el cumplimiento de sus obligaciones | D89: Desconocimiento del proceso de revisión y aprobación de la póliza de cumplimiento Errores en las variables, elementos y requisitos requeridos en las pólizas de cumplimiento de acuerdo con la normatividad vigente No presentación de la garantía (póliza de cumplimiento) por parte de los Depositarios Provisionales y/o Liquidadores Fallas de comunicación entre el área responsable de asignación y control de pólizas y las áreas que controlan la gestión de los depositarios. | E89: No se puede afectar total o parcialmente la póliza en el evento en que se presente incumplimiento en la gestión de los Depositarios Provisionales y Liquidadores en razón de los activos asignados Perdidas económicas | F89: Operativo | G89: Eliminado
A90: 87 | B90: RECEPCIÓN Y REGISTRO | C90: Puede ocurrir que se generen y suscriban del Acta de posesión con datos incorrectos o incompletos | D90: Descuido en la elaboración del acta Inconsistencia en la información de la asignación contenida en la resolución que contiene los datos de los activos asignados | E90: Reprocesos en la elaboración y firma de las actas de posesión que demandan mayores tiempos antes de la entrega de los activos a los Depositarios Provisionales y liquidadores y la inscripción en las Oficinas de Registro e Instrumentos Públicos o Cámaras de Comercio | F90: Operativo | G90: Vigente
A91: 88 | B91: RECEPCIÓN Y REGISTRO | C91: Puede ocurrir que los Depositarios Provisionales y Liquidadores no estén registrados en las entidades de registro. | D91: Inconsistencias en el envío de la solicitud de inscripción por información incorrecta de los Depositarios Provisionales y Liquidadores, activos que no corresponden a los asignados o que presentan errores Ausencia en el envío de la solicitud de inscripción Solicitud de pagos del proceso de inscripción por parte de las Oficinas de Registro e Instrumentos Públicos o de las Cámaras de Comercio | E91: Depositarios Provisionales y Liquidadores no puedan administrar los activos Detrimento patrimonial | F91: Seguridad de la Información | G91: Vigente
A92: 89 | B92: RECEPCIÓN Y REGISTRO | C92: Puede ocurrir que se ingrese erróneamente información de los activos y actos administrativos en el sistema de Asignación de activos a Depositarios Provisionales y/o Liquidadores o Registro. | D92: Resolución de designación automática de activos a Depositarios Provisionales y Liquidadores se genera de manera errónea por información incompleta o incorrecta en la creación de los activos Resolución de designación automática de activos a Depositarios Provisionales y Liquidadores se genera con mayor o menor cantidad de activos a los realmente asignados Registro de los actos administrativos en el sistema realizado por otras áreas y no por el Grupo de Gestión de Depositarios Provisionales y Liquidadores, afectando el proceso Resolución de remoción de activos y/o retiro de Depositarios Provisionales y Liquidadores se genera de manera errónea por información incompleta o incorrecta en los activos que deben ser removidos y que pasan a administración directa afectando el inventario | E92: Inconsistencias en el sistema de información en relación con los activos, actos administrativos e inventario en general por la deficiente calidad en la información que se registra | F92: Operativo | G92: Eliminado
A93: 90 | B93: TODOS LOS PROCESOS | C93: Pueden ocurrir fallas e inconsistencias funcionales y técnicas en los sistemas de información relacionados con el proceso de Registro de Depositarios Provisionales y Liquidadores, así como del proceso de Asignación de activos. | D93: Inconsistencias en el diseño funcional y técnico, actualización o mejoras de los sistemas de información de los procesos de Registro relacionado con la realización de Convocatorias, renovación y/o actualización de información de los Depositarios Provisionales y Liquidadores que forman parte del Registro Inconsistencias en el diseño, actualización o mejoras de los sistemas de información de los procesos de Asignación de activos a los Depositarios Provisionales y Liquidadores que forman parte del Registro Inconsistencias en el desarrollo de los aplicativos frente a los diseños funcionales y técnicos, así como los requerimientos establecidos por el GIT Depositarios Provisionales y Liquidadores Inconsistencias en el registro, revisión y/o consulta de la información tanto de los Depositarios Provisionales y Liquidadores como de las asignaciones efectuadas. | E93: Dificultad para el uso de los sistemas de información por parte de clientes externos en la participación de los procesos de convocatoria para formar parte del registro Pérdidas económicas por reprocesos administrativos Afectación negativa de la imagen institucional frente a entes de control y clientes externos Posibles sanciones y demandas por falta de transparencia en los procesos de la convocatoria Perdida de información para la entidad y para los Depositarios que no cuenten con sistemas de información adecuados. Sistemas de información poco confiables Realización de estudios de seguridad equivocados o no necesarios generando costos adicionales. Activos asignados de manera incorrecta a los Depositarios Provisionales y Liquidadores. | F93: Operativo | G93: Vigente
A94: 91 | B94: TODOS LOS PROCESOS | C94: Puede ocurrir que se presente fuga o pérdida de información. | D94: Debido a la falta de controles de acceso en los sistemas de información y/o aplicativos con los cuales cuenta la SAE Debido al hurto de medios extraíbles, dispositivos tecnológicos o documentos físicos que salen de la organización Debido al hurto de dispositivos tecnológicos expuestos para atención al público Debido al uso no autorizado de información de los procesos de negocio Debido a la ausencia de política de cierre de sesión cuando se abandona la estación de trabajo Debido a la falta de concientización por parte de los usuarios en el manejo de los activos de información Debido a la falta de capacitación en seguridad y privacidad de la información Debido a trabajo no supervisado del personal externo o terceros Debido a la ausencia de políticas para el uso correcto de los medios de comunicaciones y mensajería Debido al incumplimiento del plan de continuidad del negocio Debido al mal uso de las aplicaciones en la nube Debido a la falta de controles para el uso de dispositivos móviles Debido a la ausencia de recursos para la ejecución de las actividades desarrolladas por los colaboradores Debido al ingreso no autorizado a las áreas con acceso restringido | E94: Lo cual generaría pérdidas económicas. Lo cual generaría pérdida de credibilidad o imagen reputacional Lo cual puede ocasionar sanciones legales o de entes de control Lo cual generaría reproceso en la ejecución de las actividades | F94: Seguridad de la Información | G94: vigente
A95: 101 | B95: INTELIGENCIA DE NEGOCIOS | C95: Podría ocurrir que se publiquen datos o información sensible | D95: Debido a no realizar un análisis completo para determinar la publicación o no de la información en la Web Debido a la falta de clasificación del activo de información Debido al uso indebido de la información | E95: Lo cual generaría pérdida de reputación Lo cual generaría pérdida de información Lo cual podría generar sanciones legales y/o económicas | F95: Seguridad de la Información | G95: Vigente
A96: 102 | B96: INTELIGENCIA DE NEGOCIOS | C96: Podría ocurrir que no se ejecuten las etapas del análisis de la información que se requieren para la inteligencia de negocio | D96: Debido a la falta de claridad en los requerimientos de los reportes solicitados por los procesos de negocio Debido a no contar con información suficiente para el análisis o contar con información inconsistente, incompleta o inexacta Debido a la falta de revisión de los atributos del reporte durante el proceso de análisis Debido al desconocimiento de la herramienta utilizada para analítica del negocio Debido al desconocimiento de la metodología y mejores prácticas Debido a constantes cambios en requerimientos de los reportes Debido a falta de documentación de la metodología y procedimiento para generación de analítica del negocio. | E96: Lo cual generaría pérdida de reputación Lo cual generaría pérdida de información Lo cual podría generar sanciones legales y/o económicas Lo cual generaría toma de decisiones sin contar con los análisis requeridos | F96: Operativo | G96: Vigente
A97: 104 | B97: TODOS LOS PROCESOS | C97: Puede ocurrir que se presenten incumplimientos a la normatividad vigente relacionada con derechos de autor. | D97: Debido al uso de software no licenciado Debido a instalación o copia de música y videos ilegales en los computadores de la organización Debido a la falta de controles para instalación de software | E97: Lo cual generaría pérdidas económicas Lo cual generaría pérdida de credibilidad o imagen reputacional Lo cual puede ocasionar sanciones legales o de entes de control | F97: Cumplimiento | G97: Vigente
A98: 105 | B98: DIAGNOSTICO Y ALISTAMIENTO DE ACTIVOS | C98: Puede ocurrir que se presenten errores en la identificación del estado de los activos | D98: Información incompleta, capacidad operativa de la entidad, desconocimiento por parte de los servidores públicos, rezagos recibidos por la administración anterior, existan activos rurales con potencial de ser urbanos para la disposición final de acuerdo con las marcaciones territoriales | E98: Toma de decisiones inadecuadas Pérdidas económicas Sanciones Pérdida de la imagen reputacional de la entidad Limitación a la gestión de administración de los activos | F98: Operativo | G98: Vigente
A99: 106 | B99: DIAGNOSTICO Y ALISTAMIENTO DE ACTIVOS | C99: Puede ocurrir que el alistamiento sin previo cumplimiento de los requisitos, no permita disponer del activo | D99: Debilidades en el análisis para la disposición de los activos Que se presente acciones judiciales externas durante el alistamiento debido a que existen inmuebles que no tienen la medida inscrita | E99: Reproceso en el alistamiento Posible detrimento patrimonial Sanciones a la SAE | F99: Operativo | G99: Vigente
A100: 107 | B100: DIAGNOSTICO Y ALISTAMIENTO DE ACTIVOS | C100: Puede ocurrir que no se gestione oportunamente el alistamiento de los activos | D100: Falta de capacidad operativa Procesos ineficientes Entrega inadecuada de información de los activos por parte de la Fiscalía | E100: Impacto ambiental y social Posible detrimento patrimonial Deterioro físico e invasión de los activos Sanciones a la SAE | F100: Operativo | G100: vigente
... A135: 94 | B135: GESTIÓN DE LA INFRAESTRUCTURA TECNOLOGICA | C135: Soporte técnico inadecuado | D135: Falta de soporte especializado a los servicios Desconocimiento de la tecnología | E135: Costos Operacionales, pérdida de tiempo, pérdida de información | F135: Operativo | G135: Eliminado

Sheet Tablas de calculos
U1: Matriz definición de Riesgos de Corrupción
T2: Descripción del riesgo | U2: Acción u Omisión | V2: Uso del poder | W2: Desviar la gestión de lo público | X2: Beneficio Privado
T3: Posibilidad de recibir o solicitar cualquier dádiva o beneficio a nombre propio o de terceros con el fin de celebrar un contrato | U3: X | V3: X | W3: X | X3: X | AG3: Combinaciones posibles de matriz 5x5 | AN3: Rango 1 - 28 | AP3: Criterio de evaluación | AQ3: Aspecto a Evaluar en el Diseño del Control | AR3: Opciones de respuesta | AS3: Puntaje en la evaluación del control | AU3: Peso del diseño individual o promedio de los controles. (DISEÑO) | AV3: El control se ejecuta de manera consistente por los responsables. (EJECUCIÓN) | AW3: Solidez individual de cada control fuerte:100 moderado:50 debil:0 | AX3: Aplica plan de acción para fortalecer el control Sí / NO | AZ3: Concatenar | BA3: Solidez del conjunto de los controles. | BB3: Controles ayudan a disminuir la probabilidad | BC3: Controles ayudan a disminuir impacto | BD3: # Columnas en la matriz de riesgo que se desplaza en el eje de la probabilidad | BE3: # Columnas en la matriz de riesgo que se desplaza en el eje de impacto
H4: 1. Criterios para calificar la probabilidad | AF4: =CONCATENATE(AG4,AH4) -> Rara VezInsignificante | AG4: Rara Vez | AH4: Insignificante | AI4: Bajo | AJ4: 1 | AK4: 1 | AL4: =+AJ4*AK4 -> 1 | AP4: 1.1 Responsable: asignación del responsable | AQ4: ¿Existe un responsable asignado a la ejecución del control? | AR4: Asignado | AS4: 15 | AU4: fuerte (calificación entre 96 y 100 puntos) | AV4: fuerte (siempre se ejecuta) | AW4: fuerte + fuerte = fuerte | AX4: No | AZ4: =CONCATENATE(BA4,BB4,BC4) -> fuertedirectamentedirectamente | BA4: fuerte | BB4: directamente | BC4: directamente | BD4: 2 | BE4: 2
A5: Tipo de Riesgos | C5: Procesos | E5: Áreas | G5: Descriptor | H5: Descripción | I5: Frecuencia | J5: Nivel | L5: Desde | M5: Hasta | N5: Puntaje a disminuir | O5: Letras | AF5: =CONCATENATE(AG5,AH5) -> ImprobableInsignificante | AG5: Improbable | AH5: Insignificante | AI5: Bajo | AJ5: 2 | AK5: 2 | AL5: =+AJ5*AK5 -> 4 | AR5: No Asignado | AS5: 0 | AV5: moderado (algunas veces) | AW5: fuerte + moderado = moderado | AX5: Sí | AZ5: =CONCATENATE(BA5,BB5,BC5) -> fuertedirectamenteindirectamente | BA5: fuerte | BB5: directamente | BC5: indirectamente | BD5: 2 | BE5: 1
A6: Estrategico | C6: ADMINISTRACIÓN DE BIENES DE FUNICIONAMIENTO | E6: GIT Depositarios Provisionales | G6: Rara vez | H6: El evento puede ocurrir solo en circunstancias excepcionales. | I6: No se ha presentado en los últimos 5 años. | J6: 1 | L6: 0 | M6: 50 | N6: 0 | O6: Cero | T6: Casi seguro | U6: =(IF($T$6="Casi seguro",5,"")*IF($U$11="Insignificante",1,"")) -> 5 | V6: =(IF($T$6="Casi seguro",5,"")*IF($V$11="Menor",2,"")) -> 10 | W6: =(IF($T$6="Casi seguro",5,"")*IF($W$11="Moderado",3,"")) -> 15 | X6: =(IF($T$6="Casi seguro",5,"")*IF($X$11="Mayor",4,"")) -> 20 | Y6: =(IF($T$6="Casi seguro",5,"")*IF($Y$11="Catastrófico",5,"")) -> 25 | AF6: =CONCATENATE(AG6,AH6) -> PosibleInsignificante | AG6: Posible | AH6: Insignificante | AI6: Bajo | AJ6: 3 | AK6: 3 | AL6: =+AJ6*AK6 -> 9 | AP6: 1.2 Responsable: segregación y autoridad del responsable. | AQ6: ¿El responsable tiene la autoridad y adecuada segregación de funciones en la ejecución del control? | AR6: Adecuado | AS6: 15 | AV6: débil (no se ejecuta) | AW6: fuerte + débil = débil | AX6: Sí | AZ6: =CONCATENATE(BA6,BB6,BC6) -> fuertedirectamenteno disminuye | BA6: fuerte | BB6: directamente | BC6: no disminuye | BD6: 2 | BE6: 0
A7: Operativo | C7: ADMINISTRACIÓN DE DESARROLLO DE SOLUCIONES TÉCNOLOGICAS | E7: Administrativa | G7: Improbable | H7: El evento puede ocurrir en algún momento. | I7: Se presentó una vez en los últimos 5 años | J7: 2 | L7: 51 | M7: 75 | N7: 1 | O7: Uno | T7: Probable | U7: =(IF($T$7="Probable",4,"")*IF($U$11="Insignificante",1,"")) -> 4 | V7: =(IF($T$7="Probable",4,"")*IF($V$11="Menor",2,"")) -> 8 | W7: =(IF($T$7="Probable",4,"")*IF($W$11="Moderado",3,"")) -> 12 | X7: =(IF($T$7="Probable",4,"")*IF($X$11="Mayor",4,"")) -> 16 | Y7: =(IF($T$7="Probable",4,"")*IF($Y$11="Catastrófico",5,"")) -> 20 | AF7: =CONCATENATE(AG7,AH7) -> ProbableInsignificante | AG7: Probable | AH7: Insignificante | AI7: Moderado | AJ7: 4 | AK7: 4 | AL7: =+AJ7*AK7 -> 16 | AR7: Inadecuado | AS7: 0 | AU7: moderado (calificación entre 86 y 95) | AV7: fuerte (siempre se ejecuta) | AW7: moderado + fuerte = moderado | AX7: Sí | AZ7: =CONCATENATE(BA7,BB7,BC7) -> fuerteno disminuyedirectamente | BA7: fuerte | BB7: no disminuye | BC7: directamente | BD7: 0 | BE7: 2
A8: Seguridad de la Información | C8: ADQUISICIONES | E8: Gerencia Comercial | G8: Posible | H8: El evento podría ocurrir en algún momento. | I8: Se presentó una vez en los últimos 2 años | J8: 3 | L8: 76 | M8: 100 | N8: 2 | O8: Dos | T8: Posible | U8: =(IF($T$8="Posible",3,"")*IF($U$11="Insignificante",1,"")) -> 3 | V8: =(IF($T$8="Posible",3,"")*IF($V$11="Menor",2,"")) -> 6 | W8: =(IF($T$8="Posible",3,"")*IF($W$11="Moderado",3,"")) -> 9 | X8: =(IF($T$8="Posible",3,"")*IF($X$11="Mayor",4,"")) -> 12 | Y8: =(IF($T$8="Posible",3,"")*IF($Y$11="Catastrófico",5,"")) -> 15 | AF8: =CONCATENATE(AG8,AH8) -> Casi seguroInsignificante | AG8: Casi seguro | AH8: Insignificante | AI8: Alto | AJ8: 5 | AK8: 5 | AL8: =+AJ8*AK8 -> 25 | AP8: 2. Periodicidad | AQ8: ¿La oportunidad en que se ejecuta el control ayuda a prevenir la mitigación del riesgo o a detectar la materialización del riesgo de manera oportuna? | AR8: Oportuna | AS8: 15 | AV8: moderado (algunas veces) | AW8: moderado + moderado = moderado | AX8: Sí | AZ8: =CONCATENATE(BA8,BB8,BC8) -> moderadodirectamentedirectamente | BA8: moderado | BB8: directamente | BC8: directamente | BD8: 1 | BE8: 1
A9: Continuidad del negocio | C9: COMUNICACIÓN Y ATENCIÓN DE REQUERIMIENTOS | E9: Gerencia de Asuntos Legales | G9: Probable | H9: El evento probablemente ocurrirá en la mayoría de las circunstancias. | I9: Se presentó una vez en el último año. | J9: 4 | T9: Improbable | U9: =(IF($T$9="Improbable",2,"")*IF($U$11="Insignificante",1,"")) -> 2 | V9: =(IF($T$9="Improbable",2,"")*IF($V$11="Menor",2,"")) -> 4 | W9: =(IF($T$9="Improbable",2,"")*IF($W$11="Moderado",3,"")) -> 6 | X9: =(IF($T$9="Improbable",2,"")*IF($X$11="Mayor",4,"")) -> 8 | Y9: =(IF($T$9="Improbable",2,"")*IF($Y$11="Catastrófico",5,"")) -> 10 | AF9: =CONCATENATE(AG9,AH9) -> Rara VezMenor | AG9: Rara Vez | AH9: Menor | AI9: Bajo | AJ9: 6 | AK9: 2 | AL9: =+AJ9*AK9 -> 12 | AR9: Inoportuna | AS9: 0 | AV9: débil (no se ejecuta) | AW9: moderado + débil = débil | AX9: Sí | AZ9: =CONCATENATE(BA9,BB9,BC9) -> moderadodirectamenteIndirectamente | BA9: moderado | BB9: directamente | BC9: Indirectamente | BD9: 1 | BE9: 0
A10: Corrupción | C10: DIRECCIONAMIENTO ESTRATEGICO | E10: Gerencia de Bienes Inmuebles | G10: Casi seguro | H10: Se espera que el evento ocurra en la mayoría de las circunstancias. | I10: Se ha presentado más de una vez al año. | J10: 5 | T10: Rara Vez | U10: =(IF($T$10="Rara Vez",1,"")*IF($U$11="Insignificante",1,"")) -> 1 | V10: =(IF($T$10="Rara Vez",1,"")*IF($V$11="Menor",2,"")) -> 2 | W10: =(IF($T$10="Rara Vez",1,"")*IF($W$11="Moderado",3,"")) -> 3 | X10: =(IF($T$10="Rara Vez",1,"")*IF($X$11="Mayor",4,"")) -> 4 | Y10: =(IF($T$10="Rara Vez",1,"")*IF($Y$11="Catastrófico",5,"")) -> 5 | AF10: =CONCATENATE(AG10,AH10) -> ImprobableMenor | AG10: Improbable | AH10: Menor | AI10: Bajo | AJ10: 7 | AK10: 4 | AL10: =+AJ10*AK10 -> 28 | AP10: 3. Propósito | AQ10: ¿Las actividades que se desarrollan en el control realmente buscan por si sola prevenir o detectar las causas que pueden dar origen al riesgo, ejemplo Verificar, Validar Cotejar, Comparar, Revisar, etc.? | AR10: Prevenir | AS10: 15 | AU10: débil | AV10: fuerte (siempre se ejecuta) | AW10: débil + fuerte = débil | AX10: Sí | AZ10: =CONCATENATE(BA10,BB10,BC10) -> moderadodirectamenteNo disminuye | BA10: moderado | BB10: directamente | BC10: No disminuye | BD10: 1 | BE10: 0
A11: Seguridad y Salud Ocupacional | C11: DISPOSICIÓN FINAL DE ACTIVOS | E11: Gerencia de Bienes Muebles | U11: Insignificante | V11: Menor | W11: Moderado | X11: Mayor | Y11: Catastrófico | AF11: =CONCATENATE(AG11,AH11) -> PosibleMenor | AG11: Posible | AH11: Menor | AI11: Moderado | AJ11: 8 | AK11: 6 | AL11: =+AJ11*AK11 -> 48 | AR11: Detectar | AS11: 10 | AU11: (entre 0 y 85) | AV11: moderado (algunas veces) | AW11: débil + moderado = débil | AX11: Sí | AZ11: =CONCATENATE(BA11,BB11,BC11) -> moderadono disminuyedirectamente | BA11: moderado | BB11: no disminuye | BC11: directamente | BD11: 0 | BE11: 1
C12: DISPOSICIÓN TEMPORAL DE ACTIVOS | E12: Gerencia de Contratos | H12: 1.1 Matriz de priorización de factivilidad - Se aplica para nuevos riesgos | AF12: =CONCATENATE(AG12,AH12) -> ProbableMenor | AG12: Probable | AH12: Menor | AI12: Alto | AJ12: 9 | AK12: 8 | AL12: =+AJ12*AK12 -> 72 | AR12: No es un control | AS12: 0 | AV12: débil (no se ejecuta) | AW12: débil + débil = débil | AX12: Sí
C13: EVALUACIÓN Y CONTROL | E13: Gerencia Financiera | G13: Nro de riesgo | H13: Riesgo | I13: P1 | J13: P2 | K13: P3 | L13: P4 | M13: P5 | N13: P6 | O13: Total | P13: Promedio | AF13: =CONCATENATE(AG13,AH13) -> Casi seguroMenor | AG13: Casi seguro | AH13: Menor | AI13: Alto | AJ13: 10 | AK13: 10 | AL13: =+AJ13*AK13 -> 100 | AP13: 4. Cómo se realiza la actividad de control | AQ13: ¿La fuente de información que se utiliza en el desarrollo | AR13: Confiable | AS13: 15 | BB13: Directamente | BC13: Directamente
C14: GESTIÓN DE LA INFRAESTRUCTURA TECNOLOGICA | E14: Gerencia Regional Centro Oriente | G14: 1 | H14: Inoportunidad en la adquisición de los bienes y servicios requeridos por la entidad | I14: 5 | J14: 4 | K14: 3 | L14: 5 | M14: 3 | N14: 4 | O14: =SUM(I14:N15) -> 24 | P14: =AVERAGE(I14:N15) -> 4 | AF14: =CONCATENATE(AG14,AH14) -> Rara VezModerado | AG14: Rara Vez | AH14: Moderado | AI14: Moderado | AJ14: 11 | AK14: 3 | AL14: =+AJ14*AK14 -> 33 | AQ14: del control es información confiable que permita mitigar el riesgo?. | AR14: No Confiable | AS14: 0 | BB14: No disminuye | BC14: Indirectamente
C15: GESTIÓN DEL TALENTO HUMANO | E15: Gerencia Regional Norte | P15: Probable | AF15: =CONCATENATE(AG15,AH15) -> ImprobableModerado | AG15: Improbable | AH15: Moderado | AI15: Moderado | AJ15: 12 | AK15: 6 | AL15: =+AJ15*AK15 -> 72 | AP15: 5. Qué pasa con las observaciones o desviaciones | AQ15: ¿Las observaciones, desviaciones o diferencias identificadas como resultados de la ejecución del control son investigadas y resueltas de manera oportuna? | AR15: Se investigan y resuelven oportunamente | AS15: 15 | AU15: concatenado | AV15: Numero | AW15: Rango de Calificación del Diseño | AX15: El control se ejecuta de manera consistente por los responsables. (EJECUCIÓN) | AY15: Control Definitivo | BC15: No disminuye
C16: GESTIÓN DOCUMENTAL | E16: Gerencia Regional Occidente | G16: 2 | H16: Otros riesgos identificados | AF16: =CONCATENATE(AG16,AH16) -> PosibleModerado | AG16: Posible | AH16: Moderado | AI16: Alto | AJ16: 13 | AK16: 9 | AL16: =+AJ16*AK16 -> 117 | AR16: No se investigan y resulven oportunamente | AS16: 0 | AU16: =_xlfn.CONCAT(AW16,AX16) -> FuerteFuerte | AV16: 1 | AW16: Fuerte | AX16: Fuerte | AY16: Fuerte
C17: GESTIÓN FINANCIERA | E17: Gerencia Regional Sur Occidente | G17: 3 | H17: Otros riesgos identificados | AF17: =CONCATENATE(AG17,AH17) -> ProbableModerado | AG17: Probable | AH17: Moderado | AI17: Alto | AJ17: 14 | AK17: 12 | AL17: =+AJ17*AK17 -> 168 | AP17: 6. Evidencia de la ejecución del control | AQ17: ¿Se deja evidencia o rastro de la ejecución del control, que permita a cualquier tercero con la evidencia, llegar a la misma conclusión?. | AR17: Completa | AS17: 10 | AU17: =CONCATENATE(AW17,AX17) -> Fuertemoderado | AV17: 2 | AW17: Fuerte | AX17: moderado | AY17: Moderado
C18: GESTIÓN JURÍDICA | E18: Gerencia Sociedades Activas | AF18: =CONCATENATE(AG18,AH18) -> Casi seguroModerado | AG18: Casi seguro | AH18: Moderado | AI18: Extremo | AJ18: 15 | AK18: 15 | AL18: =+AJ18*AK18 -> 225 | AR18: Incompleta | AS18: 5 | AU18: =CONCATENATE(AW18,AX18) -> FuerteDebil | AV18: 3 | AW18: Fuerte | AX18: Debil | AY18: Débil
C19: RECEPCIÓN Y REGISTRO | E19: Gerencia Sociedades En Liquidación | AF19: =CONCATENATE(AG19,AH19) -> Rara VezMayor | AG19: Rara Vez | AH19: Mayor | AI19: Alto | AJ19: 16 | AK19: 4 | AL19: =+AJ19*AK19 -> 64 | AR19: No existe | AS19: 0 | AU19: =CONCATENATE(AW19,AX19) -> moderadofuerte | AV19: 4 | AW19: moderado | AX19: fuerte | AY19: Moderado
C20: RECEPCIÓN Y REGISTRO y DIAGNOSTICO Y ALISTAMIENTO DE ACTIVOS | E20: Gerencia Talento Humano | AF20: =CONCATENATE(AG20,AH20) -> ImprobableMayor | AG20: Improbable | AH20: Mayor | AI20: Alto | AJ20: 17 | AK20: 8 | AL20: =+AJ20*AK20 -> 136 | AU20: =CONCATENATE(AW20,AX20) -> moderadomoderado | AV20: 5 | AW20: moderado | AX20: moderado | AY20: Moderado
C21: SOPORTE TECNICO | E21: Gerencia Técnica | V21: Numero | W21: Probabilidad | X21: Impacto | AF21: =CONCATENATE(AG21,AH21) -> PosibleMayor | AG21: Posible | AH21: Mayor | AI21: Extremo | AJ21: 18 | AK21: 12 | AL21: =+AJ21*AK21 -> 216 | AU21: =CONCATENATE(AW21,AX21) -> moderadoDebil | AV21: 6 | AW21: moderado | AX21: Debil | AY21: Débil
C22: TODOS LOS PROCESOS | E22: Gerencias Regionales | V22: 1 | W22: Rara Vez | X22: Insignificante | AF22: =CONCATENATE(AG22,AH22) -> ProbableMayor | AG22: Probable | AH22: Mayor | AI22: Extremo | AJ22: 19 | AK22: 19 | AL22: =+AJ22*AK22 -> 361 | AR22: Rango de Calificación del Diseño | AS22: Resultado - peso en la evaluación del diseño del control | AU22: =CONCATENATE(AW22,AX22) -> DebilFuerte | AV22: 7 | AW22: Debil | AX22: Fuerte | AY22: Débil
C23: DIAGNOSTICO Y ALISTAMIENTO DE ACTIVOS | E23: GIT Archivo y Correspondencia | V23: 2 | W23: Improbable | X23: Menor | AF23: =CONCATENATE(AG23,AH23) -> Casi seguroMayor | AG23: Casi seguro | AH23: Mayor | AI23: Extremo | AJ23: 20 | AK23: 20 | AL23: =+AJ23*AK23 -> 400 | AR23: Fuerte | AS23: Calificación entre 96 y 100 | AU23: =CONCATENATE(AW23,AX23) -> DebilModerado | AV23: 8 | AW23: Debil | AX23: Moderado | AY23: Débil
E24: GIT Aseguramiento de la Información | V24: 3 | W24: Posible | X24: Moderado | AA24: Probabilidad | AB24: Impacto | AC24: Numero | AF24: =CONCATENATE(AG24,AH24) -> Rara VezCatastrófico | AG24: Rara Vez | AH24: Catastrófico | AI24: Extremo | AJ24: 21 | AK24: 5 | AL24: =+AJ24*AK24 -> 105 | AP24: Aceptar el riesgo | AR24: Moderado | AS24: Calificación entre 86 y 95 | AU24: =CONCATENATE(AW24,AX24) -> DebilDebil | AV24: 9 | AW24: Debil | AX24: Debil | AY24: Débil
E25: Oficina Asesora de Planeación | V25: 4 | W25: Probable | X25: Mayor | AA25: Rara Vez | AB25: Insignificante | AC25: 1 | AF25: =CONCATENATE(AG25,AH25) -> ImprobableCatastrófico | AG25: Improbable | AH25: Catastrófico | AI25: Extremo | AJ25: 22 | AK25: 10 | AL25: =+AJ25*AK25 -> 220 | AP25: Evitar el riesgo | AR25: Débil | AS25: Calificación entre 0 y 85
E26: Oficina de Comunicaciones y Atención al Ciudadano | V26: 5 | W26: Casi seguro | X26: Catastrófico | AA26: Improbable | AB26: Menor | AC26: 2 | AF26: =CONCATENATE(AG26,AH26) -> PosibleCatastrófico | AG26: Posible | AH26: Catastrófico | AI26: Extremo | AJ26: 23 | AK26: 15 | AL26: =+AJ26*AK26 -> 345 | AP26: Reducir el riesgo
E27: Oficina de Control Interno | AA27: Posible | AB27: Moderado | AC27: 3 | AF27: =CONCATENATE(AG27,AH27) -> ProbableCatastrófico | AG27: Probable | AH27: Catastrófico | AI27: Extremo | AJ27: 24 | AK27: 20 | AL27: =+AJ27*AK27 -> 480 | AP27: Compartir el riesgo
E28: Oficina de Gestión de la Información | AA28: Probable | AB28: Mayor | AC28: 4 | AF28: =CONCATENATE(AG28,AH28) -> Casi seguroCatastrófico | AG28: Casi seguro | AH28: Catastrófico | AI28: Extremo | AJ28: 25 | AK28: 25 | AL28: =+AJ28*AK28 -> 625 | AV28: ModeradoFuerte
E29: Presidencia | AA29: Casi seguro | AB29: Catastrófico | AC29: 5 | AP29: Fuerte | AV29: FuerteDébil | AW29: Moderado
E30: Vicepresidencia Administrativa y Financiera | AP30: Moderado | AW30: Fuerte
E31: Vicepresidencia Bienes Inmuebles y Muebles | AP31: Debil | AW31: Debil
E32: Vicepresidencia Jurídica
H33: 2. Criterios para calificar el impacto – riesgos de gestión
G34: Nivel | H34: Impacto (consecuencias) Cuantitativo | I34: Impacto (consecuencias) Cualitativo | J34: Nivel
G35: CATASTRÓFICO | H35: - Impacto que afecte la ejecución presupuestal en un valor≥50%. - Pérdida de cobertura en la prestación de los servicios de la entidad ≥50%. - Pago de indemnizaciones a terceros por acciones legales que pueden afectar el presupuesto total de la entidad en un valor ≥50%. - Pago de sanciones económicas por incumplimiento en la normatividad aplicable ante un ente regulador, las cuales afectan en un valor ≥50% del presupuesto general de la entidad. - Pago de sanciones económicas por incumplimiento en la normatividad aplicable ante un ente regulador, las cuales afectan en un valor ≥50% del presupuesto general de la entidad. | I35: - Interrupción de las operaciones de la Entidad por más de cinco (5) días. - Intervención por parte de un ente de control u otro ente regulador. - Pérdida de Información crítica para la entidad que no se puede recuperar. - Incumplimiento en las metas y objetivos institucionales afectando de forma grave la ejecución presupuestal. - Imagen institucional afectada en el orden nacional o regional por actos o hechos de corrupción comprobados. | J35: 5
G36: MAYOR | H36: - Pérdida de cobertura en la prestación de los servicios de la entidad ≥20%. - Pago de indemnizaciones a terceros por acciones legales que pueden afectar el presupuesto total de la entidad en un valor ≥20%. - Pago de sanciones económicas por incumplimiento en la normatividad aplicable ante un ente regulador, las cuales afectan en un valor ≥20% del presupuesto general de la entidad. - Impacto que afecte la ejecución presupuestal en un valor≥20%. | I36: - Pérdida de información crítica que puede ser recuperada de forma parcial o incompleta. - Sanción por parte del ente de control u otro ente regulador. - Incumplimiento en las metas y objetivos institucionales afectando el cumplimiento en las metas de gobierno. - Imagen institucional afectada en el orden nacional o regional por incumplimientos en la prestación del servicio a los usuarios o ciudadanos. - Interrupción de las operaciones de la Entidad por más de dos (2) días. | J36: 4
G37: MODERADO | H37: - Impacto que afecte la ejecución presupuestal en un valor≥5%. - Pérdida de cobertura en la prestación de los servicios de la entidad ≥10%. - Pago de indemnizaciones a terceros por acciones legales que pueden afectar el presupuesto total de la entidad en un valor ≥5%. - Pago de sanciones económicas por incumplimiento en la normatividad aplicable ante un ente regulador, las cuales afectan en un valor ≥5% del presupuesto general de la entidad. | I37: - Interrupción de las operaciones de la Entidad por un (1) día. - Reclamaciones o quejas de los usuarios que podrían implicar una denuncia ante los entes reguladores o una demanda de largo alcance para la entidad. - Inoportunidad en la información ocasionando retrasos en la atención a los usuarios. - Reproceso de actividades y aumento de carga operativa. - Imagen institucional afectada en el orden nacional o regional por retrasos en la prestación del servicio a los usuarios o ciudadanos. - Investigaciones penales, fiscales o disciplinarias. | J37: 3
G38: MENOR | H38: - Impacto que afecte la ejecución presupuestal en un valor≥1% - Pérdida de cobertura en la prestación de los servicios de la entidad ≥5%. - Pago de indemnizaciones a terceros por acciones legales que pueden afectar el presupuesto total de la entidad en un valor ≥1% - Pago de sanciones económicas por incumplimiento en la normatividad aplicable ante un ente regulador, las cuales afectan en un valor ≥1%del presupuesto general de la entidad. | I38: - Interrupción de las operaciones de la Entidad por algunas horas. - Reclamaciones o quejas de los usuarios que implican investigaciones internas disciplinarias. - Imagen institucional afectada localmente por retrasos en la prestación del servicio a los usuarios o ciudadanos. | J38: 2
G39: INSIGNIFICANTE | H39: - Impacto que afecte la ejecución presupuestal en un valor≥0,5%. - Pérdida de cobertura en la prestación de los servicios de la entidad ≥1%. - Pago de indemnizaciones a terceros por acciones legales que pueden afectar el presupuesto total de la entidad en un valor ≥0,5%. - Pago de sanciones económicas por incumplimiento en la normatividad aplicable ante un ente regulador, las cuales afectan en un valor ≥0,5%del presupuesto general de la entidad. | I39: - No hay interrupción de las operaciones de la entidad. - No se generan sanciones económicas o administrativas. - No se afecta la imagen institucional de forma significativa. | J39: 1
H41: 2.1 Criterios para calificar el impacto - Riesgos de Seguridad Digital.
G42: NIVEL | H42: Impacto (consecuencias) Cuantitativo | I42: Impacto (consecuencias) Cualitativo | J42: Nivel
G43: CATASTRÓFICO | H43: - Afectación ≥25% de la población - Afectación ≥30% del presupuesto anual de la entidad - Afectación muy grave del Medio Ambiente que requiere de ≥2 años de recuperación | I43: - Afectación muy grave de la integridad de la información debido al interés particular de los empleados y terceros - Afectación muy grave de la disponibilidad de la información debido al interés particular de los empleados y terceros - Afectación muy grave confidencialidad de la información debido al interés particular de los empleados y terceros | J43: 5
G44: MAYOR | H44: - Afectación ≥15% de la población - Afectación ≥20% del presupuesto anual de la entidad - Afectación importante del Medio Ambiente que requiere de ≥12 meses de recuperación | I44: - Afectación grave de la integridad de la información debido al interés particular de los empleados y terceros - Afectación grave de la disponibilidad de la información debido al interés particular de los empleados y terceros - Afectación grave de la confidencialidad de la información debido al interés particular de los empleados y terceros | J44: 4
G45: MODERADO | H45: - Afectación ≥10% de la población - Afectación ≥10% del presupuesto anual de la entidad - Afectación leve del Medio Ambiente requiere de ≥4 semanas de recuperación | I45: - Afectación moderada de la disponibilidad de la información debido al interés particular de los empleados y terceros - Afectación moderada de la confidencialidad de la información debido al interés particular de los empleados y terceros | J45: 3
G46: MENOR | H46: - Afectación ≥3% de la población - Afectación ≥3% del presupuesto anual de la entidad - Afectación leve del Medio Ambiente requiere de ≥5 días de recuperación | I46: - Afectación leve de la integridad Afectación leve de la disponibilidad Afectación leve de la confidencialidad - Afectación moderada de la integridad de la información debido al interés particular de los empleados y terceros | J46: 2
G47: INSIGNIFICANTE | H47: - Afectación ≥0,5% de la población - Afectación ≥0,5% del presupuesto anual de la entidad - No hay Afectación medioambiental | I47: - Sin afectación de la integridad - Sin afectación de la disponibilidad Sin afectación de la confidencialidad | J47: 1
G52: No. | H52: Pregunta | I52: Respuesta
H53: Si el riesgo de corrupción se materializa podría... | I53: SI | J53: NO
G54: 1 | H54: ¿Afectar al grupo de funcionarios del proceso?
G55: 2 | H55: ¿Afectar el cumplimiento de metas y objetivos de la dependencia?
G56: 3 | H56: ¿Afectar el cumplimiento de misión de la Entidad?
G57: 4 | H57: ¿Afectar el cumplimiento de la misión del sector al que pertenece la Entidad?
G58: 5 | H58: ¿Generar pérdida de confianza de la Entidad, afectando su reputación?
G59: 6 | H59: ¿Generar pérdida de recursos económicos?
G60: 7 | H60: ¿Afectar la generación de los productos o la prestación de servicios?
G61: 8 | H61: ¿Dar lugar al detrimento de calidad de vida de la comunidad por la pérdida del bien o servicios o los recursos públicos?
G62: 9 | H62: ¿Generar pérdida de información de la Entidad?
G63: 10 | H63: ¿Generar intervención de los órganos de control, de la Fiscalía, u otro ente?
G64: 11 | H64: ¿Dar lugar a procesos sancionatorios?
G65: 12 | H65: ¿Dar lugar a procesos disciplinarios?
... G72: 19 | H72: ¿Generar daño ambiental?
G73: Total | I73: =COUNTIF(I54:I72,"x") -> 0 | J73: =COUNTIF(J54:J72,"x") -> 0
G74: Nota: Marque con una X la respuesta
H76: Impacto | I76: =IF(I73<6,"Moderado",IF(I73<12,"Mayor","Catastrofico")) -> Moderado
H81: Clasificación del Riesgo | I81: Comentario | L81: PROBABILIDAD | P81: IMPACTO
L82: Nivel | M82: Probabilidad | N82: Descripción | P82: Nivel | Q82: Impacto | R82: Descripción Económica o Presupuestal | S82: Descripción Reputacional | U82: 1 | V82: Muy Alta | W82: =U82*$W$88 -> 0.2 | X82: =U82*$X$88 -> 0.4 | Y82: =U82*$Y$88 -> 0.6 | Z82: =U82*$Z$88 -> 0.8 | AA82: =U82*$AA$88 -> 1
H83: Continuidad del Negocio | I83: Relacionado a la interrupción no deseada o escenarios que afecten la vida de las personas o bienes de la Entidad, interrumpiendo sus funciones criticas parcial o totalmente | L83: 1 | M83: Muy Alta | N83: La actividad se realiza más de 1500 veces al año | P83: 1 | Q83: Catastrófico | R83: Pérdida económica superior a 1500 SMLMV | S83: Deterioro de imagen con efecto publicitario sostenido a nivel Internacional | U83: 0.8 | V83: Alta | W83: =U83*$W$88 -> 0.16 | X83: =U83*$X$88 -> 0.32 | Y83: =U83*$Y$88 -> 0.48 | Z83: =U83*$Z$88 -> 0.64 | AA83: =U83*$AA$88 -> 0.8
H84: Corrupción | I84: Posibilidad de que, por acción u omisión, se use el poder para desviar la gestión de lo público hacia un beneficio privado | L84: 0.8 | M84: Alta | N84: La actividad se realiza entre 366 a 1500 veces al año | P84: 0.8 | Q84: Mayor | R84: Pérdida económica de 319 hasta 1500 SMLMV | S84: Deterioro de imagen con efecto publicitario sostenido a nivel Nacional o Territorial | U84: 0.6 | V84: Media | W84: =U84*$W$88 -> 0.12 | X84: =U84*$X$88 -> 0.24 | Y84: =U84*$Y$88 -> 0.36 | Z84: =U84*$Z$88 -> 0.48 | AA84: =U84*$AA$88 -> 0.6
H85: Daño Antijurídico | I85: Falencia administrativa que ocasiona litigiosidad y puede ser tanto una acción como una omisión de la Entidad en desarrollo de sus actividades | L85: 0.6 | M85: Media | N85: La actividad se realiza entre 13 y 365 veces al año | P85: 0.6 | Q85: Moderado | R85: Pérdida económica de 21 hasta 318 SMLMV | S85: Deterioro de imagen con efecto publicitario sostenido a nivel Local o Sectores Administrativos | U85: 0.4 | V85: Baja | W85: =U85*$W$88 -> 0.08 | X85: =U85*$X$88 -> 0.16 | Y85: =U85*$Y$88 -> 0.24 | Z85: =U85*$Z$88 -> 0.32 | AA85: =U85*$AA$88 -> 0.4
H86: Daños a activos físicos | I86: Pérdidas por daños o extravíos de los activos físicos por desastres naturales y otros eventos | L86: 0.4 | M86: Baja | N86: La actividad se realiza entre 5 y 12 veces al año | P86: 0.4 | Q86: Menor | R86: Pérdida económica de 11 hasta 20 SMLMV | S86: De conocimiento general de la entidad a nivel interno, Dirección General, Comités Y Proveedores | U86: 0.2 | V86: Muy Baja | W86: =U86*$W$88 -> 0.04 | X86: =U86*$X$88 -> 0.08 | Y86: =U86*$Y$88 -> 0.12 | Z86: =U86*$Z$88 -> 0.16 | AA86: =U86*$AA$88 -> 0.2
H87: Ejecución y administración de procesos | I87: Pérdidas derivadas de errores en la ejecución y administración de los procesos | L87: 0.2 | M87: Muy Baja | N87: La actividad se realiza máximo 4 veces por año | P87: 0.2 | Q87: Leve | R87: Pérdida económica hasta 10 SMLMV | S87: Solo de conocimiento de algunos funcionarios | W87: Leve | X87: Menor | Y87: Moderado | Z87: Mayor | AA87: Catastrófico
H88: Fallas tecnológicas | I88: Pérdidas derivadas por fallas en hardware software, telecomunicaciones o interrupción en los servicios básicos | W88: 0.2 | X88: 0.4 | Y88: 0.6 | Z88: 0.8 | AA88: 1
H89: Fraude Externo | I89: Pérdidas debidas a actos de fraude, apropiación indebida o incumplimiento de leyes por un externo
H90: Fraude Interno | I90: Pérdidas debido a actos de fraude, actuaciones irregulares, comisión de hechos delictivos, infidelidades, abuso de confianza apropiación indebida o incumplimiento de regulaciones, legales o internas de la Entidad
H91: Grupos de Valor, Productos o servicios y prácticas de la Entidad | I91: Fallas negligentes o involuntarias de las obligaciones frente a los Grupos de Valor y que impiden satisfacer una obligación profesional frente a estos
H92: Proveedores | I92: Originado por las carencias del servicio prestado por proveedores y empresas subcontratadas
H93: Relaciones Laborales | I93: Pérdidas que surgen de acciones contrarias a las leyes o acuerdos de empleos, salud o seguridad, del pago de demandas por daños personales o de discriminación
H94: Seguridad Digital | I94: Combinación de amenazas y vulnerabilidades en el entorno digital. Puede debilitar el logro de objetivos económicos y sociales, así como afectar la soberanía nacional, la integridad territorial, el orden constitucional y los intereses nacionales. Incluye aspectos relacionados con el ambiente físico, digital y las personas

Sheet Impacto_Riesgos_Corrupción
B2: Cálculos Internos Nivel de Impacto Inherente - Riesgos de Corrupción
B7: Datos sobre el riesgo | F7: Criterios para calificar | Z7: Cálculos internos Impacto Inherente
A8: RESPUESTAS POR ÁREAS | B8: PROCESO | C8: No. | D8: Riesgo | E8: Tipo de riesgo | F8: 1. ¿Afecta al grupo de funcionarios del proceso? | G8: 2. ¿Afecta el cumplimiento de metas y objetivos de la dependencia? | H8: 3. ¿Afecta el cumplimiento de misión de la Entidad? | I8: 4. ¿Afecta el cumplimiento de la misión del sector al que pertenece la Entidad? | J8: 5. ¿Genera pérdida de confianza de la Entidad, afectando su reputación? | K8: 6. ¿Genera pérdida de recursos económicos? | L8: 7. ¿Afecta la generación de los productos o la prestación de servicios? | M8: 8. ¿Da lugar al detrimento de calidad de vida de la comunidad por la pérdida del bien o servicios o los recursos públicos? | N8: 9. ¿Genera pérdida de información de la Entidad? | O8: 10. ¿Genera intervención de los órganos de control, de la Fiscalía, u otro ente? | P8: 11. ¿Da lugar a procesos sancionatorios? | Q8: 12. ¿Da lugar a procesos disciplinarios? | R8: 13. ¿Da lugar a procesos fiscales? | S8: 14. ¿Da lugar a procesos penales? | T8: 15. ¿Genera pérdida de credibilidad del sector? | U8: 16. ¿Ocasiona lesiones físicas o pérdida de vidas humanas? | V8: 17. ¿Afecta la imagen regional? | W8: 18. ¿Afecta la imagen nacional? | X8: 19. ¿Genera daño ambiental? | Y8: Total | Z8: Impacto Inherente | AA8: % Impacto Inherente
A9: Oficina Asesora de Planeación | B9: =VLOOKUP(Impacto_Riesgos_Corrupción!C9,Tabla_Riesgos[#All],2,FALSE) -> TODOS LOS PROCESOS | C9: 1 | D9: =VLOOKUP(Impacto_Riesgos_Corrupción!C9,Tabla_Riesgos[#All],3,FALSE) -> Posibilidad de que un funcionario vaya mas allá de las funciones designadas con el fin de obtener un beneficio privado. | E9: =VLOOKUP(Impacto_Riesgos_Corrupción!C9,Tabla_Riesgos[#All],6,FALSE) -> Corrupción | F9: SI | G9: SI | H9: SI | I9: SI | J9: SI | K9: SI | L9: SI | M9: SI | N9: NO | O9: SI | P9: SI | Q9: SI | R9: SI | S9: SI | T9: SI | U9: NO | V9: SI | W9: SI | X9: NO | Y9: =COUNTIF(F9:X9,"SI") -> 16 | Z9: =IF(Y9<=5,"Moderado",IF(Y9<=11,"Mayor",IF(Y9<=19,"Catastrófico",0))) -> Catastrófico | AA9: =IF(Z9="Catastrófico",100%,IF(Z9="Mayor",80%,IF(Z9="Moderado",60%,IF(Z9="Menor",40%,IF(Z9="Leve",20%,0))))) -> 1
A10: Oficina Asesora de Planeación | B10: =VLOOKUP(Impacto_Riesgos_Corrupción!C10,Tabla_Riesgos[#All],2,FALSE) -> TODOS LOS PROCESOS | C10: 3 | D10: =VLOOKUP(Impacto_Riesgos_Corrupción!C10,Tabla_Riesgos[#All],3,FALSE) -> Puede ocurrir intercambio extraoficial de favores, en el cual un individuo se beneficie a si mismo o a un tercero. Amiguismo y clientelismo. | E10: =VLOOKUP(Impacto_Riesgos_Corrupción!C10,Tabla_Riesgos[#All],6,FALSE) -> Corrupción | F10: SI | G10: SI | H10: SI | I10: SI | J10: SI | K10: SI | L10: SI | M10: SI | N10: NO | O10: SI | P10: SI | Q10: SI | R10: SI | S10: SI | T10: SI | U10: NO | V10: SI | W10: SI | X10: SI | Y10: =COUNTIF(F10:X10,"SI") -> 17 | Z10: =IF(Y10<=5,"Moderado",IF(Y10<=11,"Mayor",IF(Y10<=19,"Catastrófico",0))) -> Catastrófico | AA10: =IF(Z10="Catastrófico",100%,IF(Z10="Mayor",80%,IF(Z10="Moderado",60%,IF(Z10="Menor",40%,IF(Z10="Leve",20%,0))))) -> 1
A11: Oficina Asesora de Planeación | B11: =VLOOKUP(Impacto_Riesgos_Corrupción!C11,Tabla_Riesgos[#All],2,FALSE) -> TODOS LOS PROCESOS | C11: 4 | D11: =VLOOKUP(Impacto_Riesgos_Corrupción!C11,Tabla_Riesgos[#All],3,FALSE) -> Puede presentarse situaciones de orden moral y económico que le impidan a un funcionario actuar en forma objetiva e independiente, porque le sea particularmente conveniente. | E11: =VLOOKUP(Impacto_Riesgos_Corrupción!C11,Tabla_Riesgos[#All],6,FALSE) -> Corrupción | F11: SI | G11: SI | H11: SI | I11: SI | J11: SI | K11: SI | L11: SI | M11: SI | N11: NO | O11: SI | P11: SI | Q11: SI | R11: SI | S11: SI | T11: SI | U11: NO | V11: SI | W11: SI | X11: NO | Y11: =COUNTIF(F11:X11,"SI") -> 16 | Z11: =IF(Y11<=5,"Moderado",IF(Y11<=11,"Mayor",IF(Y11<=19,"Catastrófico",0))) -> Catastrófico | AA11: =IF(Z11="Catastrófico",100%,IF(Z11="Mayor",80%,IF(Z11="Moderado",60%,IF(Z11="Menor",40%,IF(Z11="Leve",20%,0))))) -> 1
A12: Oficina Asesora de Planeación | B12: =VLOOKUP(Impacto_Riesgos_Corrupción!C12,Tabla_Riesgos[#All],2,FALSE) -> TODOS LOS PROCESOS | C12: 6 | D12: =VLOOKUP(Impacto_Riesgos_Corrupción!C12,Tabla_Riesgos[#All],3,FALSE) -> Posibilidad de recibir o solicitar cualquier dádiva o beneficio a nombre propio o de terceros con el fin de celebrar un contrato. | E12: =VLOOKUP(Impacto_Riesgos_Corrupción!C12,Tabla_Riesgos[#All],6,FALSE) -> Corrupción | F12: SI | G12: SI | H12: SI | I12: SI | J12: SI | K12: SI | L12: SI | M12: SI | N12: NO | O12: SI | P12: SI | Q12: SI | R12: SI | S12: SI | T12: SI | U12: NO | V12: SI | W12: SI | X12: NO | Y12: =COUNTIF(F12:X12,"SI") -> 16 | Z12: =IF(Y12<=5,"Moderado",IF(Y12<=11,"Mayor",IF(Y12<=19,"Catastrófico",0))) -> Catastrófico | AA12: =IF(Z12="Catastrófico",100%,IF(Z12="Mayor",80%,IF(Z12="Moderado",60%,IF(Z12="Menor",40%,IF(Z12="Leve",20%,0))))) -> 1
A13: Oficina Asesora de Planeación | B13: =VLOOKUP(Impacto_Riesgos_Corrupción!C13,Tabla_Riesgos[#All],2,FALSE) -> TODOS LOS PROCESOS | C13: 7 | D13: =VLOOKUP(Impacto_Riesgos_Corrupción!C13,Tabla_Riesgos[#All],3,FALSE) -> Posibilidad de que un funcionario reciba u ofrezca un soborno, con el fin de dar o recibir un trato especial con una compañía o persona natural. | E13: =VLOOKUP(Impacto_Riesgos_Corrupción!C13,Tabla_Riesgos[#All],6,FALSE) -> Corrupción | F13: SI | G13: SI | H13: SI | I13: SI | J13: SI | K13: SI | L13: SI | M13: SI | N13: NO | O13: SI | P13: SI | Q13: SI | R13: SI | S13: SI | T13: SI | U13: NO | V13: SI | W13: SI | X13: NO | Y13: =COUNTIF(F13:X13,"SI") -> 16 | Z13: =IF(Y13<=5,"Moderado",IF(Y13<=11,"Mayor",IF(Y13<=19,"Catastrófico",0))) -> Catastrófico | AA13: =IF(Z13="Catastrófico",100%,IF(Z13="Mayor",80%,IF(Z13="Moderado",60%,IF(Z13="Menor",40%,IF(Z13="Leve",20%,0))))) -> 1
A14: Oficina Asesora de Planeación | B14: =VLOOKUP(Impacto_Riesgos_Corrupción!C14,Tabla_Riesgos[#All],2,FALSE) -> TODOS LOS PROCESOS | C14: 8 | D14: =VLOOKUP(Impacto_Riesgos_Corrupción!C14,Tabla_Riesgos[#All],3,FALSE) -> Puede incitar la participación de varias personas o compañías para cometer un delito buscando el beneficio propio. Concierto para delinquir. | E14: =VLOOKUP(Impacto_Riesgos_Corrupción!C14,Tabla_Riesgos[#All],6,FALSE) -> Corrupción | F14: SI | G14: SI | H14: SI | I14: SI | J14: SI | K14: SI | L14: SI | M14: SI | N14: NO | O14: SI | P14: SI | Q14: SI | R14: SI | S14: SI | T14: SI | U14: NO | V14: SI | W14: SI | X14: NO | Y14: =COUNTIF(F14:X14,"SI") -> 16 | Z14: =IF(Y14<=5,"Moderado",IF(Y14<=11,"Mayor",IF(Y14<=19,"Catastrófico",0))) -> Catastrófico | AA14: =IF(Z14="Catastrófico",100%,IF(Z14="Mayor",80%,IF(Z14="Moderado",60%,IF(Z14="Menor",40%,IF(Z14="Leve",20%,0))))) -> 1
A15: Oficina Asesora de Planeación | B15: =VLOOKUP(Impacto_Riesgos_Corrupción!C15,Tabla_Riesgos[#All],2,FALSE) -> TODOS LOS PROCESOS | C15: 9 | D15: =VLOOKUP(Impacto_Riesgos_Corrupción!C15,Tabla_Riesgos[#All],3,FALSE) -> Puede ocurrir que un funcionario abuse de su cargo o funciones para inducir a otra persona a dar o prometer dinero o cualquier otro beneficio indebido. | E15: =VLOOKUP(Impacto_Riesgos_Corrupción!C15,Tabla_Riesgos[#All],6,FALSE) -> Corrupción | F15: SI | G15: SI | H15: SI | I15: SI | J15: SI | K15: SI | L15: SI | M15: SI | N15: NO | O15: SI | P15: SI | Q15: SI | R15: SI | S15: SI | T15: SI | U15: NO | V15: SI | W15: SI | X15: NO | Y15: =COUNTIF(F15:X15,"SI") -> 16 | Z15: =IF(Y15<=5,"Moderado",IF(Y15<=11,"Mayor",IF(Y15<=19,"Catastrófico",0))) -> Catastrófico | AA15: =IF(Z15="Catastrófico",100%,IF(Z15="Mayor",80%,IF(Z15="Moderado",60%,IF(Z15="Menor",40%,IF(Z15="Leve",20%,0))))) -> 1
A16: Oficina Asesora de Planeación | B16: =VLOOKUP(Impacto_Riesgos_Corrupción!C16,Tabla_Riesgos[#All],2,FALSE) -> TODOS LOS PROCESOS | C16: 10 | D16: =VLOOKUP(Impacto_Riesgos_Corrupción!C16,Tabla_Riesgos[#All],3,FALSE) -> Puede ocurrir que teniendo conocimiento de una conducta delictiva, no se informe a las autoridades por temor a repercusiones sociales o financieras. Omisión de denuncia | E16: =VLOOKUP(Impacto_Riesgos_Corrupción!C16,Tabla_Riesgos[#All],6,FALSE) -> Corrupción | F16: SI | G16: SI | H16: SI | I16: SI | J16: SI | K16: SI | L16: SI | M16: SI | N16: NO | O16: SI | P16: SI | Q16: SI | R16: SI | S16: SI | T16: SI | U16: NO | V16: SI | W16: SI | X16: NO | Y16: =COUNTIF(F16:X16,"SI") -> 16 | Z16: =IF(Y16<=5,"Moderado",IF(Y16<=11,"Mayor",IF(Y16<=19,"Catastrófico",0))) -> Catastrófico | AA16: =IF(Z16="Catastrófico",100%,IF(Z16="Mayor",80%,IF(Z16="Moderado",60%,IF(Z16="Menor",40%,IF(Z16="Leve",20%,0))))) -> 1
A17: Oficina Asesora de Planeación | B17: =VLOOKUP(Impacto_Riesgos_Corrupción!C17,Tabla_Riesgos[#All],2,FALSE) -> TODOS LOS PROCESOS | C17: 11 | D17: =VLOOKUP(Impacto_Riesgos_Corrupción!C17,Tabla_Riesgos[#All],3,FALSE) -> Posibilidad de que uno o varios funcionarios utilicen de forma indebida la información privilegiada de los sistemas de información para obtener beneficio privado. | E17: =VLOOKUP(Impacto_Riesgos_Corrupción!C17,Tabla_Riesgos[#All],6,FALSE) -> Corrupción | F17: SI | G17: SI | H17: SI | I17: SI | J17: SI | K17: SI | L17: SI | M17: SI | N17: SI | O17: SI | P17: SI | Q17: SI | R17: SI | S17: SI | T17: SI | U17: NO | V17: SI | W17: SI | X17: NO | Y17: =COUNTIF(F17:X17,"SI") -> 17 | Z17: =IF(Y17<=5,"Moderado",IF(Y17<=11,"Mayor",IF(Y17<=19,"Catastrófico",0))) -> Catastrófico | AA17: =IF(Z17="Catastrófico",100%,IF(Z17="Mayor",80%,IF(Z17="Moderado",60%,IF(Z17="Menor",40%,IF(Z17="Leve",20%,0))))) -> 1
A18: Oficina Asesora de Planeación | B18: =VLOOKUP(Impacto_Riesgos_Corrupción!C18,Tabla_Riesgos[#All],2,FALSE) -> TODOS LOS PROCESOS | C18: 13 | D18: =VLOOKUP(Impacto_Riesgos_Corrupción!C18,Tabla_Riesgos[#All],3,FALSE) -> Puede ocurrir apropiación ilegal, en beneficio propio o de un tercero, de los bienes del estado. | E18: =VLOOKUP(Impacto_Riesgos_Corrupción!C18,Tabla_Riesgos[#All],6,FALSE) -> Corrupción | F18: NO | G18: NO | H18: NO | I18: NO | J18: NO | K18: NO | L18: NO | M18: NO | N18: NO | O18: NO | P18: NO | Q18: NO | R18: NO | S18: NO | T18: NO | U18: NO | V18: NO | W18: NO | X18: NO | Y18: =COUNTIF(F18:X18,"SI") -> 0 | Z18: =IF(Y18<=5,"Moderado",IF(Y18<=11,"Mayor",IF(Y18<=19,"Catastrófico",0))) -> Moderado | AA18: =IF(Z18="Catastrófico",100%,IF(Z18="Mayor",80%,IF(Z18="Moderado",60%,IF(Z18="Menor",40%,IF(Z18="Leve",20%,0))))) -> 0.6
A19: Oficina Asesora de Planeación | B19: =VLOOKUP(Impacto_Riesgos_Corrupción!C19,Tabla_Riesgos[#All],2,FALSE) -> EVALUACIÒN Y CONTROL | C19: 128 | D19: =VLOOKUP(Impacto_Riesgos_Corrupción!C19,Tabla_Riesgos[#All],3,FALSE) -> Puede ocurrir que se presente manipulación o direccionamiento de información procesada o generada en el marco de la actividad de la auditoría interna, con el fin de obtener provecho propio o de un tercero | E19: =VLOOKUP(Impacto_Riesgos_Corrupción!C19,Tabla_Riesgos[#All],6,FALSE) -> Corrupción | F19: NO | G19: NO | H19: NO | I19: NO | J19: NO | K19: NO | L19: NO | M19: NO | N19: NO | O19: NO | P19: NO | Q19: NO | R19: NO | S19: NO | T19: NO | U19: NO | V19: NO | W19: NO | X19: NO | Y19: =COUNTIF(F19:X19,"SI") -> 0 | Z19: =IF(Y19<=5,"Moderado",IF(Y19<=11,"Mayor",IF(Y19<=19,"Catastrófico",0))) -> Moderado | AA19: =IF(Z19="Catastrófico",100%,IF(Z19="Mayor",80%,IF(Z19="Moderado",60%,IF(Z19="Menor",40%,IF(Z19="Leve",20%,0))))) -> 0.6
A20: Archivo y Correspondencia | B20: TODOS LOS PROCESOS | C20: 1 | D20: Posibilidad de que un funcionario vaya mas allá de las funciones designadas con el fin de obtener un beneficio privado. | E20: Corrupción | F20: SI | G20: SI | H20: SI | I20: SI | J20: SI | K20: SI | L20: SI | M20: SI | N20: SI | O20: SI | P20: SI | Q20: SI | R20: SI | S20: SI | T20: SI | U20: NO | V20: SI | W20: SI | X20: NO | Y20: =COUNTIF(F20:X20,"SI") -> 17 | Z20: =IF(Y20<=5,"Moderado",IF(Y20<=11,"Mayor",IF(Y20<=19,"Catastrófico",0))) -> Catastrófico | AA20: =IF(Z20="Catastrófico",100%,IF(Z20="Mayor",80%,IF(Z20="Moderado",60%,IF(Z20="Menor",40%,IF(Z20="Leve",20%,0))))) -> 1
A21: Archivo y Correspondencia | B21: TODOS LOS PROCESOS | C21: 3 | D21: Puede ocurrir intercambio extraoficial de favores, en el cual un individuo se beneficie a si mismo o aun tercero. Amiguismo y clientelismo. | E21: Corrupción | F21: SI | G21: SI | H21: SI | I21: SI | J21: SI | K21: SI | L21: SI | M21: SI | N21: SI | O21: SI | P21: SI | Q21: SI | R21: SI | S21: SI | T21: SI | U21: NO | V21: SI | W21: SI | X21: NO | Y21: =COUNTIF(F21:X21,"SI") -> 17 | Z21: =IF(Y21<=5,"Moderado",IF(Y21<=11,"Mayor",IF(Y21<=19,"Catastrófico",0))) -> Catastrófico | AA21: =IF(Z21="Catastrófico",100%,IF(Z21="Mayor",80%,IF(Z21="Moderado",60%,IF(Z21="Menor",40%,IF(Z21="Leve",20%,0))))) -> 1
A22: Archivo y Correspondencia | B22: TODOS LOS PROCESOS | C22: 4 | D22: Puede presentarse situaciones de orden moral y económico que le impidan a un funcionario actuar en forma objetiva e independiente, porque le sea particularmente conveniente. | E22: Corrupción | F22: SI | G22: SI | H22: SI | I22: SI | J22: SI | K22: SI | L22: SI | M22: SI | N22: SI | O22: SI | P22: SI | Q22: SI | R22: SI | S22: SI | T22: SI | U22: NO | V22: SI | W22: SI | X22: NO | Y22: =COUNTIF(F22:X22,"SI") -> 17 | Z22: =IF(Y22<=5,"Moderado",IF(Y22<=11,"Mayor",IF(Y22<=19,"Catastrófico",0))) -> Catastrófico | AA22: =IF(Z22="Catastrófico",100%,IF(Z22="Mayor",80%,IF(Z22="Moderado",60%,IF(Z22="Menor",40%,IF(Z22="Leve",20%,0))))) -> 1
A23: Archivo y Correspondencia | B23: TODOS LOS PROCESOS | C23: 6 | D23: Posibilidad de recibir o solicitar cualquier dádiva o beneficio a nombre propio o de terceros con el fin de celebrar un contrato. | E23: Corrupción | F23: SI | G23: SI | H23: SI | I23: SI | J23: SI | K23: SI | L23: SI | M23: SI | N23: SI | O23: SI | P23: SI | Q23: SI | R23: SI | S23: SI | T23: SI | U23: NO | V23: SI | W23: SI | X23: NO | Y23: =COUNTIF(F23:X23,"SI") -> 17 | Z23: =IF(Y23<=5,"Moderado",IF(Y23<=11,"Mayor",IF(Y23<=19,"Catastrófico",0))) -> Catastrófico | AA23: =IF(Z23="Catastrófico",100%,IF(Z23="Mayor",80%,IF(Z23="Moderado",60%,IF(Z23="Menor",40%,IF(Z23="Leve",20%,0))))) -> 1
A24: Archivo y Correspondencia | B24: TODOS LOS PROCESOS | C24: 7 | D24: Posibilidad de que un funcionario reciba u ofrezca un soborno, con el fin de dar o recibir un trato especial con una compañía o persona natural. | E24: Corrupción | F24: SI | G24: SI | H24: SI | I24: SI | J24: SI | K24: SI | L24: SI | M24: SI | N24: SI | O24: SI | P24: SI | Q24: SI | R24: SI | S24: SI | T24: SI | U24: NO | V24: SI | W24: SI | X24: NO | Y24: =COUNTIF(F24:X24,"SI") -> 17 | Z24: =IF(Y24<=5,"Moderado",IF(Y24<=11,"Mayor",IF(Y24<=19,"Catastrófico",0))) -> Catastrófico | AA24: =IF(Z24="Catastrófico",100%,IF(Z24="Mayor",80%,IF(Z24="Moderado",60%,IF(Z24="Menor",40%,IF(Z24="Leve",20%,0))))) -> 1
A25: Archivo y Correspondencia | B25: TODOS LOS PROCESOS | C25: 8 | D25: Puede incitar la participación de varias personas o compañías para cometer un delito buscando el beneficio propio. Concierto para delinquir. | E25: Corrupción | F25: SI | G25: SI | H25: SI | I25: SI | J25: SI | K25: SI | L25: SI | M25: SI | N25: SI | O25: SI | P25: SI | Q25: SI | R25: SI | S25: SI | T25: SI | U25: NO | V25: SI | W25: SI | X25: NO | Y25: =COUNTIF(F25:X25,"SI") -> 17 | Z25: =IF(Y25<=5,"Moderado",IF(Y25<=11,"Mayor",IF(Y25<=19,"Catastrófico",0))) -> Catastrófico | AA25: =IF(Z25="Catastrófico",100%,IF(Z25="Mayor",80%,IF(Z25="Moderado",60%,IF(Z25="Menor",40%,IF(Z25="Leve",20%,0))))) -> 1
A26: Archivo y Correspondencia | B26: TODOS LOS PROCESOS | C26: 9 | D26: Puede ocurrir que un funcionario abuse de su cargo o funciones para inducir a otra persona a dar o prometer dinero o cualquier otro beneficio indebido. | E26: Corrupción | F26: SI | G26: SI | H26: SI | I26: SI | J26: SI | K26: SI | L26: SI | M26: SI | N26: SI | O26: SI | P26: SI | Q26: SI | R26: SI | S26: SI | T26: SI | U26: NO | V26: SI | W26: SI | X26: NO | Y26: =COUNTIF(F26:X26,"SI") -> 17 | Z26: =IF(Y26<=5,"Moderado",IF(Y26<=11,"Mayor",IF(Y26<=19,"Catastrófico",0))) -> Catastrófico | AA26: =IF(Z26="Catastrófico",100%,IF(Z26="Mayor",80%,IF(Z26="Moderado",60%,IF(Z26="Menor",40%,IF(Z26="Leve",20%,0))))) -> 1
A27: Archivo y Correspondencia | B27: TODOS LOS PROCESOS | C27: 10 | D27: Puede ocurrir que teniendo conocimiento de una conducta delictiva, no se informe a las autoridades por temor a repercusiones sociales o financieras. Omisión de denuncia | E27: Corrupción | F27: SI | G27: SI | H27: SI | I27: SI | J27: SI | K27: SI | L27: SI | M27: SI | N27: SI | O27: SI | P27: SI | Q27: SI | R27: SI | S27: SI | T27: SI | U27: NO | V27: SI | W27: SI | X27: NO | Y27: =COUNTIF(F27:X27,"SI") -> 17 | Z27: =IF(Y27<=5,"Moderado",IF(Y27<=11,"Mayor",IF(Y27<=19,"Catastrófico",0))) -> Catastrófico | AA27: =IF(Z27="Catastrófico",100%,IF(Z27="Mayor",80%,IF(Z27="Moderado",60%,IF(Z27="Menor",40%,IF(Z27="Leve",20%,0))))) -> 1
A28: Archivo y Correspondencia | B28: TODOS LOS PROCESOS | C28: 11 | D28: Posibilidad de que uno o varios funcionarios utilicen de forma indebida la información privilegiada de los sistemas de información para obtener beneficio privado. | E28: Corrupción | F28: SI | G28: SI | H28: SI | I28: SI | J28: SI | K28: SI | L28: SI | M28: SI | N28: SI | O28: SI | P28: SI | Q28: SI | R28: SI | S28: SI | T28: SI | U28: NO | V28: SI | W28: SI | X28: NO | Y28: =COUNTIF(F28:X28,"SI") -> 17 | Z28: =IF(Y28<=5,"Moderado",IF(Y28<=11,"Mayor",IF(Y28<=19,"Catastrófico",0))) -> Catastrófico | AA28: =IF(Z28="Catastrófico",100%,IF(Z28="Mayor",80%,IF(Z28="Moderado",60%,IF(Z28="Menor",40%,IF(Z28="Leve",20%,0))))) -> 1
A29: Archivo y Correspondencia | B29: TODOS LOS PROCESOS | C29: 13 | D29: Puede ocurrir apropiación ilegal, en beneficio propio o de un tercero, de los bienes del estado. | E29: Corrupción | F29: SI | G29: SI | H29: SI | I29: SI | J29: SI | K29: SI | L29: SI | M29: SI | N29: SI | O29: SI | P29: SI | Q29: SI | R29: SI | S29: SI | T29: SI | U29: NO | V29: SI | W29: SI | X29: NO | Y29: =COUNTIF(F29:X29,"SI") -> 17 | Z29: =IF(Y29<=5,"Moderado",IF(Y29<=11,"Mayor",IF(Y29<=19,"Catastrófico",0))) -> Catastrófico | AA29: =IF(Z29="Catastrófico",100%,IF(Z29="Mayor",80%,IF(Z29="Moderado",60%,IF(Z29="Menor",40%,IF(Z29="Leve",20%,0))))) -> 1
A30: Control Interno | B30: TODOS LOS PROCESOS | C30: 1 | D30: Posibilidad de que un funcionario vaya mas allá de las funciones designadas con el fin de obtener un beneficio privado. | E30: Corrupción | F30: SI | G30: SI | H30: NO | I30: NO | J30: SI | K30: SI | L30: SI | M30: NO | N30: SI | O30: SI | P30: SI | Q30: SI | R30: SI | S30: SI | T30: SI | U30: NO | V30: NO | W30: SI | X30: NO | Y30: =COUNTIF(F30:X30,"SI") -> 13 | Z30: =IF(Y30<=5,"Moderado",IF(Y30<=11,"Mayor",IF(Y30<=19,"Catastrófico",0))) -> Catastrófico | AA30: =IF(Z30="Catastrófico",100%,IF(Z30="Mayor",80%,IF(Z30="Moderado",60%,IF(Z30="Menor",40%,IF(Z30="Leve",20%,0))))) -> 1
A31: Control Interno | B31: TODOS LOS PROCESOS | C31: 3 | D31: Puede ocurrir intercambio extraoficial de favores, en el cual un individuo se beneficie a si mismo o aun tercero. Amiguismo y clientelismo. | E31: Corrupción | F31: SI | G31: SI | H31: NO | I31: NO | J31: SI | K31: SI | L31: SI | M31: NO | N31: SI | O31: SI | P31: SI | Q31: SI | R31: SI | S31: SI | T31: SI | U31: NO | V31: NO | W31: SI | X31: NO | Y31: =COUNTIF(F31:X31,"SI") -> 13 | Z31: =IF(Y31<=5,"Moderado",IF(Y31<=11,"Mayor",IF(Y31<=19,"Catastrófico",0))) -> Catastrófico | AA31: =IF(Z31="Catastrófico",100%,IF(Z31="Mayor",80%,IF(Z31="Moderado",60%,IF(Z31="Menor",40%,IF(Z31="Leve",20%,0))))) -> 1
... A40: Control Interno | B40: EVALUACIÒN Y CONTROL | C40: 128 | D40: Puede ocurrir que se presente manipulación o direccionamiento de información procesada o generada en el marco de la actividad de la auditoría interna, con el fin de obtener provecho propio o de un tercero. | E40: Corrupción | F40: NO | G40: NO | H40: NO | I40: NO | J40: SI | K40: NO | L40: NO | M40: NO | N40: SI | O40: SI | P40: SI | Q40: SI | R40: SI | S40: SI | T40: SI | U40: NO | V40: SI | W40: SI | X40: NO | Y40: =COUNTIF(F40:X40,"SI") -> 10 | Z40: =IF(Y40<=5,"Moderado",IF(Y40<=11,"Mayor",IF(Y40<=19,"Catastrófico",0))) -> Mayor | AA40: =IF(Z40="Catastrófico",100%,IF(Z40="Mayor",80%,IF(Z40="Moderado",60%,IF(Z40="Menor",40%,IF(Z40="Leve",20%,0))))) -> 0.8
A41: Gerencia de Contratos | B41: TODOS LOS PROCESOS | C41: 1 | D41: Posibilidad de que un funcionario vaya mas allá de las funciones designadas con el fin de obtener un beneficio privado. | E41: Corrupción | F41: SI | G41: SI | H41: SI | I41: SI | J41: SI | K41: NO | L41: SI | N41: NO | O41: SI | P41: SI | Q41: SI | R41: NO | S41: SI | T41: SI | V41: SI | W41: SI | X41: NO | Y41: =COUNTIF(F41:X41,"SI") -> 13 | Z41: =IF(Y41<=5,"Moderado",IF(Y41<=11,"Mayor",IF(Y41<=19,"Catastrófico",0))) -> Catastrófico | AA41: =IF(Z41="Catastrófico",100%,IF(Z41="Mayor",80%,IF(Z41="Moderado",60%,IF(Z41="Menor",40%,IF(Z41="Leve",20%,0))))) -> 1
A42: Gerencia de Contratos | B42: TODOS LOS PROCESOS | C42: 3 | D42: Puede ocurrir intercambio extraoficial de favores, en el cual un individuo se beneficie a si mismo o aun tercero. Amiguismo y clientelismo. | E42: Corrupción | F42: SI | G42: SI | H42: SI | I42: SI | J42: SI | K42: NO | L42: SI | M42: NO | N42: SI | O42: SI | P42: SI | Q42: SI | R42: NO | S42: SI | T42: SI | U42: NO | V42: SI | W42: SI | X42: NO | Y42: =COUNTIF(F42:X42,"SI") -> 14 | Z42: =IF(Y42<=5,"Moderado",IF(Y42<=11,"Mayor",IF(Y42<=19,"Catastrófico",0))) -> Catastrófico | AA42: =IF(Z42="Catastrófico",100%,IF(Z42="Mayor",80%,IF(Z42="Moderado",60%,IF(Z42="Menor",40%,IF(Z42="Leve",20%,0))))) -> 1
A43: Gerencia de Contratos | B43: TODOS LOS PROCESOS | C43: 4 | D43: Puede presentarse situaciones de orden moral y económico que le impidan a un funcionario actuar en forma objetiva e independiente, porque le sea particularmente conveniente. | E43: Corrupción | F43: NO | G43: SI | H43: SI | I43: NO | J43: SI | K43: NO | L43: NO | M43: NO | N43: NO | O43: SI | P43: SI | Q43: SI | R43: SI | S43: SI | T43: SI | U43: NO | V43: SI | W43: SI | X43: NO | Y43: =COUNTIF(F43:X43,"SI") -> 11 | Z43: =IF(Y43<=5,"Moderado",IF(Y43<=11,"Mayor",IF(Y43<=19,"Catastrófico",0))) -> Mayor | AA43: =IF(Z43="Catastrófico",100%,IF(Z43="Mayor",80%,IF(Z43="Moderado",60%,IF(Z43="Menor",40%,IF(Z43="Leve",20%,0))))) -> 0.8
A44: Gerencia de Contratos | B44: TODOS LOS PROCESOS | C44: 6 | D44: Posibilidad de recibir o solicitar cualquier dádiva o beneficio a nombre propio o de terceros con el fin de celebrar un contrato. | E44: Corrupción | F44: SI | G44: SI | H44: SI | I44: NO | J44: SI | K44: NO | L44: NO | M44: NO | N44: NO | O44: SI | P44: SI | Q44: SI | R44: SI | S44: SI | T44: SI | U44: SI | V44: SI | W44: SI | X44: NO | Y44: =COUNTIF(F44:X44,"SI") -> 13 | Z44: =IF(Y44<=5,"Moderado",IF(Y44<=11,"Mayor",IF(Y44<=19,"Catastrófico",0))) -> Catastrófico | AA44: =IF(Z44="Catastrófico",100%,IF(Z44="Mayor",80%,IF(Z44="Moderado",60%,IF(Z44="Menor",40%,IF(Z44="Leve",20%,0))))) -> 1
A45: Gerencia de Contratos | B45: TODOS LOS PROCESOS | C45: 7 | D45: Posibilidad de que un funcionario reciba u ofrezca un soborno, con el fin de dar o recibir un trato especial con una compañía o persona natural. | E45: Corrupción | F45: SI | G45: NO | H45: NO | I45: NO | J45: SI | K45: NO | L45: NO | M45: NO | N45: NO | O45: SI | P45: SI | Q45: SI | R45: NO | S45: SI | T45: SI | U45: NO | V45: SI | W45: SI | X45: NO | Y45: =COUNTIF(F45:X45,"SI") -> 9 | Z45: =IF(Y45<=5,"Moderado",IF(Y45<=11,"Mayor",IF(Y45<=19,"Catastrófico",0))) -> Mayor | AA45: =IF(Z45="Catastrófico",100%,IF(Z45="Mayor",80%,IF(Z45="Moderado",60%,IF(Z45="Menor",40%,IF(Z45="Leve",20%,0))))) -> 0.8
A46: Gerencia de Contratos | B46: TODOS LOS PROCESOS | C46: 8 | D46: Puede incitar la participación de varias personas o compañías para cometer un delito buscando el beneficio propio. Concierto para delinquir. | E46: Corrupción | F46: SI | G46: NO | H46: NO | I46: NO | J46: SI | K46: SI | L46: SI | M46: NO | N46: NO | O46: SI | P46: SI | Q46: SI | R46: SI | S46: SI | T46: SI | U46: NO | V46: SI | W46: SI | X46: NO | Y46: =COUNTIF(F46:X46,"SI") -> 12 | Z46: =IF(Y46<=5,"Moderado",IF(Y46<=11,"Mayor",IF(Y46<=19,"Catastrófico",0))) -> Catastrófico | AA46: =IF(Z46="Catastrófico",100%,IF(Z46="Mayor",80%,IF(Z46="Moderado",60%,IF(Z46="Menor",40%,IF(Z46="Leve",20%,0))))) -> 1
A47: Gerencia de Contratos | B47: TODOS LOS PROCESOS | C47: 9 | D47: Puede ocurrir que un funcionario abuse de su cargo o funciones para inducir a otra persona a dar o prometer dinero o cualquier otro beneficio indebido. | E47: Corrupción | F47: SI | G47: NO | H47: NO | I47: NO | J47: SI | K47: SI | L47: SI | M47: NO | N47: NO | O47: SI | P47: NO | Q47: SI | R47: SI | S47: SI | T47: SI | U47: NO | V47: SI | W47: SI | X47: NO | Y47: =COUNTIF(F47:X47,"SI") -> 11 | Z47: =IF(Y47<=5,"Moderado",IF(Y47<=11,"Mayor",IF(Y47<=19,"Catastrófico",0))) -> Mayor | AA47: =IF(Z47="Catastrófico",100%,IF(Z47="Mayor",80%,IF(Z47="Moderado",60%,IF(Z47="Menor",40%,IF(Z47="Leve",20%,0))))) -> 0.8
A48: Gerencia de Contratos | B48: TODOS LOS PROCESOS | C48: 10 | D48: Puede ocurrir que teniendo conocimiento de una conducta delictiva, no se informe a las autoridades por temor a repercusiones sociales o financieras. Omisión de denuncia | E48: Corrupción | F48: SI | G48: NO | H48: NO | I48: NO | J48: SI | K48: SI | L48: SI | M48: NO | N48: NO | O48: SI | P48: NO | Q48: SI | R48: SI | S48: SI | T48: SI | U48: SI | V48: SI | W48: SI | X48: NO | Y48: =COUNTIF(F48:X48,"SI") -> 12 | Z48: =IF(Y48<=5,"Moderado",IF(Y48<=11,"Mayor",IF(Y48<=19,"Catastrófico",0))) -> Catastrófico | AA48: =IF(Z48="Catastrófico",100%,IF(Z48="Mayor",80%,IF(Z48="Moderado",60%,IF(Z48="Menor",40%,IF(Z48="Leve",20%,0))))) -> 1
A49: Gerencia de Contratos | B49: TODOS LOS PROCESOS | C49: 11 | D49: Posibilidad de que uno o varios funcionarios utilicen de forma indebida la información privilegiada de los sistemas de información para obtener beneficio privado. | E49: Corrupción | F49: SI | G49: SI | H49: SI | I49: SI | J49: SI | K49: SI | L49: SI | M49: NO | N49: SI | O49: SI | P49: SI | Q49: SI | R49: SI | S49: SI | T49: SI | U49: SI | V49: SI | W49: SI | X49: NO | Y49: =COUNTIF(F49:X49,"SI") -> 17 | Z49: =IF(Y49<=5,"Moderado",IF(Y49<=11,"Mayor",IF(Y49<=19,"Catastrófico",0))) -> Catastrófico | AA49: =IF(Z49="Catastrófico",100%,IF(Z49="Mayor",80%,IF(Z49="Moderado",60%,IF(Z49="Menor",40%,IF(Z49="Leve",20%,0))))) -> 1
A50: Gerencia de Contratos | B50: TODOS LOS PROCESOS | C50: 13 | D50: Puede ocurrir apropiación ilegal, en beneficio propio o de un tercero, de los bienes del estado. | E50: Corrupción | F50: SI | G50: SI | H50: SI | I50: SI | J50: SI | K50: SI | L50: SI | M50: SI | N50: SI | O50: SI | P50: SI | Q50: SI | R50: SI | S50: SI | T50: SI | U50: SI | V50: SI | W50: SI | X50: NO | Y50: =COUNTIF(F50:X50,"SI") -> 18 | Z50: =IF(Y50<=5,"Moderado",IF(Y50<=11,"Mayor",IF(Y50<=19,"Catastrófico",0))) -> Catastrófico | AA50: =IF(Z50="Catastrófico",100%,IF(Z50="Mayor",80%,IF(Z50="Moderado",60%,IF(Z50="Menor",40%,IF(Z50="Leve",20%,0))))) -> 1
A51: Gerencia de Inmuebles | B51: TODOS LOS PROCESOS | C51: 1 | D51: Posibilidad de que un funcionario vaya mas allá de las funciones designadas con el fin de obtener un beneficio privado. | E51: Corrupción | F51: SI | G51: SI | H51: SI | I51: SI | J51: SI | K51: SI | L51: SI | M51: SI | N51: SI | O51: SI | P51: SI | Q51: SI | R51: SI | S51: SI | T51: SI | U51: NO | V51: SI | W51: SI | X51: NO | Y51: =COUNTIF(F51:X51,"SI") -> 17 | Z51: =IF(Y51<=5,"Moderado",IF(Y51<=11,"Mayor",IF(Y51<=19,"Catastrófico",0))) -> Catastrófico | AA51: =IF(Z51="Catastrófico",100%,IF(Z51="Mayor",80%,IF(Z51="Moderado",60%,IF(Z51="Menor",40%,IF(Z51="Leve",20%,0))))) -> 1
A52: Gerencia de Inmuebles | B52: TODOS LOS PROCESOS | C52: 3 | D52: Puede ocurrir intercambio extraoficial de favores, en el cual un individuo se beneficie a si mismo o aun tercero. Amiguismo y clientelismo. | E52: Corrupción | F52: SI | G52: SI | H52: SI | I52: SI | J52: SI | K52: SI | L52: SI | M52: SI | N52: SI | O52: SI | P52: SI | Q52: SI | R52: SI | S52: SI | T52: SI | U52: NO | V52: SI | W52: SI | X52: NO | Y52: =COUNTIF(F52:X52,"SI") -> 17 | Z52: =IF(Y52<=5,"Moderado",IF(Y52<=11,"Mayor",IF(Y52<=19,"Catastrófico",0))) -> Catastrófico | AA52: =IF(Z52="Catastrófico",100%,IF(Z52="Mayor",80%,IF(Z52="Moderado",60%,IF(Z52="Menor",40%,IF(Z52="Leve",20%,0))))) -> 1
A53: Gerencia de Inmuebles | B53: TODOS LOS PROCESOS | C53: 4 | D53: Puede presentarse situaciones de orden moral y económico que le impidan a un funcionario actuar en forma objetiva e independiente, porque le sea particularmente conveniente. | E53: Corrupción | F53: SI | G53: SI | H53: SI | I53: SI | J53: SI | K53: SI | L53: SI | M53: SI | N53: SI | O53: SI | P53: SI | Q53: SI | R53: SI | S53: SI | T53: SI | U53: NO | V53: SI | W53: SI | X53: NO | Y53: =COUNTIF(F53:X53,"SI") -> 17 | Z53: =IF(Y53<=5,"Moderado",IF(Y53<=11,"Mayor",IF(Y53<=19,"Catastrófico",0))) -> Catastrófico | AA53: =IF(Z53="Catastrófico",100%,IF(Z53="Mayor",80%,IF(Z53="Moderado",60%,IF(Z53="Menor",40%,IF(Z53="Leve",20%,0))))) -> 1
... A137: Oficina de Comunicaciones | B137: TODOS LOS PROCESOS | C137: 13 | D137: Puede ocurrir apropiación ilegal, en beneficio propio o de un tercero, de los bienes del estado. | E137: Corrupción | F137: NO | G137: NO | H137: NO | I137: NO | J137: NO | K137: NO | L137: NO | M137: NO | N137: NO | O137: NO | P137: NO | Q137: NO | R137: NO | S137: NO | T137: NO | U137: NO | V137: NO | W137: NO | X137: NO | Y137: =COUNTIF(F137:X137,"SI") -> 0 | Z137: =IF(Y137<=5,"Moderado",IF(Y137<=11,"Mayor",IF(Y137<=19,"Catastrófico",0))) -> Moderado | AA137: =IF(Z137="Catastrófico",100%,IF(Z137="Mayor",80%,IF(Z137="Moderado",60%,IF(Z137="Menor",40%,IF(Z137="Leve",20%,0))))) -> 0.6

Sheet Promedio de Controles
A3: Etiquetas de fila | B3: Promedio de # Columnas en la matriz de riesgo que se desplaza en el eje de impacto | C3: Promedio de # Columnas en la matriz de riesgo que se desplaza en el eje de la probabilidad | D3: # de Riesgo | E3: Redondeo de probabilidad | F3: Redondeo de Impacto | I3: Corrupción | J3: Seguridad de la información | K3: Operativos
A4: 1 | B4: 1.4444444 | C4: 1.5185185 | D4: 1 | E4: 2 | F4: 1 | I4: 1
A5: 3 | B5: 1.8421053 | C5: 1.3684211 | D5: 3 | E5: 1 | F5: 2 | I5: 3
A6: 4 | B6: 2 | C6: 1.5 | D6: 4 | E6: 2 | F6: 2 | I6: 4
A7: 5 | B7: 1.75 | C7: 0.5 | D7: 5 | E7: 1 | F7: 2 | K7: 5
A8: 6 | B8: 1.9473684 | C8: 0.73684211 | D8: 6 | E8: 1 | F8: 2 | I8: 6
A9: 7 | B9: 1.7333333 | C9: 0.73333333 | D9: 7 | E9: 1 | F9: 2 | I9: 7
A10: 8 | B10: 1.5652174 | C10: 1.7391304 | D10: 8 | E10: 2 | F10: 2 | I10: 8
A11: 9 | B11: 1.6551724 | C11: 0.89655172 | D11: 9 | E11: 1 | F11: 2 | I11: 9
A12: 10 | B12: 1.6 | C12: 1 | D12: 10 | E12: 1 | F12: 2 | I12: 10
A13: 11 | B13: 1.6956522 | C13: 1 | D13: 11 | E13: 1 | F13: 2 | I13: 11
A14: 12 | B14: 1.8333333 | C14: 0.72222222 | D14: 12 | E14: 1 | F14: 2 | K14: 12
A15: 13 | B15: 1.7142857 | C15: 0.92857143 | D15: 13 | E15: 1 | F15: 2 | I15: 13
A16: 14 | B16: 1.75 | C16: 0.75 | D16: 14 | E16: 1 | F16: 2 | K16: 14
A17: 15 | B17: 2 | C17: 1.5 | D17: 15 | E17: 2 | F17: 2 | K17: 15
A18: 16 | B18: 1.375 | C18: 0.75 | D18: 16 | E18: 1 | F18: 1 | K18: 16
A19: 17 | B19: 2 | C19: 2 | D19: 17 | E19: 2 | F19: 2 | K19: 17
A20: 18 | B20: 1.6 | C20: 1 | D20: 18 | E20: 1 | F20: 2 | K20: 18
A21: 19 | B21: 1.6363636 | C21: 0.81818182 | D21: 19 | E21: 1 | F21: 2 | K21: 19
A22: 20 | B22: 1.8 | C22: 1.2 | D22: 20 | E22: 1 | F22: 2 | J22: 20
A23: 21 | B23: 1.6666667 | C23: 1.1333333 | D23: 21 | E23: 1 | F23: 2 | K23: 21
A24: 22 | B24: 2 | C24: 2 | D24: 22 | E24: 2 | F24: 2 | K24: 22
A25: 23 | B25: 2 | C25: 2 | D25: 23 | E25: 2 | F25: 2 | K25: 23
A26: 24 | B26: 1.6666667 | C26: 1.1666667 | D26: 24 | E26: 1 | F26: 2 | K26: 24
A27: 25 | B27: 1.9444444 | C27: 1 | D27: 25 | E27: 1 | F27: 2 | K27: 25
A28: 26 | B28: 1.8461538 | C28: 0.76923077 | D28: 26 | E28: 1 | F28: 2 | K28: 26
A29: 27 | B29: 2 | C29: 1.7142857 | D29: 27 | E29: 2 | F29: 2 | J29: 27
A30: 28 | B30: 2 | C30: 2 | D30: 28 | E30: 2 | F30: 2 | K30: 28
A31: 30 | B31: 2 | C31: 2 | D31: 30 | E31: 2 | F31: 2
A32: 31 | B32: 1.6428571 | C32: 1.0714286 | D32: 31 | E32: 1 | F32: 2 | K32: 31
A33: 33 | B33: 2 | C33: 2 | D33: 33 | E33: 2 | F33: 2
A34: 34 | B34: 2 | C34: 0.8 | D34: 34 | E34: 1 | F34: 2 | K34: 34
A35: 35 | B35: 2 | C35: 2 | D35: 35 | E35: 2 | F35: 2
A36: 37 | B36: 2 | C36: 2 | D36: 37 | E36: 2 | F36: 2 | K36: 37
A37: 38 | B37: 2 | C37: 2 | D37: 38 | E37: 2 | F37: 2 | K37: 38
A38: 39 | B38: 2 | C38: 1.5 | D38: 39 | E38: 2 | F38: 2 | K38: 39
A39: 40 | B39: 2 | C39: 1 | D39: 40 | E39: 2 | F39: 2 | K39: 40
A40: 41 | B40: 2 | C40: 1 | D40: 41 | E40: 2 | F40: 2 | K40: 41
A41: 42 | B41: 2 | C41: 1 | D41: 42 | E41: 2 | F41: 2 | K41: 42
A42: 43 | B42: 2 | C42: 2 | D42: 43 | E42: 2 | F42: 2 | K42: 43
A43: 44 | B43: 1.75 | C43: 1.75 | D43: 44 | E43: 2 | F43: 2 | K43: 44
A44: 45 | B44: 2 | C44: 2 | D44: 45 | E44: 2 | F44: 2
A45: 48 | B45: 2 | C45: 2 | D45: 48 | E45: 2 | F45: 2
A46: 49 | B46: 2 | C46: 1 | D46: 49 | E46: 1 | F46: 2 | K46: 49
A47: 50 | B47: 2 | C47: 2 | D47: 50 | E47: 2 | F47: 2 | K47: 50
A48: 51 | B48: #DIV/0! | C48: #DIV/0! | D48: 51 | E48: #DIV/0! | F48: #DIV/0! | K48: 51
A49: 52 | B49: 2 | C49: 2 | D49: 52 | E49: 2 | F49: 2 | K49: 52
A50: 53 | B50: 2 | C50: 2 | D50: 53 | E50: 2 | F50: 2 | J50: 53
A51: 54 | B51: 2 | C51: 0.8 | D51: 54 | E51: 1 | F51: 2 | K51: 54
A52: 55 | B52: 1.5 | C52: 1.5 | D52: 55 | E52: 2 | F52: 2 | K52: 55
A53: 56 | B53: 1.6666667 | C53: 1.6666667 | D53: 56 | E53: 2 | F53: 2 | K53: 56
A54: 57 | B54: 1.5 | C54: 1 | D54: 57 | E54: 1 | F54: 2 | K54: 57
A55: 58 | B55: 1.5 | C55: 1 | D55: 58 | E55: 1 | F55: 2
A56: 59 | B56: 1.6666667 | C56: 1 | D56: 59 | E56: 1 | F56: 2 | K56: 59
A57: 60 | B57: 2 | C57: 1 | D57: 60 | E57: 1 | F57: 2 | K57: 60
A58: 61 | B58: 2 | C58: 2 | D58: 61 | E58: 2 | F58: 2 | K58: 61
A59: 62 | B59: 2 | C59: 2 | D59: 62 | E59: 2 | F59: 2 | K59: 62
A60: 63 | B60: 2 | C60: 2 | D60: 63 | E60: 2 | F60: 2
A61: 64 | B61: 2 | C61: 2 | D61: 64 | E61: 2 | F61: 2 | K61: 64
A62: 65 | B62: 1.5 | C62: 1.75 | D62: 65 | E62: 2 | F62: 2 | K62: 65
A63: 66 | B63: 2 | C63: 2 | D63: 66 | E63: 2 | F63: 2 | K63: 66
A64: 67 | B64: 1.625 | C64: 1.625 | D64: 67 | E64: 2 | F64: 2 | J64: 67
A65: 68 | B65: 2 | C65: 2 | D65: 68 | E65: 2 | F65: 2 | J65: 68
A66: 70 | B66: 2 | C66: 2 | D66: 70 | E66: 2 | F66: 2 | J66: 70
A67: 71 | B67: 2 | C67: 2 | D67: 71 | E67: 2 | F67: 2
A68: 72 | B68: 2 | C68: 2 | D68: 72 | E68: 2 | F68: 2 | K68: 72
A69: 73 | B69: 2 | C69: 2 | D69: 73 | E69: 2 | F69: 2 | J69: 73
A70: 74 | B70: 1.5 | C70: 1.5 | D70: 74 | E70: 2 | F70: 2
A71: 75 | B71: 1.6666667 | C71: 1.6666667 | D71: 75 | E71: 2 | F71: 2 | J71: 75
A72: 76 | B72: 1.5 | C72: 1.5 | D72: 76 | E72: 2 | F72: 2 | K72: 76
A73: 77 | B73: 2 | C73: 1 | D73: 77 | E73: 1 | F73: 2
A74: 78 | B74: 2 | C74: 2 | D74: 78 | E74: 2 | F74: 2
A75: 79 | B75: 2 | C75: 1.3333333 | D75: 79 | E75: 1 | F75: 2
A76: 80 | B76: 2 | C76: 2 | D76: 80 | E76: 2 | F76: 2
A77: 81 | B77: 2 | C77: 1.6 | D77: 81 | E77: 2 | F77: 2 | K77: 81
A78: 82 | B78: 2 | C78: 2 | D78: 82 | E78: 2 | F78: 2 | K78: 82
A79: 83 | B79: 2 | C79: 2 | D79: 83 | E79: 2 | F79: 2 | K79: 83
A80: 84 | B80: 2 | C80: 2 | D80: 84 | E80: 2 | F80: 2 | K80: 84
A81: 85 | B81: 2 | C81: 2 | D81: 85 | E81: 2 | F81: 2 | K81: 85
A82: 86 | B82: 2 | C82: 1.3333333 | D82: 86 | E82: 1 | F82: 2
A83: 87 | B83: 2 | C83: 2 | D83: 87 | E83: 2 | F83: 2 | K83: 87
A84: 88 | B84: 2 | C84: 2 | D84: 88 | E84: 2 | F84: 2 | J84: 88
A85: 89 | B85: 2 | C85: 2 | D85: 89 | E85: 2 | F85: 2
A86: 101 | B86: 2 | C86: 2 | D86: 101 | E86: 2 | F86: 2 | J86: 101
A87: 102 | B87: 1 | C87: 1 | D87: 102 | E87: 1 | F87: 1 | K87: 102
A88: 105 | B88: 2 | C88: 0 | D88: 105 | E88: 0 | F88: 2 | K88: 105
A89: 106 | B89: 2 | C89: 0.66666667 | D89: 106 | E89: 1 | F89: 2 | K89: 106
A90: 107 | B90: 2 | C90: 0.66666667 | D90: 107 | E90: 1 | F90: 2 | K90: 107
A91: 108 | B91: 2 | C91: 1 | D91: 108 | E91: 1 | F91: 2 | K91: 108
A92: 109 | B92: 2 | C92: 0 | D92: 109 | E92: 0 | F92: 2 | K92: 109
A93: 110 | B93: 1.5 | C93: 0.5 | D93: 110 | E93: 1 | F93: 2 | K93: 110
A94: 112 | B94: 1.5 | C94: 0.5 | D94: 112 | E94: 1 | F94: 2 | K94: 112
A95: 114 | B95: 2 | C95: 2 | D95: 114 | E95: 2 | F95: 2 | K95: 114
A96: 116 | B96: 2 | C96: 2 | D96: 116 | E96: 2 | F96: 2 | K96: 116
A97: 128 | B97: 2 | C97: 2 | D97: 128 | E97: 2 | F97: 2 | I97: 128
A98: 129 | B98: 2 | C98: 2 | D98: 129 | E98: 2 | F98: 2 | K98: 129
A99: 131 | B99: #DIV/0! | C99: #DIV/0! | D99: 131 | E99: #DIV/0! | F99: #DIV/0! | K99: 131
A100: 132 | B100: 2 | C100: 1 | D100: 132 | E100: 1 | F100: 2 | K100: 132
A101: 133 | B101: 2 | C101: 2 | D101: 133 | E101: 2 | F101: 2 | K101: 133
A102: 134 | B102: 2 | C102: 0 | D102: 134 | E102: 0 | F102: 2 | K102: 134
...

Sheet Mapa_riesgos_corrupción
A2: Mapa de Riesgos de corrupción 2021
A4: Sociedad de Activos Especiales S.A.S.
A8: IDENTIFICACIÓN DEL RIESGO | L8: ANÁLISIS DEL RIESGO | Q8: EVALUACIÓN DEL RIESGO | AH8: PLAN DE TRATAMIENTO DE MITIGACIÓN
A9: Numero | B9: Procesos/ Objetivo | C9: Objetivo del Proceso | D9: Impacto | E9: Causa Inmediata | F9: Causa Raíz | G9: Descripción del Riesgo | H9: Causas | I9: Consecuencia | J9: Factor del Riesgo | K9: Clasificación del Riesgo | L9: Frecuencia de la Actividad | M9: Probabilidad Inherente | N9: % Probabilidad | O9: Impacto Inherente | P9: % Impacto Inherente | Q9: Zona de Riesgo Inherente | R9: No. Control | S9: Desripción del Control | T9: Tipo de Control | U9: Afectación del control | V9: Implementación | W9: Calificación del Control | X9: Documentación | Y9: Frecuencia | Z9: Evidencia | AA9: Probabilidad Residual por Control | AB9: Probabilidad Residual Final | AC9: % Probabilidad Residual Final | AD9: Impacto Residual por Control | AE9: Impacto Residual Final | AF9: % Impacto Residual Final | AG9: Zona de Riesgo Residual | AH9: Tratamiento | AI9: Plan de Acción de Mitigación | AJ9: Responsable | AK9: Fecha Implementación | AL9: Fecha Seguimiento | AM9: Seguimiento | AN9: Estado
A11: 1 | B11: =+VLOOKUP(A11,Tabla_Riesgos[[Número]:[Área]],2,FALSE) -> TODOS LOS PROCESOS | G11: =+VLOOKUP(A11,Tabla_Riesgos[[Número]:[Área]],3,FALSE) -> Posibilidad de que un funcionario vaya mas allá de las funciones designadas con el fin de obtener un beneficio privado. | H11: Debido a que las funciones definidas para cada uno de los funcionarios no abarquen la totalidad de funciones del Área Debido a que no se cuente con la totalidad de procedimientos definidos Debido a que no se conocen las funciones de cada uno de los cargos | I11: Generación de Sanciones (penales, disciplinarias, morales) Pérdida de imagen reputacional | J11: Talento Humano | K11: Corrupción | L11: 247 | M11: =IF(L11<=2,"Muy Baja",IF(L11<=24,"Baja",IF(L11<=500,"Media",IF(L11<=5000,"Alta",IF(L11>5000,"Muy Alta"," "))))) -> Media | N11: =IF(M11="Muy alta",100%,IF(M11="Alta",80%,IF(M11="Media",60%,IF(M11="Baja",40%,IF(M11="Muy baja",20%,0%))))) -> 0.6 | O11: =IF(P11=100%,"Catastrófico",IF(P11=80%,"Mayor",IF(P11=60%,"Moderado",IF(P11=40%,"Menor",IF(P11=20%,"Leve"," "))))) -> Catastrófico | P11: =IFERROR(ROUND(AVERAGEIF(Impacto_Riesgos_Corrupción!$C$9:$AA$137,Mapa_riesgos_corrupción!A11,Impacto_Riesgos_Corrupción!$AA$9:$AA$137),0),0) -> 1 | Q11: =IF(OR(AND(M11="Muy Baja",O11="Leve"),AND(M11="Muy Baja",O11="Menor"),AND(M11="Baja",O11="Leve")),"Bajo",IF(OR(AND(M11="Muy Baja",O11="Moderado"),AND(M11="Baja",O11="Menor"),AND(M11="Baja",O11="Moderado"),AND(M11="Media",O11="Leve"),AND(M11="Media",O11="Menor"),AND(M11="Media",O11="Moderado"),AND(M11="Alta",O11="Leve"),AND(M11="Alta",O11="Menor")),"Moderado",IF(OR(AND(M11="Muy Baja",O11="Mayor"),AND(M11="Baja",O11="Mayor"),AND(M11="Media",O11="Mayor"),AND(M11="Alta",O11="Moderado"),AND(M11="Alta",O11="Mayor"),AND(M11="Muy Alta",O11="Leve"),AND(M11="Muy Alta",O11="Menor"),AND(M11="Muy Alta",O11="Moderado"),AND(M11="Muy Alta",O11="Mayor")),"Alto",IF(OR(AND(M11="Muy Alta",O11="Catastrófico"),AND(M11="Alta",O11="Catastrófico"),AND(M11="Media",O11="Catastrófico"),AND(M11="Baja",O11="Catastrófico"),AND(M11="Muy Baja",O11="Catastrófico")),"Extremo"," ")))) -> Extremo | R11: 01_01 | S11: El Gerente de Talento Humano y los lideres de área validan de manera conjunta la comunicación de funciones a cada servidor de manera oportuna a partir de las funciones del cargo a desempeñar | T11: Preventivo | U11: =IF(T11=0," ",IF(T11="Correctivo","Impacto","Probabilidad")) -> Probabilidad | V11: Manual | W11: =SUM(IF(T11="Preventivo",25%,IF(T11="Detectivo",15%,IF(T11="Correctivo",10%,0%))),IF(V11="Automático",25%,IF(V11="Manual",15%,0%))) -> 0.4 | X11: Documentado | Y11: Continua | Z11: Con registro | AA11: =IF(U11="Probabilidad",(N11-(N11*W11)),N11) -> 0.36 | AB11: =IF(AC11<=20%,"Muy Baja",IF(AC11<=40%,"Baja",IF(AC11<=60%,"Media",IF(AC11<=80%,"Alta",IF(AC11<=100%,"Muy Alta",0%))))) -> Muy Baja | AC11: =AA17 -> 0.02667168 | AD11: =IF(U11="Impacto",(P11-(P11*W11)),P11) -> 1 | AE11: =IF(AF11<=20%,"Leve",IF(AF11<=40%,"Menor",IF(AF11<=60%,"Moderado",IF(AF11<=80%,"Mayor",IF(AF11<=100%,"Catastrófico",0%))))) -> Catastrófico | AF11: =AD17 -> 1 | AG11: =IF(OR(AND(AB11="Muy Baja",AE11="Leve"),AND(AB11="Muy Baja",AE11="Menor"),AND(AB11="Baja",AE11="Leve")),"Bajo",IF(OR(AND(AB11="Muy Baja",AE11="Moderado"),AND(AB11="Baja",AE11="Menor"),AND(AB11="Baja",AE11="Moderado"),AND(AB11="Media",AE11="Leve"),AND(AB11="Media",AE11="Menor"),AND(AB11="Media",AE11="Moderado"),AND(AB11="Alta",AE11="Leve"),AND(AB11="Alta",AE11="Menor")),"Moderado",IF(OR(AND(AB11="Muy Baja",AE11="Mayor"),AND(AB11="Baja",AE11="Mayor"),AND(AB11="Media",AE11="Mayor"),AND(AB11="Alta",AE11="Moderado"),AND(AB11="Alta",AE11="Mayor"),AND(AB11="Muy Alta",AE11="Leve"),AND(AB11="Muy Alta",AE11="Menor"),AND(AB11="Muy Alta",AE11="Moderado"),AND(AB11="Muy Alta",AE11="Mayor")),"Alto",IF(OR(AND(AB11="Muy Alta",AE11="Catastrófico"),AND(AB11="Alta",AE11="Catastrófico"),AND(AB11="Media",AE11="Catastrófico"),AND(AB11="Baja",AE11="Catastrófico"),AND(AB11="Muy Baja",AE11="Catastrófico")),"Extremo",0%)))) -> Extremo | AH11: Reducir - Mitigación | AI11: Realizar capacitación sobre el código de ética y los efectos disciplinarios que conllevan actos inapropiados por parte de los Funcionarios de la SAE | AJ11: Gerencia de Talento Humano | AK11: 44270 | AL11: 44296 | AN11: Sin iniciar
R12: 01_02 | S12: El Profesional Especializado III (Oficial de Seguridad) asigna los permisos de seguridad en aplicativos a los perfiles de usuarios solicitados y aprobados por los lideres de procesos, mediante la parametrización en los aplicativos y el registro en la matriz de seguridad de usuarios y perfiles por aplicativo. | T12: Preventivo | U12: =IF(T12=0," ",IF(T12="Correctivo","Impacto","Probabilidad")) -> Probabilidad | V12: Manual | W12: =SUM(IF(T12="Preventivo",25%,IF(T12="Detectivo",15%,IF(T12="Correctivo",10%,0%))),IF(V12="Automático",25%,IF(V12="Manual",15%,0%))) -> 0.4 | X12: Documentado | Y12: Continua | Z12: Con registro | AA12: =IF(U12="Probabilidad",(AA11-(AA11*W12)),AA11) -> 0.216 | AD12: =IF(U12="Impacto",(AD11-(AD11*W12)),AD11) -> 1 | AI12: Realizar capacitación sobre los efectos penales en los que incurre los colaboradores de SAE | AJ12: Gerencia de Asuntos Legales | AK12: 44459 | AL12: 44480 | AN12: Sin iniciar
R13: 01_03 | S13: El Profesional de la Gerencia de Asuntos Legales revisa a solicitud de las áreas la proyección de decretos de creación de comités para la toma de decisiones junto con sus funciones respectivas, realizando los respectivos ajustes y generando su numeración y comunicación cuando sea requerido. | T13: Preventivo | U13: =IF(T13=0," ",IF(T13="Correctivo","Impacto","Probabilidad")) -> Probabilidad | V13: Manual | W13: =SUM(IF(T13="Preventivo",25%,IF(T13="Detectivo",15%,IF(T13="Correctivo",10%,0%))),IF(V13="Automático",25%,IF(V13="Manual",15%,0%))) -> 0.4 | X13: Documentado | Y13: Aleatoria | Z13: Con registro | AA13: =IF(U13="Probabilidad",(AA12-(AA12*W13)),AA12) -> 0.1296 | AD13: =IF(U13="Impacto",(AD12-(AD12*W13)),AD12) -> 1 | AI13: Brindar una inducción específica del cargo a los funcionarios y contratistas nuevos, socializandole sus obligaciones contractuales o funciones, las limitaciones de su rol y aspectos éticos a tener en cuenta. | AJ13: Lideres de área | AK13: Todos los meses | AL13: 10/04/2021 10/07/2021 10/10/2021 31/12/2021 | AN13: Sin iniciar
R14: 01_04 | S14: El profesional de la Gerencia de Talento Humano al ingreso de cada servidor le socializa el Código de Ética, formalizando la carta de aceptación y compromiso de cumplimiento con la firma del servidor. | T14: Detectivo | U14: =IF(T14=0," ",IF(T14="Correctivo","Impacto","Probabilidad")) -> Probabilidad | V14: Manual | W14: =SUM(IF(T14="Preventivo",25%,IF(T14="Detectivo",15%,IF(T14="Correctivo",10%,0%))),IF(V14="Automático",25%,IF(V14="Manual",15%,0%))) -> 0.3 | X14: Documentado | Y14: Continua | Z14: Con registro | AA14: =IF(U14="Probabilidad",(AA13-(AA13*W14)),AA13) -> 0.09072 | AD14: =IF(U14="Impacto",(AD13-(AD13*W14)),AD13) -> 1 | AI14: Realizar capacitación de riesgos de corrupción para sensibilizar a los funcionarios de las metodologías de gestión y seguimiento de este tipo de riesgos | AJ14: Oficina Asesora de Planeación Gerencia de Talento Humano | AK14: 44270 | AL14: 44296 | AN14: Sin iniciar
R15: 01_05 | S15: El Gerente de Talento Humano y lideres de área realizan la evaluación de rendimiento, cada vez que sea requerido, para realizar seguimiento al cumplimiento de las funciones y compromisos asignados a los Funcionarios de SAE | T15: Detectivo | U15: =IF(T15=0," ",IF(T15="Correctivo","Impacto","Probabilidad")) -> Probabilidad | V15: Manual | W15: =SUM(IF(T15="Preventivo",25%,IF(T15="Detectivo",15%,IF(T15="Correctivo",10%,0%))),IF(V15="Automático",25%,IF(V15="Manual",15%,0%))) -> 0.3 | X15: Documentado | Y15: Aleatoria | Z15: Con registro | AA15: =IF(U15="Probabilidad",(AA14-(AA14*W15)),AA14) -> 0.063504 | AD15: =IF(U15="Impacto",(AD14-(AD14*W15)),AD14) -> 1
R16: 01_06 | S16: El profesional de la Oficina Asesora de Planeación realiza actualizaciones documentales de los procesos de la arquitectura de SAE, cuando sea requerido y a solitud de las áreas, limitando el alcance de las actividades que ejercen los colaboradores de SAE en función de la ejecución de los procesos. | T16: Preventivo | U16: =IF(T16=0," ",IF(T16="Correctivo","Impacto","Probabilidad")) -> Probabilidad | V16: Manual | W16: =SUM(IF(T16="Preventivo",25%,IF(T16="Detectivo",15%,IF(T16="Correctivo",10%,0%))),IF(V16="Automático",25%,IF(V16="Manual",15%,0%))) -> 0.4 | X16: Documentado | Y16: Continua | Z16: Con registro | AA16: =IF(U16="Probabilidad",(AA15-(AA15*W16)),AA15) -> 0.0381024 | AD16: =IF(U16="Impacto",(AD15-(AD15*W16)),AD15) -> 1 | AI16: Realizar capacitación de la dimensión 7 del MIPG, incluida la Gestión de Riesgos desde la perspectiva de Control Interno. | AJ16: Oficina de Control Interno Oficina Asesora de Planeación | AK16: 44278 | AL16: 44296 | AN16: Sin iniciar
R17: 01_07 | S17: El profesional de la Oficina de Control Interno realiza evaluaciones independientes a la gestión institucional de acuerdo con la programación establecida en el Plan Anual de Auditorías Institucional- PAAI a fin de identificar riesgos, desviaciones o irregularidades | T17: Detectivo | U17: =IF(T17=0," ",IF(T17="Correctivo","Impacto","Probabilidad")) -> Probabilidad | V17: Manual | W17: =SUM(IF(T17="Preventivo",25%,IF(T17="Detectivo",15%,IF(T17="Correctivo",10%,0%))),IF(V17="Automático",25%,IF(V17="Manual",15%,0%))) -> 0.3 | X17: Documentado | Y17: Aleatoria | Z17: Con registro | AA17: =IF(U17="Probabilidad",(AA16-(AA16*W17)),AA16) -> 0.02667168 | AD17: =IF(U17="Impacto",(AD16-(AD16*W17)),AD16) -> 1
A18: 3 | B18: =+VLOOKUP(A18,Tabla_Riesgos[[Número]:[Área]],2,FALSE) -> TODOS LOS PROCESOS | G18: =+VLOOKUP(A18,Tabla_Riesgos[[Número]:[Área]],3,FALSE) -> Puede ocurrir intercambio extraoficial de favores, en el cual un individuo se beneficie a si mismo o a un tercero. Amiguismo y clientelismo. | H18: Debido al "contacto permanente" con depositarios, liquidadores y Mandatarios, contratistas, proveedores y arrendatarios Debido a una cultura interna de amiguismo Debido a las relaciones personales derivadas de las relaciones interinstitucionales y con entes de control | I18: Lo cual generaría una pérdida de imagen reputacional Lo cual generaría Sanciones a la entidad y sus funcionarios (penales, disciplinarias, morales) | J18: Talento Humano | K18: Corrupción | L18: 247 | M18: =IF(L18<=2,"Muy Baja",IF(L18<=24,"Baja",IF(L18<=500,"Media",IF(L18<=5000,"Alta",IF(L18>5000,"Muy Alta"," "))))) -> Media | N18: =IF(M18="Muy alta",100%,IF(M18="Alta",80%,IF(M18="Media",60%,IF(M18="Baja",40%,IF(M18="Muy baja",20%,0%))))) -> 0.6 | O18: =IF(P18=100%,"Catastrófico",IF(P18=80%,"Mayor",IF(P18=60%,"Moderado",IF(P18=40%,"Menor",IF(P18=20%,"Leve"," "))))) -> Catastrófico | P18: =IFERROR(ROUND(AVERAGEIF(Impacto_Riesgos_Corrupción!$C$9:$AA$137,Mapa_riesgos_corrupción!A18,Impacto_Riesgos_Corrupción!$AA$9:$AA$137),0),0) -> 1 | Q18: =IF(OR(AND(M18="Muy Baja",O18="Leve"),AND(M18="Muy Baja",O18="Menor"),AND(M18="Baja",O18="Leve")),"Bajo",IF(OR(AND(M18="Muy Baja",O18="Moderado"),AND(M18="Baja",O18="Menor"),AND(M18="Baja",O18="Moderado"),AND(M18="Media",O18="Leve"),AND(M18="Media",O18="Menor"),AND(M18="Media",O18="Moderado"),AND(M18="Alta",O18="Leve"),AND(M18="Alta",O18="Menor")),"Moderado",IF(OR(AND(M18="Muy Baja",O18="Mayor"),AND(M18="Baja",O18="Mayor"),AND(M18="Media",O18="Mayor"),AND(M18="Alta",O18="Moderado"),AND(M18="Alta",O18="Mayor"),AND(M18="Muy Alta",O18="Leve"),AND(M18="Muy Alta",O18="Menor"),AND(M18="Muy Alta",O18="Moderado"),AND(M18="Muy Alta",O18="Mayor")),"Alto",IF(OR(AND(M18="Muy Alta",O18="Catastrófico"),AND(M18="Alta",O18="Catastrófico"),AND(M18="Media",O18="Catastrófico"),AND(M18="Baja",O18="Catastrófico"),AND(M18="Muy Baja",O18="Catastrófico")),"Extremo"," ")))) -> Extremo | R18: 03_01 | S18: El Coordinador del GIT de Servicios Administrativos valida que la Entidad cuente con cámaras y grabación de sonido en sedes de funcionamiento de las zonas únicas de atención al ciudadano, a través de la supervisión del servicio de vigilancia tercerizado. | T18: Detectivo | U18: =IF(T18=0," ",IF(T18="Correctivo","Impacto","Probabilidad")) -> Probabilidad | V18: Manual | W18: =SUM(IF(T18="Preventivo",25%,IF(T18="Detectivo",15%,IF(T18="Correctivo",10%,0%))),IF(V18="Automático",25%,IF(V18="Manual",15%,0%))) -> 0.3 | X18: Documentado | Y18: Continua | Z18: Con registro | AA18: =IF(U18="Probabilidad",(N18-(N18*W18)),N18) -> 0.42 | AB18: =IF(AC18<=20%,"Muy Baja",IF(AC18<=40%,"Baja",IF(AC18<=60%,"Media",IF(AC18<=80%,"Alta",IF(AC18<=100%,"Muy Alta",0%))))) -> Muy Baja | AC18: =AA23 -> 0.0381024 | AD18: =IF(U18="Impacto",(P18-(P18*W18)),P18) -> 1 | AE18: =IF(AF18<=20%,"Leve",IF(AF18<=40%,"Menor",IF(AF18<=60%,"Moderado",IF(AF18<=80%,"Mayor",IF(AF18<=100%,"Catastrófico",0%))))) -> Catastrófico | AF18: =AD23 -> 1 | AG18: =IF(OR(AND(AB18="Muy Baja",AE18="Leve"),AND(AB18="Muy Baja",AE18="Menor"),AND(AB18="Baja",AE18="Leve")),"Bajo",IF(OR(AND(AB18="Muy Baja",AE18="Moderado"),AND(AB18="Baja",AE18="Menor"),AND(AB18="Baja",AE18="Moderado"),AND(AB18="Media",AE18="Leve"),AND(AB18="Media",AE18="Menor"),AND(AB18="Media",AE18="Moderado"),AND(AB18="Alta",AE18="Leve"),AND(AB18="Alta",AE18="Menor")),"Moderado",IF(OR(AND(AB18="Muy Baja",AE18="Mayor"),AND(AB18="Baja",AE18="Mayor"),AND(AB18="Media",AE18="Mayor"),AND(AB18="Alta",AE18="Moderado"),AND(AB18="Alta",AE18="Mayor"),AND(AB18="Muy Alta",AE18="Leve"),AND(AB18="Muy Alta",AE18="Menor"),AND(AB18="Muy Alta",AE18="Moderado"),AND(AB18="Muy Alta",AE18="Mayor")),"Alto",IF(OR(AND(AB18="Muy Alta",AE18="Catastrófico"),AND(AB18="Alta",AE18="Catastrófico"),AND(AB18="Media",AE18="Catastrófico"),AND(AB18="Baja",AE18="Catastrófico"),AND(AB18="Muy Baja",AE18="Catastrófico")),"Extremo",0%)))) -> Extremo | AH18: Reducir - Mitigación | AI18: Realizar capacitación sobre el código de ética y los efectos disciplinarios que conllevan actos inapropiados por parte de los Funcionarios de la SAE | AJ18: Gerencia de Talento Humano | AK18: 44270 | AL18: 44296 | AN18: Sin iniciar
R19: 03_02 | S19: El Coordinador del GIT de Servicios Administrativos valida que el servicio de vigilancia tercerizado registre los visitantes a la Entidad, a través del diligenciamiento del Formato de Control de Visitantes | T19: Preventivo | U19: =IF(T19=0," ",IF(T19="Correctivo","Impacto","Probabilidad")) -> Probabilidad | V19: Manual | W19: =SUM(IF(T19="Preventivo",25%,IF(T19="Detectivo",15%,IF(T19="Correctivo",10%,0%))),IF(V19="Automático",25%,IF(V19="Manual",15%,0%))) -> 0.4 | X19: Documentado | Y19: Continua | Z19: Con registro | AA19: =IF(U19="Probabilidad",(AA18-(AA18*W19)),AA18) -> 0.252 | AD19: =IF(U19="Impacto",(AD18-(AD18*W19)),AD18) -> 1
R20: 03_03 | S20: El profesional de la Gerencia de Talento Humano al ingreso de cada servidor le socializa el Código de Ética, formalizando la carta de aceptación y compromiso de cumplimiento con la firma del servidor. | T20: Preventivo | U20: =IF(T20=0," ",IF(T20="Correctivo","Impacto","Probabilidad")) -> Probabilidad | V20: Manual | W20: =SUM(IF(T20="Preventivo",25%,IF(T20="Detectivo",15%,IF(T20="Correctivo",10%,0%))),IF(V20="Automático",25%,IF(V20="Manual",15%,0%))) -> 0.4 | X20: Documentado | Y20: Continua | Z20: Con registro | AA20: =IF(U20="Probabilidad",(AA19-(AA19*W20)),AA19) -> 0.1512 | AD20: =IF(U20="Impacto",(AD19-(AD19*W20)),AD19) -> 1
R21: 03_04 | S21: El profesional de la Oficina de Control Interno realiza evaluaciones independientes a la gestión institucional de acuerdo con la programación establecida en el Plan Anual de Auditorías Institucional- PAAI a fin de identificar riesgos, desviaciones o irregularidades | T21: Detectivo | U21: =IF(T21=0," ",IF(T21="Correctivo","Impacto","Probabilidad")) -> Probabilidad | V21: Manual | W21: =SUM(IF(T21="Preventivo",25%,IF(T21="Detectivo",15%,IF(T21="Correctivo",10%,0%))),IF(V21="Automático",25%,IF(V21="Manual",15%,0%))) -> 0.3 | X21: Documentado | Y21: Aleatoria | Z21: Con registro | AA21: =IF(U21="Probabilidad",(AA20-(AA20*W21)),AA20) -> 0.10584 | AD21: =IF(U21="Impacto",(AD20-(AD20*W21)),AD20) -> 1 | AI21: Publicar cada vez que sea requerido los términos de referencia y/o pliegos de condiciones de los servicios o productos a contratar para observaciones de los ciudadanos y/o interesados en cada proceso a fin de establecer condiciones equitativas para la participación del proceso | AJ21: Gerencia de Contratos | AK21: Todos los meses | AL21: 10/04/2021 10/07/2021 10/10/2021 31/12/2021 | AN21: Sin iniciar
R22: 03_05 | S22: El profesional de la Oficina de Gestión de la Información asigna licencia de correo corporativo para la centralización de información corporativa, de acuerdo con las necesidades de cada proceso, previa solicitud en la mesa de ayuda | T22: Preventivo | U22: =IF(T22=0," ",IF(T22="Correctivo","Impacto","Probabilidad")) -> Probabilidad | V22: Manual | W22: =SUM(IF(T22="Preventivo",25%,IF(T22="Detectivo",15%,IF(T22="Correctivo",10%,0%))),IF(V22="Automático",25%,IF(V22="Manual",15%,0%))) -> 0.4 | X22: Documentado | Y22: Continua | Z22: Con registro | AA22: =IF(U22="Probabilidad",(AA21-(AA21*W22)),AA21) -> 0.063504 | AD22: =IF(U22="Impacto",(AD21-(AD21*W22)),AD21) -> 1
R23: 03_06 | S23: El Jefe de la Oficina de Gestión de la Información asigna la infraestructura tecnológica necesaria para la comunicación formal externa e interna, apoyados en las diferentes herramientas y sistemas de información, para la ejecución de las actividades institucionales | T23: Preventivo | U23: =IF(T23=0," ",IF(T23="Correctivo","Impacto","Probabilidad")) -> Probabilidad | V23: Manual | W23: =SUM(IF(T23="Preventivo",25%,IF(T23="Detectivo",15%,IF(T23="Correctivo",10%,0%))),IF(V23="Automático",25%,IF(V23="Manual",15%,0%))) -> 0.4 | X23: Documentado | Y23: Continua | Z23: Con registro | AA23: =IF(U23="Probabilidad",(AA22-(AA22*W23)),AA22) -> 0.0381024 | AD23: =IF(U23="Impacto",(AD22-(AD22*W23)),AD22) -> 1
A24: 4 | B24: =+VLOOKUP(A24,Tabla_Riesgos[[Número]:[Área]],2,FALSE) -> TODOS LOS PROCESOS | G24: =+VLOOKUP(A24,Tabla_Riesgos[[Número]:[Área]],3,FALSE) -> Puede presentarse situaciones de orden moral y económico que le impidan a un funcionario actuar en forma objetiva e independiente, porque le sea particularmente conveniente. | H24: Debido a la falta de mecanismos de control en la identificación de posibles conflictos de interés y definición de políticas Debido a una cultura interna de amiguismo Debido a la inexistencia de política de atención psicosocial a los funcionarios de la entidad | I24: Lo cual generaría una pérdida de imagen reputacional Lo cual generaría Sanciones a la entidad y sus funcionarios (penales, disciplinarias, morales) | J24: Talento Humano | K24: Corrupción | L24: 247 | M24: =IF(L24<=2,"Muy Baja",IF(L24<=24,"Baja",IF(L24<=500,"Media",IF(L24<=5000,"Alta",IF(L24>5000,"Muy Alta"," "))))) -> Media | N24: =IF(M24="Muy alta",100%,IF(M24="Alta",80%,IF(M24="Media",60%,IF(M24="Baja",40%,IF(M24="Muy baja",20%,0%))))) -> 0.6 | O24: =IF(P24=100%,"Catastrófico",IF(P24=80%,"Mayor",IF(P24=60%,"Moderado",IF(P24=40%,"Menor",IF(P24=20%,"Leve"," "))))) -> Catastrófico | P24: =IFERROR(ROUND(AVERAGEIF(Impacto_Riesgos_Corrupción!$C$9:$AA$137,Mapa_riesgos_corrupción!A24,Impacto_Riesgos_Corrupción!$AA$9:$AA$137),0),0) -> 1 | Q24: =IF(OR(AND(M24="Muy Baja",O24="Leve"),AND(M24="Muy Baja",O24="Menor"),AND(M24="Baja",O24="Leve")),"Bajo",IF(OR(AND(M24="Muy Baja",O24="Moderado"),AND(M24="Baja",O24="Menor"),AND(M24="Baja",O24="Moderado"),AND(M24="Media",O24="Leve"),AND(M24="Media",O24="Menor"),AND(M24="Media",O24="Moderado"),AND(M24="Alta",O24="Leve"),AND(M24="Alta",O24="Menor")),"Moderado",IF(OR(AND(M24="Muy Baja",O24="Mayor"),AND(M24="Baja",O24="Mayor"),AND(M24="Media",O24="Mayor"),AND(M24="Alta",O24="Moderado"),AND(M24="Alta",O24="Mayor"),AND(M24="Muy Alta",O24="Leve"),AND(M24="Muy Alta",O24="Menor"),AND(M24="Muy Alta",O24="Moderado"),AND(M24="Muy Alta",O24="Mayor")),"Alto",IF(OR(AND(M24="Muy Alta",O24="Catastrófico"),AND(M24="Alta",O24="Catastrófico"),AND(M24="Media",O24="Catastrófico"),AND(M24="Baja",O24="Catastrófico"),AND(M24="Muy Baja",O24="Catastrófico")),"Extremo"," ")))) -> Extremo | R24: 04_01 | S24: El profesional de Talento Humano valida el cumplimiento que los perfiles de los aspirantes sean idóneos en SAE, mediante los procesos de selección y estudio de seguridad. | T24: Preventivo | U24: =IF(T24=0," ",IF(T24="Correctivo","Impacto","Probabilidad")) -> Probabilidad | V24: Manual | W24: =SUM(IF(T24="Preventivo",25%,IF(T24="Detectivo",15%,IF(T24="Correctivo",10%,0%))),IF(V24="Automático",25%,IF(V24="Manual",15%,0%))) -> 0.4 | X24: Documentado | Y24: Continua | Z24: Con registro | AA24: =IF(U24="Probabilidad",(N24-(N24*W24)),N24) -> 0.36 | AB24: =IF(AC24<=20%,"Muy Baja",IF(AC24<=40%,"Baja",IF(AC24<=60%,"Media",IF(AC24<=80%,"Alta",IF(AC24<=100%,"Muy Alta",0%))))) -> Muy Baja | AC24: =AA28 -> 0.09072 | AD24: =IF(U24="Impacto",(P24-(P24*W24)),P24) -> 1 | AE24: =IF(AF24<=20%,"Leve",IF(AF24<=40%,"Menor",IF(AF24<=60%,"Moderado",IF(AF24<=80%,"Mayor",IF(AF24<=100%,"Catastrófico",0%))))) -> Catastrófico | AF24: =AD28 -> 1 | AG24: =IF(OR(AND(AB24="Muy Baja",AE24="Leve"),AND(AB24="Muy Baja",AE24="Menor"),AND(AB24="Baja",AE24="Leve")),"Bajo",IF(OR(AND(AB24="Muy Baja",AE24="Moderado"),AND(AB24="Baja",AE24="Menor"),AND(AB24="Baja",AE24="Moderado"),AND(AB24="Media",AE24="Leve"),AND(AB24="Media",AE24="Menor"),AND(AB24="Media",AE24="Moderado"),AND(AB24="Alta",AE24="Leve"),AND(AB24="Alta",AE24="Menor")),"Moderado",IF(OR(AND(AB24="Muy Baja",AE24="Mayor"),AND(AB24="Baja",AE24="Mayor"),AND(AB24="Media",AE24="Mayor"),AND(AB24="Alta",AE24="Moderado"),AND(AB24="Alta",AE24="Mayor"),AND(AB24="Muy Alta",AE24="Leve"),AND(AB24="Muy Alta",AE24="Menor"),AND(AB24="Muy Alta",AE24="Moderado"),AND(AB24="Muy Alta",AE24="Mayor")),"Alto",IF(OR(AND(AB24="Muy Alta",AE24="Catastrófico"),AND(AB24="Alta",AE24="Catastrófico"),AND(AB24="Media",AE24="Catastrófico"),AND(AB24="Baja",AE24="Catastrófico"),AND(AB24="Muy Baja",AE24="Catastrófico")),"Extremo",0%)))) -> Extremo | AH24: Reducir - Mitigación | AI24: Realizar auditorías de gestión institucional donde se revisen los riesgos que afectan o impactan el objetivo y alcance de la auditoria, y se evaluen los controles asociados a los riesgos como 3era linea de defensa. | AJ24: Oficina de Control Interno | AK24: De acuerdo con programación del PAAI | AL24: 10/04/2021 10/07/2021 10/10/2021 31/12/2021 | AN24: Sin iniciar
R25: 04_02 | S25: El Coordinador del GIT de Conflicto de Interés valida los impedimentos o inhabilidades que presenten los servidores para ejercer sus funciones, mediante la aplicación del procedimiento de conflicto de intereses en la entidad. | T25: Preventivo | U25: =IF(T25=0," ",IF(T25="Correctivo","Impacto","Probabilidad")) -> Probabilidad | V25: Manual | W25: =SUM(IF(T25="Preventivo",25%,IF(T25="Detectivo",15%,IF(T25="Correctivo",10%,0%))),IF(V25="Automático",25%,IF(V25="Manual",15%,0%))) -> 0.4 | X25: Documentado | Y25: Aleatoria | Z25: Con registro | AA25: =IF(U25="Probabilidad",(AA24-(AA24*W25)),AA24) -> 0.216 | AD25: =IF(U25="Impacto",(AD24-(AD24*W25)),AD24) -> 1 | AI25: Realizar seguimiento cuatrimestral al Mapa de Riesgos de Corrupción de acuerdo con la programación establecia en el PAAI 2021. | AJ25: Oficina de Control Interno | AK25: 10/05/2021 10/09/2021 31/12/2021 | AL25: 10/07/2021 10/10/2021 31/12/2021 | AN25: Sin iniciar
R26: 04_03 | S26: El Profesional de la Gerencia Comercial valida que se comuniquen las ofertas y procesos de venta de manera transparente a través de publicación de información en la página web del operador comercial | T26: Preventivo | U26: =IF(T26=0," ",IF(T26="Correctivo","Impacto","Probabilidad")) -> Probabilidad | V26: Manual | W26: =SUM(IF(T26="Preventivo",25%,IF(T26="Detectivo",15%,IF(T26="Correctivo",10%,0%))),IF(V26="Automático",25%,IF(V26="Manual",15%,0%))) -> 0.4 | X26: Documentado | Y26: Continua | Z26: Con registro | AA26: =IF(U26="Probabilidad",(AA25-(AA25*W26)),AA25) -> 0.1296 | AD26: =IF(U26="Impacto",(AD25-(AD25*W26)),AD25) -> 1
R27: 04_04 | S27: El profesional de la Oficina de Control Interno realiza evaluaciones independientes a la gestión institucional de acuerdo con la programación establecida en el Plan Anual de Auditorías Institucional- PAAI a fin de identificar riesgos, desviaciones o irregularidades | T27: Detectivo | U27: =IF(T27=0," ",IF(T27="Correctivo","Impacto","Probabilidad")) -> Probabilidad | V27: Manual | W27: =SUM(IF(T27="Preventivo",25%,IF(T27="Detectivo",15%,IF(T27="Correctivo",10%,0%))),IF(V27="Automático",25%,IF(V27="Manual",15%,0%))) -> 0.3 | X27: Documentado | Y27: Aleatoria | Z27: Con registro | AA27: =IF(U27="Probabilidad",(AA26-(AA26*W27)),AA26) -> 0.09072 | AD27: =IF(U27="Impacto",(AD26-(AD26*W27)),AD26) -> 1 | AI27: Realizar socialización de la gestión del GIT de Conflicto de Interés para que los servidores recurran a este en los casos que se requieran | AJ27: GIT de Conflicto de Interés | AK27: 44270 | AL27: 44296 | AN27: Sin iniciar
U28: =IF(T28=0," ",IF(T28="Correctivo","Impacto","Probabilidad")) | W28: =SUM(IF(T28="Preventivo",25%,IF(T28="Detectivo",15%,IF(T28="Correctivo",10%,0%))),IF(V28="Automático",25%,IF(V28="Manual",15%,0%))) -> 0 | AA28: =IF(U28="Probabilidad",(AA27-(AA27*W28)),AA27) -> 0.09072 | AD28: =IF(U28="Impacto",(AD27-(AD27*W28)),AD27) -> 1
A29: 6 | B29: GESTIÓN DE ADQUISICIONES | G29: =+VLOOKUP(A29,Tabla_Riesgos[[Número]:[Área]],3,FALSE) -> Posibilidad de recibir o solicitar cualquier dádiva o beneficio a nombre propio o de terceros con el fin de celebrar un contrato. | H29: Como consecuencias de la ineficacia de los controles definidos Debido a que no se cuente con lineamientos claros, en términos de conflictos de interés Falta de difusión de los lineamientos o políticas sobre conflictos de interés Inaplicación del Manual de Ética y Buen Gobierno | I29: Lo cual generaría una pérdida de imagen reputacional Lo cual generaría Sanciones a la entidad y sus funcionarios (penales, disciplinarias, morales) Lo cual ocasionaría demandas de la ciudadanía | J29: Talento Humano | K29: Corrupción | L29: 52 | M29: =IF(L29<=2,"Muy Baja",IF(L29<=24,"Baja",IF(L29<=500,"Media",IF(L29<=5000,"Alta",IF(L29>5000,"Muy Alta"," "))))) -> Media | N29: =IF(M29="Muy alta",100%,IF(M29="Alta",80%,IF(M29="Media",60%,IF(M29="Baja",40%,IF(M29="Muy baja",20%,0%))))) -> 0.6 | O29: =IF(P29=100%,"Catastrófico",IF(P29=80%,"Mayor",IF(P29=60%,"Moderado",IF(P29=40%,"Menor",IF(P29=20%,"Leve"," "))))) -> Catastrófico | P29: =IFERROR(ROUND(AVERAGEIF(Impacto_Riesgos_Corrupción!$C$9:$AA$137,Mapa_riesgos_corrupción!A29,Impacto_Riesgos_Corrupción!$AA$9:$AA$137),0),0) -> 1 | Q29: =IF(OR(AND(M29="Muy Baja",O29="Leve"),AND(M29="Muy Baja",O29="Menor"),AND(M29="Baja",O29="Leve")),"Bajo",IF(OR(AND(M29="Muy Baja",O29="Moderado"),AND(M29="Baja",O29="Menor"),AND(M29="Baja",O29="Moderado"),AND(M29="Media",O29="Leve"),AND(M29="Media",O29="Menor"),AND(M29="Media",O29="Moderado"),AND(M29="Alta",O29="Leve"),AND(M29="Alta",O29="Menor")),"Moderado",IF(OR(AND(M29="Muy Baja",O29="Mayor"),AND(M29="Baja",O29="Mayor"),AND(M29="Media",O29="Mayor"),AND(M29="Alta",O29="Moderado"),AND(M29="Alta",O29="Mayor"),AND(M29="Muy Alta",O29="Leve"),AND(M29="Muy Alta",O29="Menor"),AND(M29="Muy Alta",O29="Moderado"),AND(M29="Muy Alta",O29="Mayor")),"Alto",IF(OR(AND(M29="Muy Alta",O29="Catastrófico"),AND(M29="Alta",O29="Catastrófico"),AND(M29="Media",O29="Catastrófico"),AND(M29="Baja",O29="Catastrófico"),AND(M29="Muy Baja",O29="Catastrófico")),"Extremo"," ")))) -> Extremo | R29: 06_01 | S29: El Gerente de Contratos verifica que las necesidades contractuales que presentan las áreas tengan viabilidad jurídica, técnica y financiera mediante la presentación y análisis en el comité de contratación. | T29: Preventivo | U29: =IF(T29=0," ",IF(T29="Correctivo","Impacto","Probabilidad")) -> Probabilidad | V29: Manual | W29: =SUM(IF(T29="Preventivo",25%,IF(T29="Detectivo",15%,IF(T29="Correctivo",10%,0%))),IF(V29="Automático",25%,IF(V29="Manual",15%,0%))) -> 0.4 | X29: Documentado | Y29: Aleatoria | Z29: Con registro | AA29: =IF(U29="Probabilidad",(N29-(N29*W29)),N29) -> 0.36 | AB29: =IF(AC29<=20%,"Muy Baja",IF(AC29<=40%,"Baja",IF(AC29<=60%,"Media",IF(AC29<=80%,"Alta",IF(AC29<=100%,"Muy Alta",0%))))) -> Muy Baja | AC29: =AA33 -> 0.1764 | AD29: =IF(U29="Impacto",(P29-(P29*W29)),P29) -> 1 | AE29: =IF(AF29<=20%,"Leve",IF(AF29<=40%,"Menor",IF(AF29<=60%,"Moderado",IF(AF29<=80%,"Mayor",IF(AF29<=100%,"Catastrófico",0%))))) -> Moderado | AF29: =AD33 -> 0.5625 | AG29: =IF(OR(AND(AB29="Muy Baja",AE29="Leve"),AND(AB29="Muy Baja",AE29="Menor"),AND(AB29="Baja",AE29="Leve")),"Bajo",IF(OR(AND(AB29="Muy Baja",AE29="Moderado"),AND(AB29="Baja",AE29="Menor"),AND(AB29="Baja",AE29="Moderado"),AND(AB29="Media",AE29="Leve"),AND(AB29="Media",AE29="Menor"),AND(AB29="Media",AE29="Moderado"),AND(AB29="Alta",AE29="Leve"),AND(AB29="Alta",AE29="Menor")),"Moderado",IF(OR(AND(AB29="Muy Baja",AE29="Mayor"),AND(AB29="Baja",AE29="Mayor"),AND(AB29="Media",AE29="Mayor"),AND(AB29="Alta",AE29="Moderado"),AND(AB29="Alta",AE29="Mayor"),AND(AB29="Muy Alta",AE29="Leve"),AND(AB29="Muy Alta",AE29="Menor"),AND(AB29="Muy Alta",AE29="Moderado"),AND(AB29="Muy Alta",AE29="Mayor")),"Alto",IF(OR(AND(AB29="Muy Alta",AE29="Catastrófico"),AND(AB29="Alta",AE29="Catastrófico"),AND(AB29="Media",AE29="Catastrófico"),AND(AB29="Baja",AE29="Catastrófico"),AND(AB29="Muy Baja",AE29="Catastrófico")),"Extremo",0%)))) -> Moderado | AH29: Reducir - Mitigación | AI29: Realizar capacitación del manual de contratación y las responsabilidades de los involucrados en las etapas pre-contractuales, contractuales y post-contractuales | AJ29: Gerencia de Contratos | AK29: 44392 | AL29: 44479 | AN29: Sin iniciar
R30: 06_02 | S30: El Gerente de Contratos valida que los procesos de selección de contratación tengan una evaluación financiera, jurídica y técnica asignando un comité evaluador y validando las evaluaciones suministradas. | T30: Detectivo | U30: =IF(T30=0," ",IF(T30="Correctivo","Impacto","Probabilidad")) -> Probabilidad | V30: Manual | W30: =SUM(IF(T30="Preventivo",25%,IF(T30="Detectivo",15%,IF(T30="Correctivo",10%,0%))),IF(V30="Automático",25%,IF(V30="Manual",15%,0%))) -> 0.3 | X30: Documentado | Y30: Continua | Z30: Con registro | AA30: =IF(U30="Probabilidad",(AA29-(AA29*W30)),AA29) -> 0.252 | AD30: =IF(U30="Impacto",(AD29-(AD29*W30)),AD29) -> 1 | AI30: Publicar cada vez que sea requerido los términos de referencia y/o pliegos de condiciones de los servicios o productos a contratar para observaciones de los ciudadanos y/o interesados en cada proceso a fin de establecer condiciones equitativas para la participación del proceso | AJ30: Gerencia de Contratos | AK30: Todos los meses | AL30: 10/04/2021 10/07/2021 10/10/2021 31/12/2021 | AN30: Sin iniciar
R31: 06_03 | S31: El profesional de la Oficina de Control Interno realiza evaluaciones independientes a la gestión institucional de acuerdo con la programación establecida en el Plan Anual de Auditorías Institucional- PAAI a fin de identificar riesgos, desviaciones o irregularidades | T31: Detectivo | U31: =IF(T31=0," ",IF(T31="Correctivo","Impacto","Probabilidad")) -> Probabilidad | V31: Manual | W31: =SUM(IF(T31="Preventivo",25%,IF(T31="Detectivo",15%,IF(T31="Correctivo",10%,0%))),IF(V31="Automático",25%,IF(V31="Manual",15%,0%))) -> 0.3 | X31: Documentado | Y31: Aleatoria | Z31: Con registro | AA31: =IF(U31="Probabilidad",(AA30-(AA30*W31)),AA30) -> 0.1764 | AD31: =IF(U31="Impacto",(AD30-(AD30*W31)),AD30) -> 1
R32: 06_04 | S32: El Gerente de Talento Humano verifica denuncias notificadas de hechos potenciales de corrupción interpuestas a Funcionarios de la SAE a través de la aplicación de procesos disciplinarios y aplicación de sanciones cuando aplique | T32: Correctivo | U32: =IF(T32=0," ",IF(T32="Correctivo","Impacto","Probabilidad")) -> Impacto | V32: Manual | W32: =SUM(IF(T32="Preventivo",25%,IF(T32="Detectivo",15%,IF(T32="Correctivo",10%,0%))),IF(V32="Automático",25%,IF(V32="Manual",15%,0%))) -> 0.25 | X32: Documentado | Y32: Aleatoria | Z32: Con registro | AA32: =IF(U32="Probabilidad",(AA31-(AA31*W32)),AA31) -> 0.1764 | AD32: =IF(U32="Impacto",(AD31-(AD31*W32)),AD31) -> 0.75 | AI32: Realizar reuniones de seguimiento al estado de avance de los procesos contractuales al interior de la Gerencia de Contratos y sus respectivas novedades | AJ32: Gerencia de Contratos | AK32: 31-03-2021 30-06-2021 30-09-2021 30-11-2021 | AL32: 10/04/2021 10/07/2021 10/10/2021 31/12/2021 | AN32: Sin iniciar
R33: 06_05 | S33: El Gerente de Asuntos Legales valida insumos de las acciones delictivas informadas para proceder cuando se requiera con las denuncias relacionadas con hechos de corrupción hacia Funcionarios de la SAE y realiza el seguimiento para la representación legal requerida. | T33: Correctivo | U33: =IF(T33=0," ",IF(T33="Correctivo","Impacto","Probabilidad")) -> Impacto | V33: Manual | W33: =SUM(IF(T33="Preventivo",25%,IF(T33="Detectivo",15%,IF(T33="Correctivo",10%,0%))),IF(V33="Automático",25%,IF(V33="Manual",15%,0%))) -> 0.25 | X33: Documentado | Y33: Aleatoria | Z33: Con registro | AA33: =IF(U33="Probabilidad",(AA32-(AA32*W33)),AA32) -> 0.1764 | AD33: =IF(U33="Impacto",(AD32-(AD32*W33)),AD32) -> 0.5625
A34: 7 | B34: =+VLOOKUP(A34,Tabla_Riesgos[[Número]:[Área]],2,FALSE) -> TODOS LOS PROCESOS | G34: =+VLOOKUP(A34,Tabla_Riesgos[[Número]:[Área]],3,FALSE) -> Posibilidad de que un funcionario reciba u ofrezca un soborno, con el fin de dar o recibir un trato especial con una compañía o persona natural. | H34: Como consecuencias de la ineficacia de los controles definidos Debido a que no se cuente con lineamientos claros, en términos de conflictos de interés Falta de difusión de los lineamientos o políticas sobre conflictos de interés Inaplicación del Manual de Ética y Buen Gobierno | I34: Lo cual generaría una pérdida de imagen reputacional Lo cual generaría Sanciones a la entidad y sus funcionarios (penales, disciplinarias, morales) Lo cual ocasionaría demandas de la ciudadanía | J34: Talento Humano | K34: Corrupción | L34: 247 | M34: =IF(L34<=2,"Muy Baja",IF(L34<=24,"Baja",IF(L34<=500,"Media",IF(L34<=5000,"Alta",IF(L34>5000,"Muy Alta"," "))))) -> Media | N34: =IF(M34="Muy alta",100%,IF(M34="Alta",80%,IF(M34="Media",60%,IF(M34="Baja",40%,IF(M34="Muy baja",20%,0%))))) -> 0.6 | O34: =IF(P34=100%,"Catastrófico",IF(P34=80%,"Mayor",IF(P34=60%,"Moderado",IF(P34=40%,"Menor",IF(P34=20%,"Leve"," "))))) -> Catastrófico | P34: =IFERROR(ROUND(AVERAGEIF(Impacto_Riesgos_Corrupción!$C$9:$AA$137,Mapa_riesgos_corrupción!A34,Impacto_Riesgos_Corrupción!$AA$9:$AA$137),0),0) -> 1 | Q34: =IF(OR(AND(M34="Muy Baja",O34="Leve"),AND(M34="Muy Baja",O34="Menor"),AND(M34="Baja",O34="Leve")),"Bajo",IF(OR(AND(M34="Muy Baja",O34="Moderado"),AND(M34="Baja",O34="Menor"),AND(M34="Baja",O34="Moderado"),AND(M34="Media",O34="Leve"),AND(M34="Media",O34="Menor"),AND(M34="Media",O34="Moderado"),AND(M34="Alta",O34="Leve"),AND(M34="Alta",O34="Menor")),"Moderado",IF(OR(AND(M34="Muy Baja",O34="Mayor"),AND(M34="Baja",O34="Mayor"),AND(M34="Media",O34="Mayor"),AND(M34="Alta",O34="Moderado"),AND(M34="Alta",O34="Mayor"),AND(M34="Muy Alta",O34="Leve"),AND(M34="Muy Alta",O34="Menor"),AND(M34="Muy Alta",O34="Moderado"),AND(M34="Muy Alta",O34="Mayor")),"Alto",IF(OR(AND(M34="Muy Alta",O34="Catastrófico"),AND(M34="Alta",O34="Catastrófico"),AND(M34="Media",O34="Catastrófico"),AND(M34="Baja",O34="Catastrófico"),AND(M34="Muy Baja",O34="Catastrófico")),"Extremo"," ")))) -> Extremo | R34: 07_01 | S34: El Coordinador del GIT de Servicios Administrativos valida que la Entidad cuente con cámaras y grabación de sonido en sedes de funcionamiento de las zonas únicas de atención al ciudadano, a través de la supervisión del servicio de vigilancia tercerizado. | T34: Detectivo | U34: =IF(T34=0," ",IF(T34="Correctivo","Impacto","Probabilidad")) -> Probabilidad | V34: Manual | W34: =SUM(IF(T34="Preventivo",25%,IF(T34="Detectivo",15%,IF(T34="Correctivo",10%,0%))),IF(V34="Automático",25%,IF(V34="Manual",15%,0%))) -> 0.3 | X34: Documentado | Y34: Continua | Z34: Con registro | AA34: =IF(U34="Probabilidad",(N34-(N34*W34)),N34) -> 0.42 | AB34: =IF(AC34<=20%,"Muy Baja",IF(AC34<=40%,"Baja",IF(AC34<=60%,"Media",IF(AC34<=80%,"Alta",IF(AC34<=100%,"Muy Alta",0%))))) -> Muy Baja | AC34: =AA38 -> 0.12348 | AD34: =IF(U34="Impacto",(P34-(P34*W34)),P34) -> 1 | AE34: =IF(AF34<=20%,"Leve",IF(AF34<=40%,"Menor",IF(AF34<=60%,"Moderado",IF(AF34<=80%,"Mayor",IF(AF34<=100%,"Catastrófico",0%))))) -> Mayor | AF34: =AD38 -> 0.75 | AG34: =IF(OR(AND(AB34="Muy Baja",AE34="Leve"),AND(AB34="Muy Baja",AE34="Menor"),AND(AB34="Baja",AE34="Leve")),"Bajo",IF(OR(AND(AB34="Muy Baja",AE34="Moderado"),AND(AB34="Baja",AE34="Menor"),AND(AB34="Baja",AE34="Moderado"),AND(AB34="Media",AE34="Leve"),AND(AB34="Media",AE34="Menor"),AND(AB34="Media",AE34="Moderado"),AND(AB34="Alta",AE34="Leve"),AND(AB34="Alta",AE34="Menor")),"Moderado",IF(OR(AND(AB34="Muy Baja",AE34="Mayor"),AND(AB34="Baja",AE34="Mayor"),AND(AB34="Media",AE34="Mayor"),AND(AB34="Alta",AE34="Moderado"),AND(AB34="Alta",AE34="Mayor"),AND(AB34="Muy Alta",AE34="Leve"),AND(AB34="Muy Alta",AE34="Menor"),AND(AB34="Muy Alta",AE34="Moderado"),AND(AB34="Muy Alta",AE34="Mayor")),"Alto",IF(OR(AND(AB34="Muy Alta",AE34="Catastrófico"),AND(AB34="Alta",AE34="Catastrófico"),AND(AB34="Media",AE34="Catastrófico"),AND(AB34="Baja",AE34="Catastrófico"),AND(AB34="Muy Baja",AE34="Catastrófico")),"Extremo",0%)))) -> Alto | AH34: Reducir - Mitigación | AI34: Promover al interior de la Entidad una cultura empresarial ética a través de campañas de sensibilización al interior de la Entidad | AJ34: Gerencia de Talento Humano Oficina de Comunicaciones y Atención al Ciudadano | AK34: 12-05-2021 20/08/2021 | AL34: 10/07/2021 10/10/2021 | AN34: Sin iniciar
R35: 07_02 | S35: El profesional de la Gerencia de Talento Humano al ingreso de cada servidor le socializa el Código de Ética, formalizando la carta de aceptación y compromiso de cumplimiento con la firma del servidor. | T35: Detectivo | U35: =IF(T35=0," ",IF(T35="Correctivo","Impacto","Probabilidad")) -> Probabilidad | V35: Manual | W35: =SUM(IF(T35="Preventivo",25%,IF(T35="Detectivo",15%,IF(T35="Correctivo",10%,0%))),IF(V35="Automático",25%,IF(V35="Manual",15%,0%))) -> 0.3 | X35: Documentado | Y35: Continua | Z35: Con registro | AA35: =IF(U35="Probabilidad",(AA34-(AA34*W35)),AA34) -> 0.294 | AD35: =IF(U35="Impacto",(AD34-(AD34*W35)),AD34) -> 1 | AI35: Realizar capacitación sobre el código de ética y los efectos disciplinarios que conllevan actos inapropiados por parte de los Funcionarios de la SAE | AJ35: Gerencia de Talento Humano | AK35: 44270 | AL35: 44296 | AN35: Sin iniciar
R36: 07_03 | S36: El Jefe de la Oficina de Control Interno valida que la gestión institucional se realice de acuerdo con la normatividad vigente participando en los comités de los que hace parte, siendo garante de transparencia y diligencia institucional, con voz pero sin voto. | T36: Preventivo | U36: =IF(T36=0," ",IF(T36="Correctivo","Impacto","Probabilidad")) -> Probabilidad | V36: Manual | W36: =SUM(IF(T36="Preventivo",25%,IF(T36="Detectivo",15%,IF(T36="Correctivo",10%,0%))),IF(V36="Automático",25%,IF(V36="Manual",15%,0%))) -> 0.4 | X36: Documentado | Y36: Aleatoria | Z36: Con registro | AA36: =IF(U36="Probabilidad",(AA35-(AA35*W36)),AA35) -> 0.1764 | AD36: =IF(U36="Impacto",(AD35-(AD35*W36)),AD35) -> 1 | AI36: Realizar capacitación sobre los efectos penales en los que incurre los colaboradores de SAE | AJ36: Gerencia de Asuntos Legales | AK36: 44459 | AL36: 44480 | AN36: Sin iniciar
R37: 07_04 | S37: El Gerente de Talento Humano verifica denuncias notificadas de hechos potenciales de corrupción interpuestas a Funcionarios de la SAE a través de la aplicación de procesos disciplinarios y aplicación de sanciones cuando aplique | T37: Correctivo | U37: =IF(T37=0," ",IF(T37="Correctivo","Impacto","Probabilidad")) -> Impacto | V37: Manual | W37: =SUM(IF(T37="Preventivo",25%,IF(T37="Detectivo",15%,IF(T37="Correctivo",10%,0%))),IF(V37="Automático",25%,IF(V37="Manual",15%,0%))) -> 0.25 | X37: Documentado | Y37: Aleatoria | Z37: Con registro | AA37: =IF(U37="Probabilidad",(AA36-(AA36*W37)),AA36) -> 0.1764 | AD37: =IF(U37="Impacto",(AD36-(AD36*W37)),AD36) -> 0.75 | AI37: Realizar capacitación de riesgos de corrupción para sensibilizar a los funcionarios de las metodologías de gestión y seguimiento de este tipo de riesgos | AJ37: Oficina Asesora de Planeación Gerencia de Talento Humano | AK37: 44270 | AL37: 44296 | AN37: Sin iniciar
R38: 07_05 | S38: El profesional de la Oficina de Control Interno realiza evaluaciones independientes a la gestión institucional de acuerdo con la programación establecida en el Plan Anual de Auditorías Institucional- PAAI a fin de identificar riesgos, desviaciones o irregularidades | T38: Detectivo | U38: =IF(T38=0," ",IF(T38="Correctivo","Impacto","Probabilidad")) -> Probabilidad | V38: Manual | W38: =SUM(IF(T38="Preventivo",25%,IF(T38="Detectivo",15%,IF(T38="Correctivo",10%,0%))),IF(V38="Automático",25%,IF(V38="Manual",15%,0%))) -> 0.3 | X38: Documentado | Y38: Aleatoria | Z38: Con registro | AA38: =IF(U38="Probabilidad",(AA37-(AA37*W38)),AA37) -> 0.12348 | AD38: =IF(U38="Impacto",(AD37-(AD37*W38)),AD37) -> 0.75 | AI38: Realizar capacitación de la dimensión 7 del MIPG, incluida la Gestión de Riesgos desde la perspectiva de Control Interno. | AJ38: Oficina de Control Interno Oficina Asesora de Planeación | AK38: 44278 | AL38: 44296 | AN38: Sin iniciar
A39: 8 | B39: =+VLOOKUP(A39,Tabla_Riesgos[[Número]:[Área]],2,FALSE) -> TODOS LOS PROCESOS | G39: =+VLOOKUP(A39,Tabla_Riesgos[[Número]:[Área]],3,FALSE) -> Puede incitar la participación de varias personas o compañías para cometer un delito buscando el beneficio propio. Concierto para delinquir. | H39: Como consecuencias de la ineficacia de los controles definidos Debido a que no se cuente con lineamientos claros, en términos de conflictos de interés Falta de difusión de los lineamientos o políticas sobre conflictos de interés | I39: Lo cual generaría una pérdida de imagen reputacional Lo cual generaría Sanciones a la entidad y sus funcionarios Lo cual ocasionaría demandas de la ciudadanía | J39: Talento Humano | K39: Corrupción | L39: 247 | M39: =IF(L39<=2,"Muy Baja",IF(L39<=24,"Baja",IF(L39<=500,"Media",IF(L39<=5000,"Alta",IF(L39>5000,"Muy Alta"," "))))) -> Media | N39: =IF(M39="Muy alta",100%,IF(M39="Alta",80%,IF(M39="Media",60%,IF(M39="Baja",40%,IF(M39="Muy baja",20%,0%))))) -> 0.6 | O39: =IF(P39=100%,"Catastrófico",IF(P39=80%,"Mayor",IF(P39=60%,"Moderado",IF(P39=40%,"Menor",IF(P39=20%,"Leve"," "))))) -> Catastrófico | P39: =IFERROR(ROUND(AVERAGEIF(Impacto_Riesgos_Corrupción!$C$9:$AA$137,Mapa_riesgos_corrupción!A39,Impacto_Riesgos_Corrupción!$AA$9:$AA$137),0),0) -> 1 | Q39: =IF(OR(AND(M39="Muy Baja",O39="Leve"),AND(M39="Muy Baja",O39="Menor"),AND(M39="Baja",O39="Leve")),"Bajo",IF(OR(AND(M39="Muy Baja",O39="Moderado"),AND(M39="Baja",O39="Menor"),AND(M39="Baja",O39="Moderado"),AND(M39="Media",O39="Leve"),AND(M39="Media",O39="Menor"),AND(M39="Media",O39="Moderado"),AND(M39="Alta",O39="Leve"),AND(M39="Alta",O39="Menor")),"Moderado",IF(OR(AND(M39="Muy Baja",O39="Mayor"),AND(M39="Baja",O39="Mayor"),AND(M39="Media",O39="Mayor"),AND(M39="Alta",O39="Moderado"),AND(M39="Alta",O39="Mayor"),AND(M39="Muy Alta",O39="Leve"),AND(M39="Muy Alta",O39="Menor"),AND(M39="Muy Alta",O39="Moderado"),AND(M39="Muy Alta",O39="Mayor")),"Alto",IF(OR(AND(M39="Muy Alta",O39="Catastrófico"),AND(M39="Alta",O39="Catastrófico"),AND(M39="Media",O39="Catastrófico"),AND(M39="Baja",O39="Catastrófico"),AND(M39="Muy Baja",O39="Catastrófico")),"Extremo"," ")))) -> Extremo | R39: 08_01 | S39: El Coordinador del GIT de Servicios Administrativos valida que la Entidad cuente con cámaras y grabación de sonido en sedes de funcionamiento de las zonas únicas de atención al ciudadano, a través de la supervisión del servicio de vigilancia tercerizado. | T39: Detectivo | U39: =IF(T39=0," ",IF(T39="Correctivo","Impacto","Probabilidad")) -> Probabilidad | V39: Manual | W39: =SUM(IF(T39="Preventivo",25%,IF(T39="Detectivo",15%,IF(T39="Correctivo",10%,0%))),IF(V39="Automático",25%,IF(V39="Manual",15%,0%))) -> 0.3 | X39: Documentado | Y39: Continua | Z39: Con registro | AA39: =IF(U39="Probabilidad",(N39-(N39*W39)),N39) -> 0.42 | AB39: =IF(AC39<=20%,"Muy Baja",IF(AC39<=40%,"Baja",IF(AC39<=60%,"Media",IF(AC39<=80%,"Alta",IF(AC39<=100%,"Muy Alta",0%))))) -> Baja | AC39: =AA43 -> 0.2058 | AD39: =IF(U39="Impacto",(P39-(P39*W39)),P39) -> 1 | AE39: =IF(AF39<=20%,"Leve",IF(AF39<=40%,"Menor",IF(AF39<=60%,"Moderado",IF(AF39<=80%,"Mayor",IF(AF39<=100%,"Catastrófico",0%))))) -> Moderado | AF39: =AD43 -> 0.5625 | AG39: =IF(OR(AND(AB39="Muy Baja",AE39="Leve"),AND(AB39="Muy Baja",AE39="Menor"),AND(AB39="Baja",AE39="Leve")),"Bajo",IF(OR(AND(AB39="Muy Baja",AE39="Moderado"),AND(AB39="Baja",AE39="Menor"),AND(AB39="Baja",AE39="Moderado"),AND(AB39="Media",AE39="Leve"),AND(AB39="Media",AE39="Menor"),AND(AB39="Media",AE39="Moderado"),AND(AB39="Alta",AE39="Leve"),AND(AB39="Alta",AE39="Menor")),"Moderado",IF(OR(AND(AB39="Muy Baja",AE39="Mayor"),AND(AB39="Baja",AE39="Mayor"),AND(AB39="Media",AE39="Mayor"),AND(AB39="Alta",AE39="Moderado"),AND(AB39="Alta",AE39="Mayor"),AND(AB39="Muy Alta",AE39="Leve"),AND(AB39="Muy Alta",AE39="Menor"),AND(AB39="Muy Alta",AE39="Moderado"),AND(AB39="Muy Alta",AE39="Mayor")),"Alto",IF(OR(AND(AB39="Muy Alta",AE39="Catastrófico"),AND(AB39="Alta",AE39="Catastrófico"),AND(AB39="Media",AE39="Catastrófico"),AND(AB39="Baja",AE39="Catastrófico"),AND(AB39="Muy Baja",AE39="Catastrófico")),"Extremo",0%)))) -> Moderado | AH39: Reducir - Mitigación | AI39: Realizar capacitación sobre el código de ética y los efectos disciplinarios que conllevan actos inapropiados por parte de los Funcionarios de la SAE | AJ39: Gerencia de Talento Humano | AK39: 44270 | AL39: 44296 | AN39: Sin iniciar
R40: 08_02 | S40: El Gerente de Talento Humano y lideres de área realizan la evaluación de rendimiento, cada vez que sea requerido, para realizar seguimiento al cumplimiento de las funciones y compromisos asignados a los Funcionarios de SAE | T40: Detectivo | U40: =IF(T40=0," ",IF(T40="Correctivo","Impacto","Probabilidad")) -> Probabilidad | V40: Manual | W40: =SUM(IF(T40="Preventivo",25%,IF(T40="Detectivo",15%,IF(T40="Correctivo",10%,0%))),IF(V40="Automático",25%,IF(V40="Manual",15%,0%))) -> 0.3 | X40: Documentado | Y40: Aleatoria | Z40: Con registro | AA40: =IF(U40="Probabilidad",(AA39-(AA39*W40)),AA39) -> 0.294 | AD40: =IF(U40="Impacto",(AD39-(AD39*W40)),AD39) -> 1 | AI40: Realizar capacitación sobre los efectos penales en los que incurre los colaboradores de SAE | AJ40: Gerencia de Asuntos Legales | AK40: 44459 | AL40: 44480 | AN40: Sin iniciar
R41: 08_03 | S41: El profesional de la Oficina de Control Interno realiza evaluaciones independientes a la gestión institucional de acuerdo con la programación establecida en el Plan Anual de Auditorías Institucional- PAAI a fin de identificar riesgos, desviaciones o irregularidades | T41: Detectivo | U41: =IF(T41=0," ",IF(T41="Correctivo","Impacto","Probabilidad")) -> Probabilidad | V41: Manual | W41: =SUM(IF(T41="Preventivo",25%,IF(T41="Detectivo",15%,IF(T41="Correctivo",10%,0%))),IF(V41="Automático",25%,IF(V41="Manual",15%,0%))) -> 0.3 | X41: Documentado | Y41: Aleatoria | Z41: Con registro | AA41: =IF(U41="Probabilidad",(AA40-(AA40*W41)),AA40) -> 0.2058 | AD41: =IF(U41="Impacto",(AD40-(AD40*W41)),AD40) -> 1
R42: 08_04 | S42: El Gerente de Talento Humano verifica denuncias notificadas de hechos potenciales de corrupción interpuestas a Funcionarios de la SAE a través de la aplicación de procesos disciplinarios y aplicación de sanciones cuando aplique | T42: Correctivo | U42: =IF(T42=0," ",IF(T42="Correctivo","Impacto","Probabilidad")) -> Impacto | V42: Manual | W42: =SUM(IF(T42="Preventivo",25%,IF(T42="Detectivo",15%,IF(T42="Correctivo",10%,0%))),IF(V42="Automático",25%,IF(V42="Manual",15%,0%))) -> 0.25 | X42: Documentado | Y42: Aleatoria | Z42: Con registro | AA42: =IF(U42="Probabilidad",(AA41-(AA41*W42)),AA41) -> 0.2058 | AD42: =IF(U42="Impacto",(AD41-(AD41*W42)),AD41) -> 0.75 | AI42: Promover al interior de la Entidad una cultura empresarial ética a través de campañas de sensibilización al interior de la Entidad | AJ42: Gerencia de Talento Humano Oficina de Comunicaciones y Atención al Ciudadano | AK42: 12-05-2021 20/08/2021 | AL42: 10/07/2021 10/10/2021 | AN42: Sin iniciar
R43: 08_05 | S43: El Gerente de Asuntos Legales valida insumos de las acciones delictivas informadas para proceder cuando se requiera con las denuncias relacionadas con hechos de corrupción hacia Funcionarios de la SAE y realiza el seguimiento para la representación legal requerida. | T43: Correctivo | U43: =IF(T43=0," ",IF(T43="Correctivo","Impacto","Probabilidad")) -> Impacto | V43: Manual | W43: =SUM(IF(T43="Preventivo",25%,IF(T43="Detectivo",15%,IF(T43="Correctivo",10%,0%))),IF(V43="Automático",25%,IF(V43="Manual",15%,0%))) -> 0.25 | X43: Documentado | Y43: Aleatoria | Z43: Con registro | AA43: =IF(U43="Probabilidad",(AA42-(AA42*W43)),AA42) -> 0.2058 | AD43: =IF(U43="Impacto",(AD42-(AD42*W43)),AD42) -> 0.5625
A44: 9 | B44: =+VLOOKUP(A44,Tabla_Riesgos[[Número]:[Área]],2,FALSE) -> TODOS LOS PROCESOS | G44: =+VLOOKUP(A44,Tabla_Riesgos[[Número]:[Área]],3,FALSE) -> Puede ocurrir que un funcionario abuse de su cargo o funciones para inducir a otra persona a dar o prometer dinero o cualquier otro beneficio indebido. | H44: Debido a la falta de controles dentro del proceso de contratación Por la falta de valores éticos y morales en los funcionarios Inaplicación del Manual de Ética y Buen Gobierno | I44: Lo cual generaría una pérdida de imagen reputacional Lo cual generaría Sanciones a la entidad y sus funcionarios Lo cual ocasionaría demandas de la ciudadanía | J44: Talento Humano | K44: Corrupción | L44: 247 | M44: =IF(L44<=2,"Muy Baja",IF(L44<=24,"Baja",IF(L44<=500,"Media",IF(L44<=5000,"Alta",IF(L44>5000,"Muy Alta"," "))))) -> Media | N44: =IF(M44="Muy alta",100%,IF(M44="Alta",80%,IF(M44="Media",60%,IF(M44="Baja",40%,IF(M44="Muy baja",20%,0%))))) -> 0.6 | O44: =IF(P44=100%,"Catastrófico",IF(P44=80%,"Mayor",IF(P44=60%,"Moderado",IF(P44=40%,"Menor",IF(P44=20%,"Leve"," "))))) -> Catastrófico | P44: =IFERROR(ROUND(AVERAGEIF(Impacto_Riesgos_Corrupción!$C$9:$AA$137,Mapa_riesgos_corrupción!A44,Impacto_Riesgos_Corrupción!$AA$9:$AA$137),0),0) -> 1 | Q44: =IF(OR(AND(M44="Muy Baja",O44="Leve"),AND(M44="Muy Baja",O44="Menor"),AND(M44="Baja",O44="Leve")),"Bajo",IF(OR(AND(M44="Muy Baja",O44="Moderado"),AND(M44="Baja",O44="Menor"),AND(M44="Baja",O44="Moderado"),AND(M44="Media",O44="Leve"),AND(M44="Media",O44="Menor"),AND(M44="Media",O44="Moderado"),AND(M44="Alta",O44="Leve"),AND(M44="Alta",O44="Menor")),"Moderado",IF(OR(AND(M44="Muy Baja",O44="Mayor"),AND(M44="Baja",O44="Mayor"),AND(M44="Media",O44="Mayor"),AND(M44="Alta",O44="Moderado"),AND(M44="Alta",O44="Mayor"),AND(M44="Muy Alta",O44="Leve"),AND(M44="Muy Alta",O44="Menor"),AND(M44="Muy Alta",O44="Moderado"),AND(M44="Muy Alta",O44="Mayor")),"Alto",IF(OR(AND(M44="Muy Alta",O44="Catastrófico"),AND(M44="Alta",O44="Catastrófico"),AND(M44="Media",O44="Catastrófico"),AND(M44="Baja",O44="Catastrófico"),AND(M44="Muy Baja",O44="Catastrófico")),"Extremo"," ")))) -> Extremo | R44: 09_01 | S44: El Gerente Financiero valida las disponibilidades y necesidades presupuestales institucionales a partir de la recopilación de los formatos de anteproyecto presupuestal enviados por las áreas, los formatos de compromisos a largo plazo, y la revisión del presupuesto aprobado por CNE | T44: Preventivo | U44: =IF(T44=0," ",IF(T44="Correctivo","Impacto","Probabilidad")) -> Probabilidad | V44: Manual | W44: =SUM(IF(T44="Preventivo",25%,IF(T44="Detectivo",15%,IF(T44="Correctivo",10%,0%))),IF(V44="Automático",25%,IF(V44="Manual",15%,0%))) -> 0.4 | X44: Documentado | Y44: Aleatoria | Z44: Con registro | AA44: =IF(U44="Probabilidad",(N44-(N44*W44)),N44) -> 0.36 | AB44: =IF(AC44<=20%,"Muy Baja",IF(AC44<=40%,"Baja",IF(AC44<=60%,"Media",IF(AC44<=80%,"Alta",IF(AC44<=100%,"Muy Alta",0%))))) -> Muy Baja | AC44: =AA49 -> 0.0381024 | AD44: =IF(U44="Impacto",(P44-(P44*W44)),P44) -> 1 | AE44: =IF(AF44<=20%,"Leve",IF(AF44<=40%,"Menor",IF(AF44<=60%,"Moderado",IF(AF44<=80%,"Mayor",IF(AF44<=100%,"Catastrófico",0%))))) -> Catastrófico | AF44: =AD49 -> 1 | AG44: =IF(OR(AND(AB44="Muy Baja",AE44="Leve"),AND(AB44="Muy Baja",AE44="Menor"),AND(AB44="Baja",AE44="Leve")),"Bajo",IF(OR(AND(AB44="Muy Baja",AE44="Moderado"),AND(AB44="Baja",AE44="Menor"),AND(AB44="Baja",AE44="Moderado"),AND(AB44="Media",AE44="Leve"),AND(AB44="Media",AE44="Menor"),AND(AB44="Media",AE44="Moderado"),AND(AB44="Alta",AE44="Leve"),AND(AB44="Alta",AE44="Menor")),"Moderado",IF(OR(AND(AB44="Muy Baja",AE44="Mayor"),AND(AB44="Baja",AE44="Mayor"),AND(AB44="Media",AE44="Mayor"),AND(AB44="Alta",AE44="Moderado"),AND(AB44="Alta",AE44="Mayor"),AND(AB44="Muy Alta",AE44="Leve"),AND(AB44="Muy Alta",AE44="Menor"),AND(AB44="Muy Alta",AE44="Moderado"),AND(AB44="Muy Alta",AE44="Mayor")),"Alto",IF(OR(AND(AB44="Muy Alta",AE44="Catastrófico"),AND(AB44="Alta",AE44="Catastrófico"),AND(AB44="Media",AE44="Catastrófico"),AND(AB44="Baja",AE44="Catastrófico"),AND(AB44="Muy Baja",AE44="Catastrófico")),"Extremo",0%)))) -> Extremo | AH44: Reducir - Mitigación | AI44: Realizar capacitación sobre el código de ética y los efectos disciplinarios que conllevan actos inapropiados por parte de los Funcionarios de la SAE | AJ44: Gerencia de Talento Humano | AK44: 44270 | AL44: 44296 | AN44: Sin iniciar
R45: 09_02 | S45: El Profesional de Contratos verifica que los estudios previos para la contratación de un bien o servicio cuente con un presupuesto oficial justificado y el cumplimiento de todos los criterios requeridos, mediante la revisión de los estudios previos y la retroalimentación de estos. | T45: Preventivo | U45: =IF(T45=0," ",IF(T45="Correctivo","Impacto","Probabilidad")) -> Probabilidad | V45: Manual | W45: =SUM(IF(T45="Preventivo",25%,IF(T45="Detectivo",15%,IF(T45="Correctivo",10%,0%))),IF(V45="Automático",25%,IF(V45="Manual",15%,0%))) -> 0.4 | X45: Documentado | Y45: Continua | Z45: Con registro | AA45: =IF(U45="Probabilidad",(AA44-(AA44*W45)),AA44) -> 0.216 | AD45: =IF(U45="Impacto",(AD44-(AD44*W45)),AD44) -> 1
R46: 09_03 | S46: El Gerente de Contratos valida que los procesos de selección de contratación tengan una evaluación financiera, jurídica y técnica asignando un comité evaluador y validando las evaluaciones suministradas. | T46: Detectivo | U46: =IF(T46=0," ",IF(T46="Correctivo","Impacto","Probabilidad")) -> Probabilidad | V46: Manual | W46: =SUM(IF(T46="Preventivo",25%,IF(T46="Detectivo",15%,IF(T46="Correctivo",10%,0%))),IF(V46="Automático",25%,IF(V46="Manual",15%,0%))) -> 0.3 | X46: Documentado | Y46: Continua | Z46: Con registro | AA46: =IF(U46="Probabilidad",(AA45-(AA45*W46)),AA45) -> 0.1512 | AD46: =IF(U46="Impacto",(AD45-(AD45*W46)),AD45) -> 1 | AI46: Brindar inducción a funcionarios y contratistas nuevos, socializandole sus obligaciones contractuales o funciones, el código de integridad, transparencia y lavado de activos, y temas transversales generales de la organización. | AJ46: Gerencia de Talento Humano | AK46: Cada vez que se realice una nueva vinculación de personal | AL46: 10/04/2021 10/07/2021 10/10/2021 31/12/2021 | AN46: Sin iniciar
R47: 09_04 | S47: El Profesional de Contratos constata que los términos de referencia, pliegos de condiciones y contratos sean comunicados a los ciudadanos de manera transparente y oportuna mediante la publicación de estos en SECOP y la página web en el espacio destinado para transparencia. | T47: Preventivo | U47: =IF(T47=0," ",IF(T47="Correctivo","Impacto","Probabilidad")) -> Probabilidad | V47: Manual | W47: =SUM(IF(T47="Preventivo",25%,IF(T47="Detectivo",15%,IF(T47="Correctivo",10%,0%))),IF(V47="Automático",25%,IF(V47="Manual",15%,0%))) -> 0.4 | X47: Documentado | Y47: Continua | Z47: Con registro | AA47: =IF(U47="Probabilidad",(AA46-(AA46*W47)),AA46) -> 0.09072 | AD47: =IF(U47="Impacto",(AD46-(AD46*W47)),AD46) -> 1
R48: 09_05 | S48: El profesional de la Gerencia de Talento Humano al ingreso de cada servidor le socializa el Código de Ética, formalizando la carta de aceptación y compromiso de cumplimiento con la firma del servidor. | T48: Preventivo | U48: =IF(T48=0," ",IF(T48="Correctivo","Impacto","Probabilidad")) -> Probabilidad | V48: Manual | W48: =SUM(IF(T48="Preventivo",25%,IF(T48="Detectivo",15%,IF(T48="Correctivo",10%,0%))),IF(V48="Automático",25%,IF(V48="Manual",15%,0%))) -> 0.4 | X48: Documentado | Y48: Continua | Z48: Con registro | AA48: =IF(U48="Probabilidad",(AA47-(AA47*W48)),AA47) -> 0.054432 | AD48: =IF(U48="Impacto",(AD47-(AD47*W48)),AD47) -> 1 | AI48: Realizar las actualizaciones documentales de los procesos de la arquitectura de SAE, cuando sea requerido, para limitar el alcance de las actividades que ejercen los colaboradores de SAE en la ejecución de los procesos | AJ48: Oficina Asesora de Planeación | AK48: Todos los meses | AL48: 10/04/2021 10/07/2021 10/10/2021 31/12/2021 | AN48: Sin iniciar
R49: 09_06 | S49: El profesional de la Oficina de Control Interno realiza evaluaciones independientes a la gestión institucional de acuerdo con la programación establecida en el Plan Anual de Auditorías Institucional- PAAI a fin de identificar riesgos, desviaciones o irregularidades | T49: Detectivo | U49: =IF(T49=0," ",IF(T49="Correctivo","Impacto","Probabilidad")) -> Probabilidad | V49: Manual | W49: =SUM(IF(T49="Preventivo",25%,IF(T49="Detectivo",15%,IF(T49="Correctivo",10%,0%))),IF(V49="Automático",25%,IF(V49="Manual",15%,0%))) -> 0.3 | X49: Documentado | Y49: Aleatoria | Z49: Con registro | AA49: =IF(U49="Probabilidad",(AA48-(AA48*W49)),AA48) -> 0.0381024 | AD49: =IF(U49="Impacto",(AD48-(AD48*W49)),AD48) -> 1
A50: 10 | B50: =+VLOOKUP(A50,Tabla_Riesgos[[Número]:[Área]],2,FALSE) -> TODOS LOS PROCESOS | G50: =+VLOOKUP(A50,Tabla_Riesgos[[Número]:[Área]],3,FALSE) -> Puede ocurrir que teniendo conocimiento de una conducta delictiva, no se informe a las autoridades por temor a repercusiones sociales o financieras. Omisión de denuncia | H50: Debido al desconocimiento de la normatividad que exige la denuncia de las conductas delictivas Por temor a repercusiones en su estabilidad laboral | I50: Lo cual generaría una pérdida de imagen reputacional Lo cual generaría Sanciones a la entidad y sus funcionarios Lo cual ocasionaría demandas de la ciudadanía | J50: Talento Humano | K50: Corrupción | L50: 247 | M50: =IF(L50<=2,"Muy Baja",IF(L50<=24,"Baja",IF(L50<=500,"Media",IF(L50<=5000,"Alta",IF(L50>5000,"Muy Alta"," "))))) -> Media | N50: =IF(M50="Muy alta",100%,IF(M50="Alta",80%,IF(M50="Media",60%,IF(M50="Baja",40%,IF(M50="Muy baja",20%,0%))))) -> 0.6 | O50: =IF(P50=100%,"Catastrófico",IF(P50=80%,"Mayor",IF(P50=60%,"Moderado",IF(P50=40%,"Menor",IF(P50=20%,"Leve"," "))))) -> Catastrófico | P50: =IFERROR(ROUND(AVERAGEIF(Impacto_Riesgos_Corrupción!$C$9:$AA$137,Mapa_riesgos_corrupción!A50,Impacto_Riesgos_Corrupción!$AA$9:$AA$137),0),0) -> 1 | Q50: =IF(OR(AND(M50="Muy Baja",O50="Leve"),AND(M50="Muy Baja",O50="Menor"),AND(M50="Baja",O50="Leve")),"Bajo",IF(OR(AND(M50="Muy Baja",O50="Moderado"),AND(M50="Baja",O50="Menor"),AND(M50="Baja",O50="Moderado"),AND(M50="Media",O50="Leve"),AND(M50="Media",O50="Menor"),AND(M50="Media",O50="Moderado"),AND(M50="Alta",O50="Leve"),AND(M50="Alta",O50="Menor")),"Moderado",IF(OR(AND(M50="Muy Baja",O50="Mayor"),AND(M50="Baja",O50="Mayor"),AND(M50="Media",O50="Mayor"),AND(M50="Alta",O50="Moderado"),AND(M50="Alta",O50="Mayor"),AND(M50="Muy Alta",O50="Leve"),AND(M50="Muy Alta",O50="Menor"),AND(M50="Muy Alta",O50="Moderado"),AND(M50="Muy Alta",O50="Mayor")),"Alto",IF(OR(AND(M50="Muy Alta",O50="Catastrófico"),AND(M50="Alta",O50="Catastrófico"),AND(M50="Media",O50="Catastrófico"),AND(M50="Baja",O50="Catastrófico"),AND(M50="Muy Baja",O50="Catastrófico")),"Extremo"," ")))) -> Extremo | R50: 10_01 | S50: El profesional de la Gerencia de Talento Humano al ingreso de cada servidor le socializa el Código de Ética, formalizando la carta de aceptación y compromiso de cumplimiento con la firma del servidor. | T50: Preventivo | U50: =IF(T50=0," ",IF(T50="Correctivo","Impacto","Probabilidad")) -> Probabilidad | V50: Manual | W50: =SUM(IF(T50="Preventivo",25%,IF(T50="Detectivo",15%,IF(T50="Correctivo",10%,0%))),IF(V50="Automático",25%,IF(V50="Manual",15%,0%))) -> 0.4 | X50: Documentado | Y50: Continua | Z50: Con registro | AA50: =IF(U50="Probabilidad",(N50-(N50*W50)),N50) -> 0.36 | AB50: =IF(AC50<=20%,"Muy Baja",IF(AC50<=40%,"Baja",IF(AC50<=60%,"Media",IF(AC50<=80%,"Alta",IF(AC50<=100%,"Muy Alta",0%))))) -> Baja | AC50: =AA54 -> 0.252 | AD50: =IF(U50="Impacto",(P50-(P50*W50)),P50) -> 1 | AE50: =IF(AF50<=20%,"Leve",IF(AF50<=40%,"Menor",IF(AF50<=60%,"Moderado",IF(AF50<=80%,"Mayor",IF(AF50<=100%,"Catastrófico",0%))))) -> Mayor | AF50: =AD54 -> 0.75 | AG50: =IF(OR(AND(AB50="Muy Baja",AE50="Leve"),AND(AB50="Muy Baja",AE50="Menor"),AND(AB50="Baja",AE50="Leve")),"Bajo",IF(OR(AND(AB50="Muy Baja",AE50="Moderado"),AND(AB50="Baja",AE50="Menor"),AND(AB50="Baja",AE50="Moderado"),AND(AB50="Media",AE50="Leve"),AND(AB50="Media",AE50="Menor"),AND(AB50="Media",AE50="Moderado"),AND(AB50="Alta",AE50="Leve"),AND(AB50="Alta",AE50="Menor")),"Moderado",IF(OR(AND(AB50="Muy Baja",AE50="Mayor"),AND(AB50="Baja",AE50="Mayor"),AND(AB50="Media",AE50="Mayor"),AND(AB50="Alta",AE50="Moderado"),AND(AB50="Alta",AE50="Mayor"),AND(AB50="Muy Alta",AE50="Leve"),AND(AB50="Muy Alta",AE50="Menor"),AND(AB50="Muy Alta",AE50="Moderado"),AND(AB50="Muy Alta",AE50="Mayor")),"Alto",IF(OR(AND(AB50="Muy Alta",AE50="Catastrófico"),AND(AB50="Alta",AE50="Catastrófico"),AND(AB50="Media",AE50="Catastrófico"),AND(AB50="Baja",AE50="Catastrófico"),AND(AB50="Muy Baja",AE50="Catastrófico")),"Extremo",0%)))) -> Alto | AH50: Reducir - Mitigación | AI50: Z | AJ50: Gerencia de Asuntos Legales | AK50: 44459 | AL50: 44480 | AN50: Sin iniciar
R51: 10_02 | S51: El profesional de la Oficina de Control Interno realiza evaluaciones independientes a la gestión institucional de acuerdo con la programación establecida en el Plan Anual de Auditorías Institucional- PAAI a fin de identificar riesgos, desviaciones o irregularidades | T51: Detectivo | U51: =IF(T51=0," ",IF(T51="Correctivo","Impacto","Probabilidad")) -> Probabilidad | V51: Manual | W51: =SUM(IF(T51="Preventivo",25%,IF(T51="Detectivo",15%,IF(T51="Correctivo",10%,0%))),IF(V51="Automático",25%,IF(V51="Manual",15%,0%))) -> 0.3 | X51: Documentado | Y51: Aleatoria | Z51: Con registro | AA51: =IF(U51="Probabilidad",(AA50-(AA50*W51)),AA50) -> 0.252 | AD51: =IF(U51="Impacto",(AD50-(AD50*W51)),AD50) -> 1 | AN51: Sin iniciar
R52: 10_03 | S52: El Gerente de Talento Humano verifica denuncias notificadas de hechos potenciales de corrupción interpuestas a Funcionarios de la SAE a través de la aplicación de procesos disciplinarios y aplicación de sanciones cuando aplique | T52: Correctivo | U52: =IF(T52=0," ",IF(T52="Correctivo","Impacto","Probabilidad")) -> Impacto | V52: Manual | W52: =SUM(IF(T52="Preventivo",25%,IF(T52="Detectivo",15%,IF(T52="Correctivo",10%,0%))),IF(V52="Automático",25%,IF(V52="Manual",15%,0%))) -> 0.25 | X52: Documentado | Y52: Aleatoria | Z52: Con registro | AA52: =IF(U52="Probabilidad",(AA51-(AA51*W52)),AA51) -> 0.252 | AD52: =IF(U52="Impacto",(AD51-(AD51*W52)),AD51) -> 0.75 | AN52: Sin iniciar
U53: =IF(T53=0," ",IF(T53="Correctivo","Impacto","Probabilidad")) | W53: =SUM(IF(T53="Preventivo",25%,IF(T53="Detectivo",15%,IF(T53="Correctivo",10%,0%))),IF(V53="Automático",25%,IF(V53="Manual",15%,0%))) -> 0 | AA53: =IF(U53="Probabilidad",(AA52-(AA52*W53)),AA52) -> 0.252 | AD53: =IF(U53="Impacto",(AD52-(AD52*W53)),AD52) -> 0.75 | AN53: Sin iniciar
U54: =IF(T54=0," ",IF(T54="Correctivo","Impacto","Probabilidad")) | W54: =SUM(IF(T54="Preventivo",25%,IF(T54="Detectivo",15%,IF(T54="Correctivo",10%,0%))),IF(V54="Automático",25%,IF(V54="Manual",15%,0%))) -> 0 | AA54: =IF(U54="Probabilidad",(AA53-(AA53*W54)),AA53) -> 0.252 | AD54: =IF(U54="Impacto",(AD53-(AD53*W54)),AD53) -> 0.75 | AN54: Sin iniciar
A55: 11 | B55: GESTIÓN DE LA INFRAESTRUCTURA TECNOLÓGICA | G55: =+VLOOKUP(A55,Tabla_Riesgos[[Número]:[Área]],3,FALSE) -> Posibilidad de que uno o varios funcionarios utilicen de forma indebida la información privilegiada de los sistemas de información para obtener beneficio privado. | H55: Debido a la falta de políticas de accesibilidad de la información Debido a la falta de identificación de activos de información Debido a la diversidad de los sistemas de información Falta de capacitación y socialización de las políticas de la entidad tanto al ingreso de nuevos funcionarios como de manera periódica Fácil acceso a la información y a la difusión de copias de la misma | I55: Lo cual generaría pérdidas económicas Lo cual generaría una pérdida de imagen reputacional Lo cual generaría Sanciones a la entidad y sus funcionarios Lo cual ocasionaría demandas de los funcionarios | J55: Talento Humano | K55: Corrupción | L55: =247*8 -> 1976 | M55: =IF(L55<=2,"Muy Baja",IF(L55<=24,"Baja",IF(L55<=500,"Media",IF(L55<=5000,"Alta",IF(L55>5000,"Muy Alta"," "))))) -> Alta | N55: =IF(M55="Muy alta",100%,IF(M55="Alta",80%,IF(M55="Media",60%,IF(M55="Baja",40%,IF(M55="Muy baja",20%,0%))))) -> 0.8 | O55: =IF(P55=100%,"Catastrófico",IF(P55=80%,"Mayor",IF(P55=60%,"Moderado",IF(P55=40%,"Menor",IF(P55=20%,"Leve"," "))))) -> Catastrófico | P55: =IFERROR(ROUND(AVERAGEIF(Impacto_Riesgos_Corrupción!$C$9:$AA$137,Mapa_riesgos_corrupción!A55,Impacto_Riesgos_Corrupción!$AA$9:$AA$137),0),0) -> 1 | Q55: =IF(OR(AND(M55="Muy Baja",O55="Leve"),AND(M55="Muy Baja",O55="Menor"),AND(M55="Baja",O55="Leve")),"Bajo",IF(OR(AND(M55="Muy Baja",O55="Moderado"),AND(M55="Baja",O55="Menor"),AND(M55="Baja",O55="Moderado"),AND(M55="Media",O55="Leve"),AND(M55="Media",O55="Menor"),AND(M55="Media",O55="Moderado"),AND(M55="Alta",O55="Leve"),AND(M55="Alta",O55="Menor")),"Moderado",IF(OR(AND(M55="Muy Baja",O55="Mayor"),AND(M55="Baja",O55="Mayor"),AND(M55="Media",O55="Mayor"),AND(M55="Alta",O55="Moderado"),AND(M55="Alta",O55="Mayor"),AND(M55="Muy Alta",O55="Leve"),AND(M55="Muy Alta",O55="Menor"),AND(M55="Muy Alta",O55="Moderado"),AND(M55="Muy Alta",O55="Mayor")),"Alto",IF(OR(AND(M55="Muy Alta",O55="Catastrófico"),AND(M55="Alta",O55="Catastrófico"),AND(M55="Media",O55="Catastrófico"),AND(M55="Baja",O55="Catastrófico"),AND(M55="Muy Baja",O55="Catastrófico")),"Extremo"," ")))) -> Extremo | R55: 11_01 | S55: El Profesional Especializado III (Oficial de Seguridad) verifica el estado de avance de la implementación del Sistema de Gestión de Seguridad de la Información para garantizar el cumplimiento de la norma a través de la aplicación de la matriz de seguimiento a la ISO 27001 | T55: Preventivo | U55: =IF(T55=0," ",IF(T55="Correctivo","Impacto","Probabilidad")) -> Probabilidad | V55: Manual | W55: =SUM(IF(T55="Preventivo",25%,IF(T55="Detectivo",15%,IF(T55="Correctivo",10%,0%))),IF(V55="Automático",25%,IF(V55="Manual",15%,0%))) -> 0.4 | X55: Documentado | Y55: Aleatoria | Z55: Con registro | AA55: =IF(U55="Probabilidad",(N55-(N55*W55)),N55) -> 0.48 | AB55: =IF(AC55<=20%,"Muy Baja",IF(AC55<=40%,"Baja",IF(AC55<=60%,"Media",IF(AC55<=80%,"Alta",IF(AC55<=100%,"Muy Alta",0%))))) -> Muy Baja | AC55: =AA62 -> 0.0508032 | AD55: =IF(U55="Impacto",(P55-(P55*W55)),P55) -> 1 | AE55: =IF(AF55<=20%,"Leve",IF(AF55<=40%,"Menor",IF(AF55<=60%,"Moderado",IF(AF55<=80%,"Mayor",IF(AF55<=100%,"Catastrófico",0%))))) -> Moderado | AF55: =AD62 -> 0.4875 | AG55: =IF(OR(AND(AB55="Muy Baja",AE55="Leve"),AND(AB55="Muy Baja",AE55="Menor"),AND(AB55="Baja",AE55="Leve")),"Bajo",IF(OR(AND(AB55="Muy Baja",AE55="Moderado"),AND(AB55="Baja",AE55="Menor"),AND(AB55="Baja",AE55="Moderado"),AND(AB55="Media",AE55="Leve"),AND(AB55="Media",AE55="Menor"),AND(AB55="Media",AE55="Moderado"),AND(AB55="Alta",AE55="Leve"),AND(AB55="Alta",AE55="Menor")),"Moderado",IF(OR(AND(AB55="Muy Baja",AE55="Mayor"),AND(AB55="Baja",AE55="Mayor"),AND(AB55="Media",AE55="Mayor"),AND(AB55="Alta",AE55="Moderado"),AND(AB55="Alta",AE55="Mayor"),AND(AB55="Muy Alta",AE55="Leve"),AND(AB55="Muy Alta",AE55="Menor"),AND(AB55="Muy Alta",AE55="Moderado"),AND(AB55="Muy Alta",AE55="Mayor")),"Alto",IF(OR(AND(AB55="Muy Alta",AE55="Catastrófico"),AND(AB55="Alta",AE55="Catastrófico"),AND(AB55="Media",AE55="Catastrófico"),AND(AB55="Baja",AE55="Catastrófico"),AND(AB55="Muy Baja",AE55="Catastrófico")),"Extremo",0%)))) -> Moderado | AH55: Reducir - Mitigación | AI55: Realizar capacitaciones sobre el uso adecuado de las TIC y seguridad de la información | AJ55: Jefe de la Oficina de Gestión de la Información | AK55: 44119 | AL55: 44561 | AN55: Sin iniciar
R56: 11_02 | S56: El Profesional Especializado III (Oficial de Seguridad) asigna los permisos de seguridad en aplicativos a los perfiles de usuarios solicitados y aprobados por los lideres de procesos, mediante la parametrización en los aplicativos, el registro en la matriz de seguridad de usuarios y perfiles por aplicativo, y la implementación de restricciones web y de acceso a carpetas compartidas | T56: Preventivo | U56: =IF(T56=0," ",IF(T56="Correctivo","Impacto","Probabilidad")) -> Probabilidad | V56: Manual | W56: =SUM(IF(T56="Preventivo",25%,IF(T56="Detectivo",15%,IF(T56="Correctivo",10%,0%))),IF(V56="Automático",25%,IF(V56="Manual",15%,0%))) -> 0.4 | X56: Documentado | Y56: Continua | Z56: Con registro | AA56: =IF(U56="Probabilidad",(AA55-(AA55*W56)),AA55) -> 0.288 | AD56: =IF(U56="Impacto",(AD55-(AD55*W56)),AD55) -> 1
R57: 11_03 | S57: El Sistema de Seguridad de la Información - PC Secure constata que el flujo de información en tránsito sea seguro, detecta que no existan códigos maliciosos y brinda protección contra pérdidas o robo de la información, a través de reportes automáticos, eliminación de códigos maliciosos y puesta en cuarentena de archivos que atenten contra la seguridad de la Entidad. | T57: Correctivo | U57: =IF(T57=0," ",IF(T57="Correctivo","Impacto","Probabilidad")) -> Impacto | V57: Automático | W57: =SUM(IF(T57="Preventivo",25%,IF(T57="Detectivo",15%,IF(T57="Correctivo",10%,0%))),IF(V57="Automático",25%,IF(V57="Manual",15%,0%))) -> 0.35 | X57: Documentado | Y57: Continua | Z57: Con registro | AA57: =IF(U57="Probabilidad",(AA56-(AA56*W57)),AA56) -> 0.288 | AD57: =IF(U57="Impacto",(AD56-(AD56*W57)),AD56) -> 0.65
R58: 11_04 | S58: El profesional de la Oficina de Gestión de la información administra las herramientas de monitoreo de la infraestructura tecnológica de SAE y realiza seguimiento al rendimiento de los activos de la información de la Entidad (Redes, Sistemas, Servidores, Aplicaciones,entre otros) a partir de informes automáticos del uso de recursos de la infraestructura y diagnósticos de componentes defectuosos, en tiempo real desde la herramientas | T58: Detectivo | U58: =IF(T58=0," ",IF(T58="Correctivo","Impacto","Probabilidad")) -> Probabilidad | V58: Manual | W58: =SUM(IF(T58="Preventivo",25%,IF(T58="Detectivo",15%,IF(T58="Correctivo",10%,0%))),IF(V58="Automático",25%,IF(V58="Manual",15%,0%))) -> 0.3 | X58: Documentado | Y58: Continua | Z58: Con registro | AA58: =IF(U58="Probabilidad",(AA57-(AA57*W58)),AA57) -> 0.2016 | AD58: =IF(U58="Impacto",(AD57-(AD57*W58)),AD57) -> 0.65
R59: 11_05 | S59: El profesional de la mesa de ayuda de SAE verifica las solicitudes o incidencias que afectan los Sistemas de Información validando las situaciones presentadas y expuestas por parte de los funcionarios, a fin de brindar soluciones correctivas o de mantenimiento evolutivo a partir de la base de conocimientos de la mesa de ayuda. | T59: Correctivo | U59: =IF(T59=0," ",IF(T59="Correctivo","Impacto","Probabilidad")) -> Impacto | V59: Manual | W59: =SUM(IF(T59="Preventivo",25%,IF(T59="Detectivo",15%,IF(T59="Correctivo",10%,0%))),IF(V59="Automático",25%,IF(V59="Manual",15%,0%))) -> 0.25 | X59: Documentado | Y59: Continua | Z59: Con registro | AA59: =IF(U59="Probabilidad",(AA58-(AA58*W59)),AA58) -> 0.2016 | AD59: =IF(U59="Impacto",(AD58-(AD58*W59)),AD58) -> 0.4875
R60: 11_06 | S60: El profesional de la Oficina de Control Interno realiza evaluaciones independientes a la gestión institucional de acuerdo con la programación establecida en el Plan Anual de Auditorías Institucional- PAAI a fin de identificar riesgos, desviaciones o irregularidades | T60: Detectivo | U60: =IF(T60=0," ",IF(T60="Correctivo","Impacto","Probabilidad")) -> Probabilidad | V60: Manual | W60: =SUM(IF(T60="Preventivo",25%,IF(T60="Detectivo",15%,IF(T60="Correctivo",10%,0%))),IF(V60="Automático",25%,IF(V60="Manual",15%,0%))) -> 0.3 | X60: Documentado | Y60: Aleatoria | Z60: Con registro | AA60: =IF(U60="Probabilidad",(AA59-(AA59*W60)),AA59) -> 0.14112 | AD60: =IF(U60="Impacto",(AD59-(AD59*W60)),AD59) -> 0.4875
R61: 11_07 | S61: La Gerente de Talento Humano desde el proceso de vinculación asegura que los funcionarios firmen el acuerdo de confidencialidad de la información y el cumplimientos a las politicas de seguridad de la información, procedimientos y documentos que soportan los procesos de negocio | T61: Preventivo | U61: =IF(T61=0," ",IF(T61="Correctivo","Impacto","Probabilidad")) -> Probabilidad | V61: Manual | W61: =SUM(IF(T61="Preventivo",25%,IF(T61="Detectivo",15%,IF(T61="Correctivo",10%,0%))),IF(V61="Automático",25%,IF(V61="Manual",15%,0%))) -> 0.4 | X61: Documentado | Y61: Continua | Z61: Con registro | AA61: =IF(U61="Probabilidad",(AA60-(AA60*W61)),AA60) -> 0.084672 | AD61: =IF(U61="Impacto",(AD60-(AD60*W61)),AD60) -> 0.4875
R62: 11_08 | S62: El profesional Especializado III (Oficial de Seguridad), realiza capacitaciones y campañas de sensibilización relacionadas con las politicas de seguridad adoptadas por la entidad a fin de reforzar las responsabilidades del uso y acceso a la información | T62: Preventivo | U62: =IF(T62=0," ",IF(T62="Correctivo","Impacto","Probabilidad")) -> Probabilidad | V62: Manual | W62: =SUM(IF(T62="Preventivo",25%,IF(T62="Detectivo",15%,IF(T62="Correctivo",10%,0%))),IF(V62="Automático",25%,IF(V62="Manual",15%,0%))) -> 0.4 | X62: Documentado | Y62: Continua | Z62: Con registro | AA62: =IF(U62="Probabilidad",(AA61-(AA61*W62)),AA61) -> 0.0508032 | AD62: =IF(U62="Impacto",(AD61-(AD61*W62)),AD61) -> 0.4875
A63: 13 | B63: TODOS LOS PROCESOS | G63: =+VLOOKUP(A63,Tabla_Riesgos[[Número]:[Área]],3,FALSE) -> Puede ocurrir apropiación ilegal, en beneficio propio o de un tercero, de los bienes del estado. | H63: Como consecuencias de la ineficacia de los controles definidos Debido a que no se cuente con lineamientos claros, en términos de conflictos de interés Falta de difusión de los lineamientos o políticas sobre conflictos de interés Falta de recurso humano que permita realizar seguimiento administrativo al portafolio de la entidad Alta rotación de personal Falta de capacitación y socialización de las políticas de la entidad tanto al ingreso de nuevos funcionarios como de manera periódica (funcionarios, contratistas y depositarios) | I63: Lo cual generaría una pérdida de imagen reputacional Lo cual generaría Sanciones a la entidad y sus funcionarios Lo cual ocasionaría denuncias y demandas de la ciudadanía Pérdida de recursos económicos | J63: Talento Humano | K63: Corrupción | L63: 247 | M63: =IF(L63<=2,"Muy Baja",IF(L63<=24,"Baja",IF(L63<=500,"Media",IF(L63<=5000,"Alta",IF(L63>5000,"Muy Alta"," "))))) -> Media | N63: =IF(M63="Muy alta",100%,IF(M63="Alta",80%,IF(M63="Media",60%,IF(M63="Baja",40%,IF(M63="Muy baja",20%,0%))))) -> 0.6 | O63: =IF(P63=100%,"Catastrófico",IF(P63=80%,"Mayor",IF(P63=60%,"Moderado",IF(P63=40%,"Menor",IF(P63=20%,"Leve"," "))))) -> Catastrófico | P63: =IFERROR(ROUND(AVERAGEIF(Impacto_Riesgos_Corrupción!$C$9:$AA$137,Mapa_riesgos_corrupción!A63,Impacto_Riesgos_Corrupción!$AA$9:$AA$137),0),0) -> 1 | Q63: =IF(OR(AND(M63="Muy Baja",O63="Leve"),AND(M63="Muy Baja",O63="Menor"),AND(M63="Baja",O63="Leve")),"Bajo",IF(OR(AND(M63="Muy Baja",O63="Moderado"),AND(M63="Baja",O63="Menor"),AND(M63="Baja",O63="Moderado"),AND(M63="Media",O63="Leve"),AND(M63="Media",O63="Menor"),AND(M63="Media",O63="Moderado"),AND(M63="Alta",O63="Leve"),AND(M63="Alta",O63="Menor")),"Moderado",IF(OR(AND(M63="Muy Baja",O63="Mayor"),AND(M63="Baja",O63="Mayor"),AND(M63="Media",O63="Mayor"),AND(M63="Alta",O63="Moderado"),AND(M63="Alta",O63="Mayor"),AND(M63="Muy Alta",O63="Leve"),AND(M63="Muy Alta",O63="Menor"),AND(M63="Muy Alta",O63="Moderado"),AND(M63="Muy Alta",O63="Mayor")),"Alto",IF(OR(AND(M63="Muy Alta",O63="Catastrófico"),AND(M63="Alta",O63="Catastrófico"),AND(M63="Media",O63="Catastrófico"),AND(M63="Baja",O63="Catastrófico"),AND(M63="Muy Baja",O63="Catastrófico")),"Extremo"," ")))) -> Extremo | R63: 13_01 | S63: El Gerente de Talento Humano anualmente solicita a todos los servidores de SAE, el reporte de bienes y rentas, asegurando la publicación en el aplicativo SIGEP para los servidores que deben hacerlo. | T63: Detectivo | U63: =IF(T63=0," ",IF(T63="Correctivo","Impacto","Probabilidad")) -> Probabilidad | V63: Manual | W63: =SUM(IF(T63="Preventivo",25%,IF(T63="Detectivo",15%,IF(T63="Correctivo",10%,0%))),IF(V63="Automático",25%,IF(V63="Manual",15%,0%))) -> 0.3 | X63: Documentado | Y63: Aleatoria | Z63: Con registro | AA63: =IF(U63="Probabilidad",(N63-(N63*W63)),N63) -> 0.42 | AB63: =IF(AC63<=20%,"Muy Baja",IF(AC63<=40%,"Baja",IF(AC63<=60%,"Media",IF(AC63<=80%,"Alta",IF(AC63<=100%,"Muy Alta",0%))))) -> Muy Baja | AC63: =AA68 -> 0.0605052 | AD63: =IF(U63="Impacto",(P63-(P63*W63)),P63) -> 1 | AE63: =IF(AF63<=20%,"Leve",IF(AF63<=40%,"Menor",IF(AF63<=60%,"Moderado",IF(AF63<=80%,"Mayor",IF(AF63<=100%,"Catastrófico",0%))))) -> Catastrófico | AF63: =AD68 -> 1 | AG63: =IF(OR(AND(AB63="Muy Baja",AE63="Leve"),AND(AB63="Muy Baja",AE63="Menor"),AND(AB63="Baja",AE63="Leve")),"Bajo",IF(OR(AND(AB63="Muy Baja",AE63="Moderado"),AND(AB63="Baja",AE63="Menor"),AND(AB63="Baja",AE63="Moderado"),AND(AB63="Media",AE63="Leve"),AND(AB63="Media",AE63="Menor"),AND(AB63="Media",AE63="Moderado"),AND(AB63="Alta",AE63="Leve"),AND(AB63="Alta",AE63="Menor")),"Moderado",IF(OR(AND(AB63="Muy Baja",AE63="Mayor"),AND(AB63="Baja",AE63="Mayor"),AND(AB63="Media",AE63="Mayor"),AND(AB63="Alta",AE63="Moderado"),AND(AB63="Alta",AE63="Mayor"),AND(AB63="Muy Alta",AE63="Leve"),AND(AB63="Muy Alta",AE63="Menor"),AND(AB63="Muy Alta",AE63="Moderado"),AND(AB63="Muy Alta",AE63="Mayor")),"Alto",IF(OR(AND(AB63="Muy Alta",AE63="Catastrófico"),AND(AB63="Alta",AE63="Catastrófico"),AND(AB63="Media",AE63="Catastrófico"),AND(AB63="Baja",AE63="Catastrófico"),AND(AB63="Muy Baja",AE63="Catastrófico")),"Extremo",0%)))) -> Extremo | AH63: Reducir - Mitigación | AI63: Realizar capacitación sobre el código de ética y los efectos disciplinarios que conllevan actos inapropiados por parte de los Funcionarios de la SAE | AJ63: Gerencia de Talento Humano | AK63: 44270 | AL63: 44296 | AN63: Sin iniciar
R64: 13_02 | S64: El Coordinador del GIT de Servicios Administrativos verifica mensualmente el inventario detallado de activos de funcionamiento de SAE, realizando una conciliación de esta base con las unidades registradas en el aplicativo, los comprobantes de traslado de activos a terceros, y los formatos de inventario de activos fijos por funcionario. | T64: Detectivo | U64: =IF(T64=0," ",IF(T64="Correctivo","Impacto","Probabilidad")) -> Probabilidad | V64: Manual | W64: =SUM(IF(T64="Preventivo",25%,IF(T64="Detectivo",15%,IF(T64="Correctivo",10%,0%))),IF(V64="Automático",25%,IF(V64="Manual",15%,0%))) -> 0.3 | X64: Documentado | Y64: Aleatoria | Z64: Con registro | AA64: =IF(U64="Probabilidad",(AA63-(AA63*W64)),AA63) -> 0.294 | AD64: =IF(U64="Impacto",(AD63-(AD63*W64)),AD63) -> 1
R65: 13_03 | S65: El Coordinador del GIT de Servicios Administrativos genera un control para la asignación de bienes devolutivos y elementos de consumo a funcionarios, a partir de la entrega de activos con placas impresas de identificación, el registro de traslado de activos a terceros en el módulo de aplicativo ERP Seven y con la suscripción del comprobante de traslado firmado directamente por el funcionario quien recibe este tipo de activos. | T65: Preventivo | U65: =IF(T65=0," ",IF(T65="Correctivo","Impacto","Probabilidad")) -> Probabilidad | V65: Manual | W65: =SUM(IF(T65="Preventivo",25%,IF(T65="Detectivo",15%,IF(T65="Correctivo",10%,0%))),IF(V65="Automático",25%,IF(V65="Manual",15%,0%))) -> 0.4 | X65: Documentado | Y65: Continua | Z65: Con registro | AA65: =IF(U65="Probabilidad",(AA64-(AA64*W65)),AA64) -> 0.1764 | AD65: =IF(U65="Impacto",(AD64-(AD64*W65)),AD64) -> 1
R66: 13_04 | S66: El Coordinador Operativo de las Gerencias Regionales verifica el estado de ocupación, uso, estado de conservación y novedades sobre los bienes inmuebles del portafolio de SAE que se encuentran en su región, cada vez que sea requerido, mediante visitas de inspección (Informes de visitas), mesas de trabajo con los depositarios (Actas), y/o diagnóstico de bienes (Formato diligenciado). | T66: Detectivo | U66: =IF(T66=0," ",IF(T66="Correctivo","Impacto","Probabilidad")) -> Probabilidad | V66: Manual | W66: =SUM(IF(T66="Preventivo",25%,IF(T66="Detectivo",15%,IF(T66="Correctivo",10%,0%))),IF(V66="Automático",25%,IF(V66="Manual",15%,0%))) -> 0.3 | X66: Documentado | Y66: Aleatoria | Z66: Con registro | AA66: =IF(U66="Probabilidad",(AA65-(AA65*W66)),AA65) -> 0.12348 | AD66: =IF(U66="Impacto",(AD65-(AD65*W66)),AD65) -> 1 | AI66: Realizar capacitación sobre los efectos penales en los que incurre los colaboradores de SAE | AJ66: Gerencia de Asuntos Legales | AK66: 44459 | AL66: 44480 | AN66: Sin iniciar
R67: 13_05 | S67: El Jefe de la Oficina de Comunicaciones y Atención al Ciudadano recibe y registra las denuncias recibidas sobre la administración de activos del portafolio de SAE en los canales oficiales de comunicación (portal web, redes sociales oficiales, correos electrónicos, medios masivos de comunicación y conmutador) y canaliza según corresponda a la Oficina de Talento Humano o a la Gerencia de Asuntos Legales llevando un control de correspondencia. | T67: Detectivo | U67: =IF(T67=0," ",IF(T67="Correctivo","Impacto","Probabilidad")) -> Probabilidad | V67: Manual | W67: =SUM(IF(T67="Preventivo",25%,IF(T67="Detectivo",15%,IF(T67="Correctivo",10%,0%))),IF(V67="Automático",25%,IF(V67="Manual",15%,0%))) -> 0.3 | X67: Sin documentar | Y67: Aleatoria | Z67: Con registro | AA67: =IF(U67="Probabilidad",(AA66-(AA66*W67)),AA66) -> 0.086436 | AD67: =IF(U67="Impacto",(AD66-(AD66*W67)),AD66) -> 1
R68: 13_06 | S68: El profesional de la Oficina de Control Interno realiza evaluaciones independientes a la gestión institucional de acuerdo con la programación establecida en el Plan Anual de Auditorías Institucional- PAAI a fin de identificar riesgos, desviaciones o irregularidades | T68: Detectivo | U68: =IF(T68=0," ",IF(T68="Correctivo","Impacto","Probabilidad")) -> Probabilidad | V68: Manual | W68: =SUM(IF(T68="Preventivo",25%,IF(T68="Detectivo",15%,IF(T68="Correctivo",10%,0%))),IF(V68="Automático",25%,IF(V68="Manual",15%,0%))) -> 0.3 | X68: Documentado | Y68: Aleatoria | Z68: Con registro | AA68: =IF(U68="Probabilidad",(AA67-(AA67*W68)),AA67) -> 0.0605052 | AD68: =IF(U68="Impacto",(AD67-(AD67*W68)),AD67) -> 1
A69: 128 | B69: =+VLOOKUP(A69,Tabla_Riesgos[[Número]:[Área]],2,FALSE) -> EVALUACIÒN Y CONTROL | G69: =+VLOOKUP(A69,Tabla_Riesgos[[Número]:[Área]],3,FALSE) -> Puede ocurrir que se presente manipulación o direccionamiento de información procesada o generada en el marco de la actividad de la auditoría interna, con el fin de obtener provecho propio o de un tercero | H69: Debido a que se presente presión, amenazas internas y externas Debido a que se solicite comisión, o recompensa por parte de un colaborador de la OCI a los auditados para adulterar, modificar u ocultar una oportunidad de mejora evidenciada durante la auditoría, seguimiento o evaluación Debido a que los responsables deseen evitar investigaciones disciplinarias, penales o fiscales Debido que se busque favorecer a terceros Debido a que se pueda limitar el alcance de las auditorías en busca de un beneficio propio o de un tercero | I69: Toma de decisiones de la Alta Dirección equivocadas o no acordes con la realidad institucional Vulneración del principio de confidencialidad Favorecimiento o perjuicio a los auditados Afectación de la imagen de la Oficina de Control Interno | J69: Talento Humano | K69: Corrupción | L69: 12 | M69: =IF(L69<=2,"Muy Baja",IF(L69<=24,"Baja",IF(L69<=500,"Media",IF(L69<=5000,"Alta",IF(L69>5000,"Muy Alta"," "))))) -> Baja | N69: =IF(M69="Muy alta",100%,IF(M69="Alta",80%,IF(M69="Media",60%,IF(M69="Baja",40%,IF(M69="Muy baja",20%,0%))))) -> 0.4 | O69: =IF(P69=100%,"Catastrófico",IF(P69=80%,"Mayor",IF(P69=60%,"Moderado",IF(P69=40%,"Menor",IF(P69=20%,"Leve"," "))))) -> Catastrófico | P69: =IFERROR(ROUND(AVERAGEIF(Impacto_Riesgos_Corrupción!$C$9:$AA$137,Mapa_riesgos_corrupción!A69,Impacto_Riesgos_Corrupción!$AA$9:$AA$137),0),0) -> 1 | Q69: =IF(OR(AND(M69="Muy Baja",O69="Leve"),AND(M69="Muy Baja",O69="Menor"),AND(M69="Baja",O69="Leve")),"Bajo",IF(OR(AND(M69="Muy Baja",O69="Moderado"),AND(M69="Baja",O69="Menor"),AND(M69="Baja",O69="Moderado"),AND(M69="Media",O69="Leve"),AND(M69="Media",O69="Menor"),AND(M69="Media",O69="Moderado"),AND(M69="Alta",O69="Leve"),AND(M69="Alta",O69="Menor")),"Moderado",IF(OR(AND(M69="Muy Baja",O69="Mayor"),AND(M69="Baja",O69="Mayor"),AND(M69="Media",O69="Mayor"),AND(M69="Alta",O69="Moderado"),AND(M69="Alta",O69="Mayor"),AND(M69="Muy Alta",O69="Leve"),AND(M69="Muy Alta",O69="Menor"),AND(M69="Muy Alta",O69="Moderado"),AND(M69="Muy Alta",O69="Mayor")),"Alto",IF(OR(AND(M69="Muy Alta",O69="Catastrófico"),AND(M69="Alta",O69="Catastrófico"),AND(M69="Media",O69="Catastrófico"),AND(M69="Baja",O69="Catastrófico"),AND(M69="Muy Baja",O69="Catastrófico")),"Extremo"," ")))) -> Extremo | R69: 128_01 | S69: El Jefe de la Oficina de Control Interno valida que todos los auditores de la oficina se comprometan a cumplir el código de ética en el ejercicio a realizar en cada auditoría interna de gestión a través de la suscripción del documento "Manifestación expresa de aceptación individual de los auditores - Código de ética de los auditores internos SAE SAS) | T69: Preventivo | U69: =IF(T69=0," ",IF(T69="Correctivo","Impacto","Probabilidad")) -> Probabilidad | V69: Manual | W69: =SUM(IF(T69="Preventivo",25%,IF(T69="Detectivo",15%,IF(T69="Correctivo",10%,0%))),IF(V69="Automático",25%,IF(V69="Manual",15%,0%))) -> 0.4 | X69: Documentado | Y69: Continua | Z69: Con registro | AA69: =IF(U69="Probabilidad",(N69-(N69*W69)),N69) -> 0.24 | AB69: =IF(AC69<=20%,"Muy Baja",IF(AC69<=40%,"Baja",IF(AC69<=60%,"Media",IF(AC69<=80%,"Alta",IF(AC69<=100%,"Muy Alta",0%))))) -> Muy Baja | AC69: =AA73 -> 0.0864 | AD69: =IF(U69="Impacto",(P69-(P69*W69)),P69) -> 1 | AE69: =IF(AF69<=20%,"Leve",IF(AF69<=40%,"Menor",IF(AF69<=60%,"Moderado",IF(AF69<=80%,"Mayor",IF(AF69<=100%,"Catastrófico",0%))))) -> Catastrófico | AF69: =AD73 -> 1 | AG69: =IF(OR(AND(AB69="Muy Baja",AE69="Leve"),AND(AB69="Muy Baja",AE69="Menor"),AND(AB69="Baja",AE69="Leve")),"Bajo",IF(OR(AND(AB69="Muy Baja",AE69="Moderado"),AND(AB69="Baja",AE69="Menor"),AND(AB69="Baja",AE69="Moderado"),AND(AB69="Media",AE69="Leve"),AND(AB69="Media",AE69="Menor"),AND(AB69="Media",AE69="Moderado"),AND(AB69="Alta",AE69="Leve"),AND(AB69="Alta",AE69="Menor")),"Moderado",IF(OR(AND(AB69="Muy Baja",AE69="Mayor"),AND(AB69="Baja",AE69="Mayor"),AND(AB69="Media",AE69="Mayor"),AND(AB69="Alta",AE69="Moderado"),AND(AB69="Alta",AE69="Mayor"),AND(AB69="Muy Alta",AE69="Leve"),AND(AB69="Muy Alta",AE69="Menor"),AND(AB69="Muy Alta",AE69="Moderado"),AND(AB69="Muy Alta",AE69="Mayor")),"Alto",IF(OR(AND(AB69="Muy Alta",AE69="Catastrófico"),AND(AB69="Alta",AE69="Catastrófico"),AND(AB69="Media",AE69="Catastrófico"),AND(AB69="Baja",AE69="Catastrófico"),AND(AB69="Muy Baja",AE69="Catastrófico")),"Extremo",0%)))) -> Extremo | AH69: Reducir - Mitigación | AI69: Realizar capacitación de riesgos de corrupción para sensibilizar a los funcionarios de las metodologías de gestión y seguimiento de este tipo de riesgos | AJ69: Oficina Asesora de Planeación Gerencia de Talento Humano | AK69: 44270 | AL69: 44296 | AN69: Sin iniciar
R70: 128_02 | S70: El Jefe de Control Interno valida con las áreas auditadas el informe de auditoría interna de gestión a través de remisión del informe vía correo electrónico y reuniones de socialización o aclaración de resultados | T70: Preventivo | U70: =IF(T70=0," ",IF(T70="Correctivo","Impacto","Probabilidad")) -> Probabilidad | V70: Manual | W70: =SUM(IF(T70="Preventivo",25%,IF(T70="Detectivo",15%,IF(T70="Correctivo",10%,0%))),IF(V70="Automático",25%,IF(V70="Manual",15%,0%))) -> 0.4 | X70: Documentado | Y70: Continua | Z70: Con registro | AA70: =IF(U70="Probabilidad",(AA69-(AA69*W70)),AA69) -> 0.144 | AD70: =IF(U70="Impacto",(AD69-(AD69*W70)),AD69) -> 1 | AI70: Promover en la SAE una cultura empresarial de autocontrol y de la importancia de la evaluación independiente en la gestión institucional a través de mensajes de comunicación interna al interior de la Entidad | AJ70: Oficina de Control Interno Oficina de Comunicaciones y Atención al Ciudadano | AK70: 44428 | AL70: 44479 | AN70: Sin iniciar
R71: 128_03 | S71: El profesional de la Oficina Asesora de Planeación brinda asesoría relacionada con el formulación del plan de mejoramiento, para asegurar su adecuado diligenciamiento, cuando sea solicitado por las áreas, mediante mesas de trabajo programadas. | T71: Preventivo | U71: =IF(T71=0," ",IF(T71="Correctivo","Impacto","Probabilidad")) -> Probabilidad | V71: Manual | W71: =SUM(IF(T71="Preventivo",25%,IF(T71="Detectivo",15%,IF(T71="Correctivo",10%,0%))),IF(V71="Automático",25%,IF(V71="Manual",15%,0%))) -> 0.4 | X71: Documentado | Y71: Continua | Z71: Con registro | AA71: =IF(U71="Probabilidad",(AA70-(AA70*W71)),AA70) -> 0.0864 | AD71: =IF(U71="Impacto",(AD70-(AD70*W71)),AD70) -> 1 | AI71: Realizar capacitación de la dimensión 7 del MIPG, incluida la Gestión de Riesgos desde la perspectiva de Control Interno. | AJ71: Oficina de Control Interno Oficina Asesora de Planeación | AK71: 44278 | AL71: 44296 | AN71: Sin iniciar
U72: =IF(T72=0," ",IF(T72="Correctivo","Impacto","Probabilidad")) | W72: =SUM(IF(T72="Preventivo",25%,IF(T72="Detectivo",15%,IF(T72="Correctivo",10%,0%))),IF(V72="Automático",25%,IF(V72="Manual",15%,0%))) -> 0 | AA72: =IF(U72="Probabilidad",(AA71-(AA71*W72)),AA71) -> 0.0864 | AD72: =IF(U72="Impacto",(AD71-(AD71*W72)),AD71) -> 1 | AN72: Sin iniciar
U73: =IF(T73=0," ",IF(T73="Correctivo","Impacto","Probabilidad")) | W73: =SUM(IF(T73="Preventivo",25%,IF(T73="Detectivo",15%,IF(T73="Correctivo",10%,0%))),IF(V73="Automático",25%,IF(V73="Manual",15%,0%))) -> 0 | AA73: =IF(U73="Probabilidad",(AA72-(AA72*W73)),AA72) -> 0.0864 | AD73: =IF(U73="Impacto",(AD72-(AD72*W73)),AD72) -> 1 | AN73: Sin iniciar

Sheet validación de datos
A3: Etiquetas de fila | B3: Promedio de Numero probabilidad | C3: Promedio de Numero impacto | D3: Promedio de Probabilidad Residual | E3: Promedio de Impacto Residual | H3: Probabilidad | I3: Impacto | J3: P Residual | K3: I Residual
A4: 1 | B4: 1.3333333 | C4: 4.5 | D4: 0 | E4: 3.1666667 | H4: 1 | I4: 5 | J4: 0 | K4: 3 | L4: =IF(H4=B30,"Verdadero", "Falso") -> Verdadero | M4: =IF(I4=C30,"Verdadero", "Falso") -> Verdadero | N4: =IF(J4=D30,"Verdadero", "Falso") -> Verdadero | O4: =IF(K4=E30,"Verdadero", "Falso") -> Verdadero
A5: 3 | B5: 1.3333333 | C5: 4.5 | D5: 0 | E5: 3 | H5: 1 | I5: 5 | J5: 0 | K5: 3 | L5: =IF(H5=B31,"Verdadero", "Falso") -> Verdadero | M5: =IF(I5=C31,"Verdadero", "Falso") -> Verdadero | N5: =IF(J5=D31,"Verdadero", "Falso") -> Verdadero | O5: =IF(K5=E31,"Verdadero", "Falso") -> Verdadero
A6: 4 | B6: 1 | C6: 4.3333333 | D6: -0.33333333 | E6: 2.6666667 | H6: 1 | I6: 4 | J6: 0 | K6: 3 | L6: =IF(H6=B32,"Verdadero", "Falso") -> Verdadero | M6: =IF(I6=C32,"Verdadero", "Falso") -> Verdadero | N6: =IF(J6=D32,"Verdadero", "Falso") -> Verdadero | O6: =IF(K6=E32,"Verdadero", "Falso") -> Verdadero
A7: 6 | B7: 1 | C7: 4.3333333 | D7: 0.33333333 | E7: 2.6666667 | H7: 1 | I7: 4 | J7: 0 | K7: 3 | L7: =IF(H7=B33,"Verdadero", "Falso") -> Verdadero | M7: =IF(I7=C33,"Verdadero", "Falso") -> Verdadero | N7: =IF(J7=D33,"Verdadero", "Falso") -> Verdadero | O7: =IF(K7=E33,"Verdadero", "Falso") -> Verdadero
A8: 7 | B8: 1.3333333 | C8: 4.3333333 | D8: 0.66666667 | E8: 3.3333333 | H8: 1 | I8: 4 | J8: 1 | K8: 3 | L8: =IF(H8=B34,"Verdadero", "Falso") -> Verdadero | M8: =IF(I8=C34,"Verdadero", "Falso") -> Verdadero | N8: =IF(J8=D34,"Verdadero", "Falso") -> Verdadero | O8: =IF(K8=E34,"Verdadero", "Falso") -> Verdadero
A9: 8 | B9: 1.1666667 | C9: 4.3333333 | D9: -0.16666667 | E9: 3.1666667 | H9: 1 | I9: 4 | J9: 0 | K9: 3 | L9: =IF(H9=B35,"Verdadero", "Falso") -> Verdadero | M9: =IF(I9=C35,"Verdadero", "Falso") -> Verdadero | N9: =IF(J9=D35,"Verdadero", "Falso") -> Verdadero | O9: =IF(K9=E35,"Verdadero", "Falso") -> Verdadero
A10: 9 | B10: 1.3333333 | C10: 4.3333333 | D10: 0.66666667 | E10: 2.8333333 | H10: 1 | I10: 4 | J10: 1 | K10: 3 | L10: =IF(H10=B36,"Verdadero", "Falso") -> Verdadero | M10: =IF(I10=C36,"Verdadero", "Falso") -> Verdadero | N10: =IF(J10=D36,"Verdadero", "Falso") -> Verdadero | O10: =IF(K10=E36,"Verdadero", "Falso") -> Verdadero
A11: 10 | B11: 1.5 | C11: 4.3333333 | D11: 0.83333333 | E11: 2.8333333 | H11: 2 | I11: 4 | J11: 1 | K11: 3 | L11: =IF(H11=B37,"Verdadero", "Falso") -> Verdadero | M11: =IF(I11=C37,"Verdadero", "Falso") -> Verdadero | N11: =IF(J11=D37,"Verdadero", "Falso") -> Verdadero | O11: =IF(K11=E37,"Verdadero", "Falso") -> Verdadero
A12: 11 | B12: 1.6666667 | C12: 4.3333333 | D12: 1 | E12: 2.8333333 | H12: 2 | I12: 4 | J12: 1 | K12: 3 | L12: =IF(H12=B38,"Verdadero", "Falso") -> Verdadero | M12: =IF(I12=C38,"Verdadero", "Falso") -> Verdadero | N12: =IF(J12=D38,"Verdadero", "Falso") -> Verdadero | O12: =IF(K12=E38,"Verdadero", "Falso") -> Verdadero
A13: 13 | B13: 1.3333333 | C13: 4 | D13: 0.66666667 | E13: 2.3333333 | H13: 1 | I13: 4 | J13: 1 | K13: 2 | L13: =IF(H13=B39,"Verdadero", "Falso") -> Verdadero | M13: =IF(I13=C39,"Verdadero", "Falso") -> Verdadero | N13: =IF(J13=D39,"Verdadero", "Falso") -> Verdadero | O13: =IF(K13=E39,"Verdadero", "Falso") -> Verdadero
A14: 128 | B14: 1.3333333 | C14: 3.6666667 | D14: 1.3333333 | E14: 3.6666667 | H14: 1 | I14: 4 | J14: 1 | K14: 4 | L14: =IF(H14=B40,"Verdadero", "Falso") -> Verdadero | M14: =IF(I14=C40,"Verdadero", "Falso") -> Verdadero | N14: =IF(J14=D40,"Verdadero", "Falso") -> Verdadero | O14: =IF(K14=E40,"Verdadero", "Falso") -> Verdadero
A15: Total general | B15: 1.3015873 | C15: 4.3015873 | D15: 0.41269841 | E15: 2.9206349
B17: 1.3333333 | C17: 4.5 | D17: 0 | E17: 3.1666667
B18: 1.3333333 | C18: 4.5 | D18: 0 | E18: 3
B19: 1 | C19: 4.3333333 | D19: -0.33333333 | E19: 2.6666667
B20: 1 | C20: 4.3333333 | D20: 0.33333333 | E20: 2.6666667
B21: 1.3333333 | C21: 4.3333333 | D21: 0.66666667 | E21: 3.3333333
B22: 1.1666667 | C22: 4.3333333 | D22: -0.16666667 | E22: 3.1666667
B23: 1.3333333 | C23: 4.3333333 | D23: 0.66666667 | E23: 2.8333333
B24: 1.5 | C24: 4.3333333 | D24: 0.83333333 | E24: 2.8333333
B25: 1.6666667 | C25: 4.3333333 | D25: 1 | E25: 2.8333333
B26: 1.3333333 | C26: 4 | D26: 0.66666667 | E26: 2.3333333
B27: 1.3333333 | C27: 3.6666667 | D27: 1.3333333 | E27: 3.6666667
B30: =ROUND(B17,0) -> 1 | C30: =ROUND(C17,0) -> 5 | D30: =ROUND(D17,0) -> 0 | E30: =ROUND(E17,0) -> 3
B31: =ROUND(B18,0) -> 1 | C31: =ROUND(C18,0) -> 5 | D31: =ROUND(D18,0) -> 0 | E31: =ROUND(E18,0) -> 3
B32: =ROUND(B19,0) -> 1 | C32: =ROUND(C19,0) -> 4 | D32: =ROUND(D19,0) -> 0 | E32: =ROUND(E19,0) -> 3
B33: =ROUND(B20,0) -> 1 | C33: =ROUND(C20,0) -> 4 | D33: =ROUND(D20,0) -> 0 | E33: =ROUND(E20,0) -> 3
B34: =ROUND(B21,0) -> 1 | C34: =ROUND(C21,0) -> 4 | D34: =ROUND(D21,0) -> 1 | E34: =ROUND(E21,0) -> 3
B35: =ROUND(B22,0) -> 1 | C35: =ROUND(C22,0) -> 4 | D35: =ROUND(D22,0) -> 0 | E35: =ROUND(E22,0) -> 3
B36: =ROUND(B23,0) -> 1 | C36: =ROUND(C23,0) -> 4 | D36: =ROUND(D23,0) -> 1 | E36: =ROUND(E23,0) -> 3
B37: =ROUND(B24,0) -> 2 | C37: =ROUND(C24,0) -> 4 | D37: =ROUND(D24,0) -> 1 | E37: =ROUND(E24,0) -> 3
B38: =ROUND(B25,0) -> 2 | C38: =ROUND(C25,0) -> 4 | D38: =ROUND(D25,0) -> 1 | E38: =ROUND(E25,0) -> 3
B39: =ROUND(B26,0) -> 1 | C39: =ROUND(C26,0) -> 4 | D39: =ROUND(D26,0) -> 1 | E39: =ROUND(E26,0) -> 2
B40: =ROUND(B27,0) -> 1 | C40: =ROUND(C27,0) -> 4 | D40: =ROUND(D27,0) -> 1 | E40: =ROUND(E27,0) -> 4
B41: No | C41: Soporte | D41: Responsable | E41: Tiempo de monitoreo | F41: Indicador
B42: 1 | C42: *Base de datos, formato de comunicación individual de funciones, correos. *Carta de aceptacion de código de ética, código de ética, certificación inducción | D42: Gerente de Talento Humano | E42: Según requerimiento Circunstancial | F42: 1
B43: 3 | C43: Compromiso de cumplimiento de código de ética | D43: Gerente de Talento Humano | E43: En el ingreso y toda vez que el funcionario tenga una novedad | F43: 1
B44: 4 | C44: Hojas de vida, compromiso de cumplimiento de código de ética | D44: Gerente de Talento Humano | E44: En el ingreso y toda vez que el funcionario tenga una novedad | F44: 1
B45: 6 | C45: Codigo de Etica | D45: Gerente de Talento Humano | E45: En el ingreso y toda vez que el funcionario tenga una novedad | F45: 1
B46: 7 | C46: Codigo de Etica | D46: Gerente de Talento Humano | E46: En el ingreso y toda vez que el funcionario tenga una novedad | F46: 1
B47: 8 | C47: Codigo de Etica, Comuniacion de Funciones | D47: Gerente de Talento Humano | E47: En el ingreso y toda vez que el funcionario tenga una novedad | F47: 1
B48: 10 | C48: Codigo de Etica | D48: Gerente de Talento Humano | E48: En el ingreso y toda vez que el funcionario tenga una novedad | F48: 1
B49: 13 | C49: Codigo de Etica | D49: Gerente de Talento Humano | E49: En el ingreso y toda vez que el funcionario tenga una novedad | F49: 1
B50: 6 | C50: VALIDACIÓN DE ANTECEDENTES DE LOS OFERENTES TERCERIZACIÓN DEL PROCESO DE VENTA | D50: PROMOTORES | E50: DIARIO | F50: 365/365
B51: 1 | C51: HOJA DE FUNCIONES | D51: GERENCIA Y COORDINACIONES | E51: SEMESTRAL | F51: 2 sobre 2
B52: 3 | C52: control de reuniones | D52: GERENCIA Y COORDINACIONES | E52: NO APLICA | F52: NO APLICA
B53: 4 | C53: DECLARACION DE BIENES Y RENTAS Y FORMATO DE HOJA DE VIDA SAE | D53: GERENCIA Y COORDINACIONES | E53: ANUAL | F53: 1 SOBRE 1
B54: 6 | C54: SEGUIIENTO Y SUPERVISION AL CONTRATO, COMITÉ REGIONAL | D54: GERENCIA Y COORDINACIONES | E54: MENSUAL | F54: 12 sobre 12
B55: 7 | C55: DECLARACION DE BIENES Y RENTAS Y FORMATO DE HOJA DE VIDA SAE | D55: GERENCIA Y COORDINACIONES | E55: ANUAL | F55: 1 SOBRE 1
B56: 8 | C56: FIRMA DE COMPROMISOS DE CUMPLIMIENTO Y HOJA DE VIDA SAE | D56: GERENCIA Y COORDINACIONES | E56: ANUAL | F56: 1 SOBRE 1
B57: 9 | C57: SEGUIMIENTO AL CONTRATO Y PUBLICACION EN TRANSPARENCIA | D57: GERENCIA Y COORDINACION JURIDICA | E57: DEPENDIENDO LA NECESIDAD | F57: NO APLICA
B58: 10 | C58: FIRMA DE COMPROMISOS DE CUMPLIMIENTO Y HOJA DE VIDA SAE | D58: GERENCIA Y COORDINACION JURIDICA | E58: DEPENDIENDO LA NECESIDAD | F58: NO APLICA
B59: 11 | C59: RESTRICCIONES WEB Y ORDENADOR | D59: GERENCIA REGIONAL | E59: NO APLICA | F59: NO APLICA
B60: 13 | C60: DECLARACION DE BIENES Y RENTAS Y FORMATO DE HOJA DE VIDA SAE | D60: GERENCIA Y COORDINACIONES | E60: ANUAL | F60: 1 SOBRE 1
B105: Áreas Responsable de la Ejecución | C105: Estado
B106: Gerencia Comercial
B107: Oficina de Comunicaciones y Atención al Ciudadano
B108: Oficina de Gestión de la Información
B109: Gerencia Sociedades Activas
B110: Gerencia Sociedades En Liquidación
B111: Oficina Asesora de Planeación
B112: Gerencia de Asuntos Legales
B113: Gerencia de Contratos
B114: Gerencia Regional Occidente
B115: Vicepresidencia Jurídica
B116: Administrativa
B117: Gerencia Financiera
... B131: GIT Aseguramiento de la Información

Sheet Homologación - R vs GTC40
B1: Homologación de riesgos GTC 40 - Cuadro de riesgos generales/ Probabilidad
B3: Comparativo de probabilidad
B4: Probabilidad GTC 45 | D4: Cuadro de riesgos
B5: Descripción | C5: Valores | D5: Descripción | E5: Valores
D6: Rara Vez | E6: 1
B7: Bajo (B) | C7: Entre 4 y 2 | D7: Improbable | E7: 2
B8: Medio (M) | C8: Entre 8 y 6 | D8: Posible | E8: 3
B9: Alto (A) | C9: Entre 20 y 10 | D9: Probable | E9: 4
B10: Muy Alto (MA) | C10: Entre 40 y 24 | D10: Casi seguro | E10: 5
B12: Propuesta de homologación seria:
B14: Homologación de probabilidad
B15: Probabilidad GTC 45 | D15: Cuadro de riesgos
B16: Descripción | C16: Valores | D16: Descripción | E16: Valores
B17: Bajo (B) | C17: Entre 1 y 3 | D17: Rara Vez | E17: 1
B18: Bajo (B) | C18: Entre 4 y 7 | D18: Improbable | E18: 2
B19: Medio (M) | C19: Entre 8 y 11 | D19: Posible | E19: 3
B20: Alto (A) | C20: Entre 12 y 20 | D20: Probable | E20: 4
B21: Muy Alto (MA) | C21: Entre 25 y 40 | D21: Casi seguro | E21: 5
C23: Resultados GTC 40
B25: ND | C25: NE | E25: Resultados
B26: 10 | C26: 4 | E26: =$B$28*C26 -> 8 | F26: =$B$27*C26 -> 24 | G26: =$B$26*C26 -> 40
B27: 6 | C27: 3 | E27: =$B$28*C27 -> 6 | F27: =$B$27*C27 -> 18 | G27: =$B$26*C27 -> 30
B28: 2 | C28: 2 | E28: =$B$28*C28 -> 4 | F28: =$B$27*C28 -> 12 | G28: =$B$26*C28 -> 20
B29: 0 | C29: 1 | E29: =$B$28*C29 -> 2 | F29: =$B$27*C29 -> 6 | G29: =$B$26*C29 -> 10
B31: Resultados posibles homologados
B32: Rara Vez | C32: =COUNTIF($E$26:$G$29,"<3") -> 1
B33: Improbable | C33: =COUNTIF($E$26:$G$29,">=4")-COUNTIF($E$26:$G$29,">7") -> 3 | D33: =+C33+C32 -> 4
B34: Posible | C34: =COUNTIF($E$26:$G$29,">=8")-COUNTIF($E$26:$G$29,">11") -> 2 | D34: =+C34 -> 2
B35: Probable | C35: =COUNTIF($E$26:$G$29,">=12")-COUNTIF($E$26:$G$29,">20") -> 3
B36: Casi seguro | C36: =COUNTIF($E$26:$G$29,">20") -> 3
B37: Homologación de riesgos GTC 40 - Cuadro de riesgos generales/ Impacto
B40: Comparativo de impacto
B41: Nivel de consecuencia GTC 45 | D41: Cuadro de riesgos
B42: Descripción | C42: Valores | D42: Descripción | E42: Valores
D43: Insignificante | E43: 1
B44: Motal o Catastrófico (M) | C44: 10 | D44: Menor | E44: 2
B45: Grave (G) | C45: 25 | D45: Moderado | E45: 3
B46: Muy grave (MG) | C46: 60 | D46: Mayor | E46: 4
B47: Mortal o Catastrófico (M) | C47: 100 | D47: Catastrófico | E47: 5
B49: Propuesta de homologación seria:
B51: Comparativo de impacto
B52: Nivel de consecuencia GTC 45 | D52: Cuadro de riesgos
B53: Descripción | C53: Valores | D53: Descripción | E53: Valores
C54: Entre 1 y 10 | D54: Insignificante | E54: 1
B55: Mortal o Catastrófico (M) | C55: Entre 11 y 30 | D55: Menor | E55: 2 | G55: 4
B56: Grave (G) | C56: Entre 31 y 50 | D56: Moderado | E56: 3 | G56: 2
B57: Muy grave (MG) | C57: Entre 51 y 85 | D57: Mayor | E57: 4
B58: Mortal o Catastrófico (M) | C58: Entre 85 y 100 | D58: Catastrófico | E58: 5
